Workbook
Name \0: #REF!
Name \0: #REF!
Name ______________JM1: #REF!
Name ______________JM1: #REF!
Name ______________JM1: #REF!
Name ______________JM2: #REF!
Name ______________JM2: #REF!
Name ______________JM2: #REF!
Name ______________JM3: #REF!
Name ______________JM3: #REF!
Name ______________JM3: #REF!
Name ______________JM4: #REF!
Name ______________JM4: #REF!
Name ______________JM4: #REF!
Name ______________JM5: #REF!
Name ______________JM5: #REF!
Name ______________JM5: #REF!
Name ______________JM6: #REF!
Name ______________JM6: #REF!
Name ______________JM6: #REF!
Name ______________PM1: #REF!
Name ______________PM1: #REF!
Name ______________PM1: #REF!
Name ______________PM2: #REF!
Name ______________PM2: #REF!
Name ______________PM2: #REF!
Name ______________PM3: #REF!
Name ______________PM3: #REF!
Name ______________PM3: #REF!
Name ______________PM4: #REF!
Name ______________PM4: #REF!
Name ______________PM4: #REF!
Name ______________PM5: #REF!
Name ______________PM5: #REF!
Name ______________PM5: #REF!
Name ______________PM6: #REF!
Name ______________PM6: #REF!
Name ______________PM6: #REF!
Name _____________JM1: #REF!
Name _____________JM1: #REF!
Name _____________JM1: #REF!
Name _____________JM2: #REF!
Name _____________JM2: #REF!
Name _____________JM2: #REF!
Name _____________JM3: #REF!
Name _____________JM3: #REF!
Name _____________JM3: #REF!
Name _____________JM4: #REF!
Name _____________JM4: #REF!
Name _____________JM4: #REF!
Name _____________JM5: #REF!
Name _____________JM5: #REF!
Name _____________JM5: #REF!
Name _____________JM6: #REF!
Name _____________JM6: #REF!
Name _____________JM6: #REF!
Name _____________JM7: #REF!
Name _____________JM7: #REF!
Name _____________PM1: #REF!
Name _____________PM1: #REF!

Sheet Resumo
B2: FJ ARQUITETURA / URCA-RJ / PLANILHA ORÇAMENTÁRIA
C4: LITOTECA URCA/RJ | D4: IO: jun/26
C5: ORÇAMENTO SINTÉTICO GLOBAL
C6: REFERÊNCIA: BANCOS DE DADOS INFORMADOS NO RESUMO
C7: CONTRATAÇÃO POR EMPREITADA POR PREÇO GLOBAL
B8: OBRA: | C8: LITOTECA URCA
B9: LOCAL: | C9: URCA - RIO DE JANEIRO - RJ
B10: ITEM | C10: DESCRIÇÃO | D10: TOTAL
B11: 01 | C11: ADMINISTRAÇÃO, CANTEIRO DE OBRAS E LOGÍSTICA | D11: =_xlfn.XLOOKUP(B11,Planilha!C:C,Planilha!M:M) -> 1701213.4
B12: 01.01 | C12: =_xlfn.XLOOKUP(B12,Planilha!C:C,Planilha!F:F) -> ADMINISTRAÇÃO LOCAL DA OBRA | D12: =_xlfn.XLOOKUP(B12,Planilha!C:C,Planilha!M:M) -> 684453
B13: 01.02 | C13: =_xlfn.XLOOKUP(B13,Planilha!C:C,Planilha!F:F) -> IMPLANTAÇÃO E MANUTENÇÃO DO CANTEIRO DE OBRAS | D13: =_xlfn.XLOOKUP(B13,Planilha!C:C,Planilha!M:M) -> 149661.6
B14: 01.03 | C14: =_xlfn.XLOOKUP(B14,Planilha!C:C,Planilha!F:F) -> MÁQUINAS, EQUIPAMENTOS E VEÍCULOS | D14: =_xlfn.XLOOKUP(B14,Planilha!C:C,Planilha!M:M) -> 67217.27
B15: 01.04 | C15: =_xlfn.XLOOKUP(B15,Planilha!C:C,Planilha!F:F) -> DESPESAS GERAIS E DE CONSUMO | D15: =_xlfn.XLOOKUP(B15,Planilha!C:C,Planilha!M:M) -> 31798.8
B16: 01.05 | C16: =_xlfn.XLOOKUP(B16,Planilha!C:C,Planilha!F:F) -> DEMOLIÇÃO | D16: =_xlfn.XLOOKUP(B16,Planilha!C:C,Planilha!M:M) -> 768082.77
B17: 02 | C17: OBRAS EM GERAL | D17: =_xlfn.XLOOKUP(B17,Planilha!C:C,Planilha!M:M) -> 12217396
B18: 02.01 | C18: =_xlfn.XLOOKUP(B18,Planilha!C:C,Planilha!F:F) -> FUNDAÇÕES E ESTRUTURA | D18: =_xlfn.XLOOKUP(B18,Planilha!C:C,Planilha!M:M) -> 5112970.3
B19: 02.02 | C19: =_xlfn.XLOOKUP(B19,Planilha!C:C,Planilha!F:F) -> ARQUITETURA | D19: =_xlfn.XLOOKUP(B19,Planilha!C:C,Planilha!M:M) -> 5117932.2
B20: 02.03 | C20: =_xlfn.XLOOKUP(B20,Planilha!C:C,Planilha!F:F) -> INSTALAÇÕES ELÉTRICAS, LUMINOTÉCNICA E SPDA | D20: =_xlfn.XLOOKUP(B20,Planilha!C:C,Planilha!M:M) -> 1176389.7
B21: 02.04 | C21: =_xlfn.XLOOKUP(B21,Planilha!C:C,Planilha!F:F) -> INSTALAÇÕES HIDRÁULICA - ÁGUAS PLUVIAIS, ÁGUA FRIA, ESGOTO, INCÊNDIO E GASES | D21: =_xlfn.XLOOKUP(B21,Planilha!C:C,Planilha!M:M) -> 343197.1
B22: 02.05 | C22: =_xlfn.XLOOKUP(B22,Planilha!C:C,Planilha!F:F) -> GASES | D22: =_xlfn.XLOOKUP(B22,Planilha!C:C,Planilha!M:M) -> 57866.18
B23: 02.06 | C23: =_xlfn.XLOOKUP(B23,Planilha!C:C,Planilha!F:F) -> AR CONDICIONADO | D23: =_xlfn.XLOOKUP(B23,Planilha!C:C,Planilha!M:M) -> 377810
B24: 02.07 | C24: =_xlfn.XLOOKUP(B24,Planilha!C:C,Planilha!F:F) -> LIMPEZA FINAL DA OBRA E BOTA-FORA | D24: =_xlfn.XLOOKUP(B24,Planilha!C:C,Planilha!M:M) -> 31230
C25: TOTAL PLANILHA (SEM BDI) | D25: =D11+D17 -> 13918609
B27: =BDI!E30/100 -> 0.2742 | C27: BDI: | D27: =D25*B27 -> 3816482.6
C29: TOTAL GERAL + BDI | D29: =+D25+D27 -> 17735092
C33: SINAPI - 05/2026 - Rio de Janeiro
C34: SBC - 06/2026 - Rio de Janeiro
C35: ORSE - 04/2026 - Sergipe
C36: SEDOP - 03/2026 - Pará
C37: SETOP - 04/2026 - Minas Gerais
C38: IOPES - 04/2026 - Espírito Santo
C39: SIURB - 01/2026 - São Paulo
C40: SUDECAP - 04/2026 - Minas Gerais
C41: CPOS/CDHU - 04/2026 - São Paulo
C42: FDE - 04/2026 - São Paulo
C43: AGETOP CIVIL - 04/2026 - Goiás
C44: EMBASA - 06/2025 - Bahia
... C64: SINAPI - 05/2026 - Rio de Janeiro SBC - 06/2026 - Rio de Janeiro ORSE - 04/2026 - Sergipe SEDOP - 03/2026 - Pará SETOP - 04/2026 - Minas Gerais IOPES - 04/2026 - Espírito Santo SIURB - 01/2026 - São Paulo SUDECAP - 04/2026 - Minas Gerais CPOS/CDHU - 04/2026 - São Paulo FDE - 04/2026 - São Paulo AGETOP CIVIL - 04/2026 - Goiás EMBASA - 06/2025 - Bahia EMOP - 05/2026 - Rio de Janeiro SCO - 06/2026 - Rio de Janeiro

Sheet Planilha
C2: FJ ARQUITETURA / URCA-RJ / PLANILHA ORÇAMENTÁRIA
D4: =+Resumo!C4 -> LITOTECA URCA/RJ | M4: IO: jun/26
D5: =+Resumo!C5 -> ORÇAMENTO SINTÉTICO GLOBAL
D6: =+Resumo!C6 -> REFERÊNCIA: BANCOS DE DADOS INFORMADOS NO RESUMO
D7: =+Resumo!C7 -> CONTRATAÇÃO POR EMPREITADA POR PREÇO GLOBAL
C8: OBRA: | D8: =+Resumo!C8 -> LITOTECA URCA
C9: LOCAL: | D9: =+Resumo!C9 -> URCA - RIO DE JANEIRO - RJ
C10: Item | D10: Código | E10: Fonte | F10: Descritivos | G10: Un. | H10: Quant. | I10: Valores unitários | M10: TOTAL | O10: CRONOGRAMA
I11: Mat. | J11: M.O. | K11: Equip. | L11: Totais
M12: R$
C13: 01 | E13: =UPPER(IF($D13=0,"",IF($A13=4,_xlfn.XLOOKUP($D13,Mercado!$C:$C,Mercado!$E:$E),_xlfn.XLOOKUP($D13,Fontes!$B:$B,Fontes!$C:$C)))) | F13: ADMINISTRAÇÃO, CANTEIRO DE OBRAS E LOGÍSTICA | I13: =IF($A13="M",_xlfn.XLOOKUP($D13,Mercado!$C:$C,Mercado!$I:$I),_xlfn.XLOOKUP($D13,Fontes!$B:$B,Fontes!$J:$J)) -> 0 | J13: =IF($A13="M",_xlfn.XLOOKUP($D13,Mercado!$C:$C,Mercado!$J:$J),_xlfn.XLOOKUP($D13,Fontes!$B:$B,Fontes!$H:$H)) -> 0 | K13: =IF($A13="M",0,_xlfn.XLOOKUP($D13,Fontes!$B:$B,Fontes!$I:$I)) -> 0 | L13: =SUM(I13:K13) -> 0 | M13: =SUBTOTAL(9,M14:M60) -> 1701213.4 | O13: =IF(D13<>0,M13,"")
C14: 01.01 | E14: =UPPER(IF($D14=0,"",IF($A14=4,_xlfn.XLOOKUP($D14,Mercado!$C:$C,Mercado!$E:$E),_xlfn.XLOOKUP($D14,Fontes!$B:$B,Fontes!$C:$C)))) | F14: ADMINISTRAÇÃO LOCAL DA OBRA | I14: =IF($A14="M",_xlfn.XLOOKUP($D14,Mercado!$C:$C,Mercado!$I:$I),_xlfn.XLOOKUP($D14,Fontes!$B:$B,Fontes!$J:$J)) -> 0 | J14: =IF($A14="M",_xlfn.XLOOKUP($D14,Mercado!$C:$C,Mercado!$J:$J),_xlfn.XLOOKUP($D14,Fontes!$B:$B,Fontes!$H:$H)) -> 0 | K14: =IF($A14="M",0,_xlfn.XLOOKUP($D14,Fontes!$B:$B,Fontes!$I:$I)) -> 0 | L14: =SUM(I14:K14) -> 0 | M14: =SUBTOTAL(9,M15:M24) -> 684453 | O14: =IF(D14<>0,M14,"")
C15: 01.01.01 | D15: 93567 | E15: =UPPER(IF($D15=0,"",IF($A15=4,_xlfn.XLOOKUP($D15,Mercado!$C:$C,Mercado!$E:$E),_xlfn.XLOOKUP($D15,Fontes!$B:$B,Fontes!$C:$C)))) -> SINAPI | F15: ENGENHEIRO CIVIL DE OBRA PLENO COM ENCARGOS COMPLEMENTARES | G15: =UPPER(IF($D15=0,"",IF($A15=4,_xlfn.XLOOKUP($D15,Mercado!$C:$C,Mercado!$G:$G),_xlfn.XLOOKUP($D15,Fontes!$B:$B,Fontes!$E:$E)))) -> MES | H15: 8 | I15: =IF($A15="M",_xlfn.XLOOKUP($D15,Mercado!$C:$C,Mercado!$I:$I),_xlfn.XLOOKUP($D15,Fontes!$B:$B,Fontes!$J:$J)) -> 1034.48 | J15: =IF($A15="M",_xlfn.XLOOKUP($D15,Mercado!$C:$C,Mercado!$J:$J),_xlfn.XLOOKUP($D15,Fontes!$B:$B,Fontes!$H:$H)) -> 27549.86 | K15: =IF($A15="M",0,_xlfn.XLOOKUP($D15,Fontes!$B:$B,Fontes!$I:$I)) -> 184.85 | L15: =SUM(I15:K15) -> 28769.19 | M15: =ROUND(H15*L15,2) -> 230153.52 | O15: =IF(D15<>0,M15,"") -> 230153.52
C16: 01.01.02 | D16: 100534 | E16: =UPPER(IF($D16=0,"",IF($A16=4,_xlfn.XLOOKUP($D16,Mercado!$C:$C,Mercado!$E:$E),_xlfn.XLOOKUP($D16,Fontes!$B:$B,Fontes!$C:$C)))) -> SINAPI | F16: TECNICO DE EDIFICACOES COM ENCARGOS COMPLEMENTARES | G16: =UPPER(IF($D16=0,"",IF($A16=4,_xlfn.XLOOKUP($D16,Mercado!$C:$C,Mercado!$G:$G),_xlfn.XLOOKUP($D16,Fontes!$B:$B,Fontes!$E:$E)))) -> MES | H16: 8 | I16: =IF($A16="M",_xlfn.XLOOKUP($D16,Mercado!$C:$C,Mercado!$I:$I),_xlfn.XLOOKUP($D16,Fontes!$B:$B,Fontes!$J:$J)) -> 1323.98 | J16: =IF($A16="M",_xlfn.XLOOKUP($D16,Mercado!$C:$C,Mercado!$J:$J),_xlfn.XLOOKUP($D16,Fontes!$B:$B,Fontes!$H:$H)) -> 3984.31 | K16: =IF($A16="M",0,_xlfn.XLOOKUP($D16,Fontes!$B:$B,Fontes!$I:$I)) -> 156.47 | L16: =SUM(I16:K16) -> 5464.76 | M16: =ROUND(H16*L16,2) -> 43718.08 | O16: =IF(D16<>0,M16,"") -> 43718.08
C17: 01.01.03 | D17: 94295 | E17: =UPPER(IF($D17=0,"",IF($A17=4,_xlfn.XLOOKUP($D17,Mercado!$C:$C,Mercado!$E:$E),_xlfn.XLOOKUP($D17,Fontes!$B:$B,Fontes!$C:$C)))) -> SINAPI | F17: MESTRE DE OBRAS COM ENCARGOS COMPLEMENTARES | G17: =UPPER(IF($D17=0,"",IF($A17=4,_xlfn.XLOOKUP($D17,Mercado!$C:$C,Mercado!$G:$G),_xlfn.XLOOKUP($D17,Fontes!$B:$B,Fontes!$E:$E)))) -> MES | H17: 8 | I17: =IF($A17="M",_xlfn.XLOOKUP($D17,Mercado!$C:$C,Mercado!$I:$I),_xlfn.XLOOKUP($D17,Fontes!$B:$B,Fontes!$J:$J)) -> 1323.98 | J17: =IF($A17="M",_xlfn.XLOOKUP($D17,Mercado!$C:$C,Mercado!$J:$J),_xlfn.XLOOKUP($D17,Fontes!$B:$B,Fontes!$H:$H)) -> 12031.26 | K17: =IF($A17="M",0,_xlfn.XLOOKUP($D17,Fontes!$B:$B,Fontes!$I:$I)) -> 270.05 | L17: =SUM(I17:K17) -> 13625.29 | M17: =ROUND(H17*L17,2) -> 109002.32 | O17: =IF(D17<>0,M17,"") -> 109002.32
C18: 01.01.04 | D18: 100309 | E18: =UPPER(IF($D18=0,"",IF($A18=4,_xlfn.XLOOKUP($D18,Mercado!$C:$C,Mercado!$E:$E),_xlfn.XLOOKUP($D18,Fontes!$B:$B,Fontes!$C:$C)))) -> SINAPI | F18: TÉCNICO EM SEGURANÇA DO TRABALHO COM ENCARGOS COMPLEMENTARES | G18: =UPPER(IF($D18=0,"",IF($A18=4,_xlfn.XLOOKUP($D18,Mercado!$C:$C,Mercado!$G:$G),_xlfn.XLOOKUP($D18,Fontes!$B:$B,Fontes!$E:$E)))) -> H | H18: =8*220 -> 1760 | I18: =IF($A18="M",_xlfn.XLOOKUP($D18,Mercado!$C:$C,Mercado!$I:$I),_xlfn.XLOOKUP($D18,Fontes!$B:$B,Fontes!$J:$J)) -> 7.86 | J18: =IF($A18="M",_xlfn.XLOOKUP($D18,Mercado!$C:$C,Mercado!$J:$J),_xlfn.XLOOKUP($D18,Fontes!$B:$B,Fontes!$H:$H)) -> 48.64 | K18: =IF($A18="M",0,_xlfn.XLOOKUP($D18,Fontes!$B:$B,Fontes!$I:$I)) -> 0.92 | L18: =SUM(I18:K18) -> 57.42 | M18: =ROUND(H18*L18,2) -> 101059.2 | O18: =IF(D18<>0,M18,"") -> 101059.2
C19: 01.01.05 | D19: 05.105.0187-0 | E19: =UPPER(IF($D19=0,"",IF($A19=4,_xlfn.XLOOKUP($D19,Mercado!$C:$C,Mercado!$E:$E),_xlfn.XLOOKUP($D19,Fontes!$B:$B,Fontes!$C:$C)))) -> EMOP | F19: MAO-DE-OBRA DE COMPRADOR,INCLUSIVE ENCARGOS SOCIAIS | G19: =UPPER(IF($D19=0,"",IF($A19=4,_xlfn.XLOOKUP($D19,Mercado!$C:$C,Mercado!$G:$G),_xlfn.XLOOKUP($D19,Fontes!$B:$B,Fontes!$E:$E)))) -> MES | H19: 8 | I19: =IF($A19="M",_xlfn.XLOOKUP($D19,Mercado!$C:$C,Mercado!$I:$I),_xlfn.XLOOKUP($D19,Fontes!$B:$B,Fontes!$J:$J)) -> 0 | J19: =IF($A19="M",_xlfn.XLOOKUP($D19,Mercado!$C:$C,Mercado!$J:$J),_xlfn.XLOOKUP($D19,Fontes!$B:$B,Fontes!$H:$H)) -> 5836.16 | K19: =IF($A19="M",0,_xlfn.XLOOKUP($D19,Fontes!$B:$B,Fontes!$I:$I)) -> 0 | L19: =SUM(I19:K19) -> 5836.16 | M19: =ROUND(H19*L19,2) -> 46689.28 | O19: =IF(D19<>0,M19,"") -> 46689.28
C20: 01.01.06 | D20: 93563 | E20: =UPPER(IF($D20=0,"",IF($A20=4,_xlfn.XLOOKUP($D20,Mercado!$C:$C,Mercado!$E:$E),_xlfn.XLOOKUP($D20,Fontes!$B:$B,Fontes!$C:$C)))) -> SINAPI | F20: ALMOXARIFE COM ENCARGOS COMPLEMENTARES | G20: =UPPER(IF($D20=0,"",IF($A20=4,_xlfn.XLOOKUP($D20,Mercado!$C:$C,Mercado!$G:$G),_xlfn.XLOOKUP($D20,Fontes!$B:$B,Fontes!$E:$E)))) -> MES | H20: 8 | I20: =IF($A20="M",_xlfn.XLOOKUP($D20,Mercado!$C:$C,Mercado!$I:$I),_xlfn.XLOOKUP($D20,Fontes!$B:$B,Fontes!$J:$J)) -> 1323.98 | J20: =IF($A20="M",_xlfn.XLOOKUP($D20,Mercado!$C:$C,Mercado!$J:$J),_xlfn.XLOOKUP($D20,Fontes!$B:$B,Fontes!$H:$H)) -> 6169.85 | K20: =IF($A20="M",0,_xlfn.XLOOKUP($D20,Fontes!$B:$B,Fontes!$I:$I)) -> 156.47 | L20: =SUM(I20:K20) -> 7650.3 | M20: =ROUND(H20*L20,2) -> 61202.4 | O20: =IF(D20<>0,M20,"") -> 61202.4
C21: 01.01.07 | D21: 100289 | E21: =UPPER(IF($D21=0,"",IF($A21=4,_xlfn.XLOOKUP($D21,Mercado!$C:$C,Mercado!$E:$E),_xlfn.XLOOKUP($D21,Fontes!$B:$B,Fontes!$C:$C)))) -> SINAPI | F21: VIGIA DIURNO COM ENCARGOS COMPLEMENTARES | G21: =UPPER(IF($D21=0,"",IF($A21=4,_xlfn.XLOOKUP($D21,Mercado!$C:$C,Mercado!$G:$G),_xlfn.XLOOKUP($D21,Fontes!$B:$B,Fontes!$E:$E)))) -> H | H21: =1*220*8 -> 1760 | I21: =IF($A21="M",_xlfn.XLOOKUP($D21,Mercado!$C:$C,Mercado!$I:$I),_xlfn.XLOOKUP($D21,Fontes!$B:$B,Fontes!$J:$J)) -> 7.86 | J21: =IF($A21="M",_xlfn.XLOOKUP($D21,Mercado!$C:$C,Mercado!$J:$J),_xlfn.XLOOKUP($D21,Fontes!$B:$B,Fontes!$H:$H)) -> 24.9 | K21: =IF($A21="M",0,_xlfn.XLOOKUP($D21,Fontes!$B:$B,Fontes!$I:$I)) -> 2.35 | L21: =SUM(I21:K21) -> 35.11 | M21: =ROUND(H21*L21,2) -> 61793.6 | O21: =IF(D21<>0,M21,"") -> 61793.6
C22: 01.01.08 | D22: 94296 | E22: =UPPER(IF($D22=0,"",IF($A22=4,_xlfn.XLOOKUP($D22,Mercado!$C:$C,Mercado!$E:$E),_xlfn.XLOOKUP($D22,Fontes!$B:$B,Fontes!$C:$C)))) -> SINAPI | F22: TOPOGRAFO COM ENCARGOS COMPLEMENTARES | G22: =UPPER(IF($D22=0,"",IF($A22=4,_xlfn.XLOOKUP($D22,Mercado!$C:$C,Mercado!$G:$G),_xlfn.XLOOKUP($D22,Fontes!$B:$B,Fontes!$E:$E)))) -> MES | H22: 3 | I22: =IF($A22="M",_xlfn.XLOOKUP($D22,Mercado!$C:$C,Mercado!$I:$I),_xlfn.XLOOKUP($D22,Fontes!$B:$B,Fontes!$J:$J)) -> 1323.98 | J22: =IF($A22="M",_xlfn.XLOOKUP($D22,Mercado!$C:$C,Mercado!$J:$J),_xlfn.XLOOKUP($D22,Fontes!$B:$B,Fontes!$H:$H)) -> 5042.63 | K22: =IF($A22="M",0,_xlfn.XLOOKUP($D22,Fontes!$B:$B,Fontes!$I:$I)) -> 159.14 | L22: =SUM(I22:K22) -> 6525.75 | M22: =ROUND(H22*L22,2) -> 19577.25 | O22: =IF(D22<>0,M22,"") -> 19577.25
C23: 01.01.09 | D23: 101389 | E23: =UPPER(IF($D23=0,"",IF($A23=4,_xlfn.XLOOKUP($D23,Mercado!$C:$C,Mercado!$E:$E),_xlfn.XLOOKUP($D23,Fontes!$B:$B,Fontes!$C:$C)))) -> SINAPI | F23: AUXILIAR DE TOPÓGRAFO COM ENCARGOS COMPLEMENTARES | G23: =UPPER(IF($D23=0,"",IF($A23=4,_xlfn.XLOOKUP($D23,Mercado!$C:$C,Mercado!$G:$G),_xlfn.XLOOKUP($D23,Fontes!$B:$B,Fontes!$E:$E)))) -> MES | H23: 3 | I23: =IF($A23="M",_xlfn.XLOOKUP($D23,Mercado!$C:$C,Mercado!$I:$I),_xlfn.XLOOKUP($D23,Fontes!$B:$B,Fontes!$J:$J)) -> 1323.98 | J23: =IF($A23="M",_xlfn.XLOOKUP($D23,Mercado!$C:$C,Mercado!$J:$J),_xlfn.XLOOKUP($D23,Fontes!$B:$B,Fontes!$H:$H)) -> 2269.33 | K23: =IF($A23="M",0,_xlfn.XLOOKUP($D23,Fontes!$B:$B,Fontes!$I:$I)) -> 159.14 | L23: =SUM(I23:K23) -> 3752.45 | M23: =ROUND(H23*L23,2) -> 11257.35 | O23: =IF(D23<>0,M23,"") -> 11257.35
E24: =UPPER(IF($D24=0,"",IF($A24=4,_xlfn.XLOOKUP($D24,Mercado!$C:$C,Mercado!$E:$E),_xlfn.XLOOKUP($D24,Fontes!$B:$B,Fontes!$C:$C)))) | I24: =IF($A24="M",_xlfn.XLOOKUP($D24,Mercado!$C:$C,Mercado!$I:$I),_xlfn.XLOOKUP($D24,Fontes!$B:$B,Fontes!$J:$J)) -> 0 | J24: =IF($A24="M",_xlfn.XLOOKUP($D24,Mercado!$C:$C,Mercado!$J:$J),_xlfn.XLOOKUP($D24,Fontes!$B:$B,Fontes!$H:$H)) -> 0 | K24: =IF($A24="M",0,_xlfn.XLOOKUP($D24,Fontes!$B:$B,Fontes!$I:$I)) -> 0 | L24: =SUM(I24:K24) -> 0 | M24: =ROUND(H24*L24,2) -> 0 | O24: =IF(D24<>0,M24,"")
C25: 01.02 | E25: =UPPER(IF($D25=0,"",IF($A25=4,_xlfn.XLOOKUP($D25,Mercado!$C:$C,Mercado!$E:$E),_xlfn.XLOOKUP($D25,Fontes!$B:$B,Fontes!$C:$C)))) | F25: IMPLANTAÇÃO E MANUTENÇÃO DO CANTEIRO DE OBRAS | I25: =IF($A25="M",_xlfn.XLOOKUP($D25,Mercado!$C:$C,Mercado!$I:$I),_xlfn.XLOOKUP($D25,Fontes!$B:$B,Fontes!$J:$J)) -> 0 | J25: =IF($A25="M",_xlfn.XLOOKUP($D25,Mercado!$C:$C,Mercado!$J:$J),_xlfn.XLOOKUP($D25,Fontes!$B:$B,Fontes!$H:$H)) -> 0 | K25: =IF($A25="M",0,_xlfn.XLOOKUP($D25,Fontes!$B:$B,Fontes!$I:$I)) -> 0 | L25: =SUM(I25:K25) -> 0 | M25: =SUBTOTAL(9,M26:M38) -> 149661.6 | O25: =IF(D25<>0,M25,"")
C26: 01.02.01 | D26: 12689 | E26: =UPPER(IF($D26=0,"",IF($A26=4,_xlfn.XLOOKUP($D26,Mercado!$C:$C,Mercado!$E:$E),_xlfn.XLOOKUP($D26,Fontes!$B:$B,Fontes!$C:$C)))) -> SBC | F26: MOBILIZACAO E DESMOBILIZACAO DE CANTEIRO | G26: =UPPER(IF($D26=0,"",IF($A26=4,_xlfn.XLOOKUP($D26,Mercado!$C:$C,Mercado!$G:$G),_xlfn.XLOOKUP($D26,Fontes!$B:$B,Fontes!$E:$E)))) -> UN | H26: 1 | I26: =IF($A26="M",_xlfn.XLOOKUP($D26,Mercado!$C:$C,Mercado!$I:$I),_xlfn.XLOOKUP($D26,Fontes!$B:$B,Fontes!$J:$J)) -> 0 | J26: =IF($A26="M",_xlfn.XLOOKUP($D26,Mercado!$C:$C,Mercado!$J:$J),_xlfn.XLOOKUP($D26,Fontes!$B:$B,Fontes!$H:$H)) -> 6583.72 | K26: =IF($A26="M",0,_xlfn.XLOOKUP($D26,Fontes!$B:$B,Fontes!$I:$I)) -> 0 | L26: =SUM(I26:K26) -> 6583.72 | M26: =ROUND(H26*L26,2) -> 6583.72 | O26: =IF(D26<>0,M26,"") -> 6583.72
C27: 01.02.02 | D27: 12031 | E27: =UPPER(IF($D27=0,"",IF($A27=4,_xlfn.XLOOKUP($D27,Mercado!$C:$C,Mercado!$E:$E),_xlfn.XLOOKUP($D27,Fontes!$B:$B,Fontes!$C:$C)))) -> SBC | F27: INSTALACAO PROVISORIA DE AGUA/LUZ/FORCA/ESGOTOS | G27: =UPPER(IF($D27=0,"",IF($A27=4,_xlfn.XLOOKUP($D27,Mercado!$C:$C,Mercado!$G:$G),_xlfn.XLOOKUP($D27,Fontes!$B:$B,Fontes!$E:$E)))) -> UN | H27: 1 | I27: =IF($A27="M",_xlfn.XLOOKUP($D27,Mercado!$C:$C,Mercado!$I:$I),_xlfn.XLOOKUP($D27,Fontes!$B:$B,Fontes!$J:$J)) -> 7511.87 | J27: =IF($A27="M",_xlfn.XLOOKUP($D27,Mercado!$C:$C,Mercado!$J:$J),_xlfn.XLOOKUP($D27,Fontes!$B:$B,Fontes!$H:$H)) -> 2369.23 | K27: =IF($A27="M",0,_xlfn.XLOOKUP($D27,Fontes!$B:$B,Fontes!$I:$I)) -> 0 | L27: =SUM(I27:K27) -> 9881.1 | M27: =ROUND(H27*L27,2) -> 9881.1 | O27: =IF(D27<>0,M27,"") -> 9881.1
C28: 01.02.03 | D28: 02.02.130 | E28: =UPPER(IF($D28=0,"",IF($A28=4,_xlfn.XLOOKUP($D28,Mercado!$C:$C,Mercado!$E:$E),_xlfn.XLOOKUP($D28,Fontes!$B:$B,Fontes!$C:$C)))) -> CPOS/CDHU | F28: LOCAÇÃO DE CONTAINER TIPO ESCRITÓRIO COM 1 VASO SANITÁRIO, 1 LAVATÓRIO E 1 PONTO PARA CHUVEIRO - ÁREA MÍNIMA DE 13,80 M² | G28: =UPPER(IF($D28=0,"",IF($A28=4,_xlfn.XLOOKUP($D28,Mercado!$C:$C,Mercado!$G:$G),_xlfn.XLOOKUP($D28,Fontes!$B:$B,Fontes!$E:$E)))) -> UNMES | H28: 8 | I28: =IF($A28="M",_xlfn.XLOOKUP($D28,Mercado!$C:$C,Mercado!$I:$I),_xlfn.XLOOKUP($D28,Fontes!$B:$B,Fontes!$J:$J)) -> 1433.13 | J28: =IF($A28="M",_xlfn.XLOOKUP($D28,Mercado!$C:$C,Mercado!$J:$J),_xlfn.XLOOKUP($D28,Fontes!$B:$B,Fontes!$H:$H)) -> 155.52 | K28: =IF($A28="M",0,_xlfn.XLOOKUP($D28,Fontes!$B:$B,Fontes!$I:$I)) -> 0 | L28: =SUM(I28:K28) -> 1588.65 | M28: =ROUND(H28*L28,2) -> 12709.2 | O28: =IF(D28<>0,M28,"") -> 12709.2
C29: 01.02.04 | D29: 02.02.140 | E29: =UPPER(IF($D29=0,"",IF($A29=4,_xlfn.XLOOKUP($D29,Mercado!$C:$C,Mercado!$E:$E),_xlfn.XLOOKUP($D29,Fontes!$B:$B,Fontes!$C:$C)))) -> CPOS/CDHU | F29: LOCAÇÃO DE CONTAINER TIPO SANITÁRIO COM 2 VASOS SANITÁRIOS, 2 LAVATÓRIOS, 2 MICTÓRIOS E 4 PONTOS PARA CHUVEIRO - ÁREA MÍNIMA DE 13,80 M² | G29: =UPPER(IF($D29=0,"",IF($A29=4,_xlfn.XLOOKUP($D29,Mercado!$C:$C,Mercado!$G:$G),_xlfn.XLOOKUP($D29,Fontes!$B:$B,Fontes!$E:$E)))) -> UNMES | H29: 8 | I29: =IF($A29="M",_xlfn.XLOOKUP($D29,Mercado!$C:$C,Mercado!$I:$I),_xlfn.XLOOKUP($D29,Fontes!$B:$B,Fontes!$J:$J)) -> 1376.52 | J29: =IF($A29="M",_xlfn.XLOOKUP($D29,Mercado!$C:$C,Mercado!$J:$J),_xlfn.XLOOKUP($D29,Fontes!$B:$B,Fontes!$H:$H)) -> 155.52 | K29: =IF($A29="M",0,_xlfn.XLOOKUP($D29,Fontes!$B:$B,Fontes!$I:$I)) -> 0 | L29: =SUM(I29:K29) -> 1532.04 | M29: =ROUND(H29*L29,2) -> 12256.32 | O29: =IF(D29<>0,M29,"") -> 12256.32
C30: 01.02.05 | D30: ED-16355 | E30: =UPPER(IF($D30=0,"",IF($A30=4,_xlfn.XLOOKUP($D30,Mercado!$C:$C,Mercado!$E:$E),_xlfn.XLOOKUP($D30,Fontes!$B:$B,Fontes!$C:$C)))) -> SETOP | F30: LOCAÇÃO DE CONTAINER COM ISOLAMENTO TÉRMICO, TIPO 8, PARA VESTIÁRIO DE OBRA COM OITO (8) BANCOS E CINCO (5) ARMÁRIOS, COM MEDIDAS REFERENCIAIS DE (6) METROS COMPRIMENTO, (2,3) METROS LARGURA E (2,5) METROS ALTURA ÚTIL INTERNA, INCLUSIVE LIGAÇÕES ELÉTRICAS INTERNAS, EXCLUSIVE MOBILIZAÇÃO/DESMOBILIZAÇÃO E LIGAÇÕES PROVISÓRIAS EXTERNAS | G30: =UPPER(IF($D30=0,"",IF($A30=4,_xlfn.XLOOKUP($D30,Mercado!$C:$C,Mercado!$G:$G),_xlfn.XLOOKUP($D30,Fontes!$B:$B,Fontes!$E:$E)))) -> MÊS | H30: 8 | I30: =IF($A30="M",_xlfn.XLOOKUP($D30,Mercado!$C:$C,Mercado!$I:$I),_xlfn.XLOOKUP($D30,Fontes!$B:$B,Fontes!$J:$J)) -> 964.37 | J30: =IF($A30="M",_xlfn.XLOOKUP($D30,Mercado!$C:$C,Mercado!$J:$J),_xlfn.XLOOKUP($D30,Fontes!$B:$B,Fontes!$H:$H)) -> 0.77 | K30: =IF($A30="M",0,_xlfn.XLOOKUP($D30,Fontes!$B:$B,Fontes!$I:$I)) -> 0 | L30: =SUM(I30:K30) -> 965.14 | M30: =ROUND(H30*L30,2) -> 7721.12 | O30: =IF(D30<>0,M30,"") -> 7721.12
C31: 01.02.06 | D31: 02.02.150 | E31: =UPPER(IF($D31=0,"",IF($A31=4,_xlfn.XLOOKUP($D31,Mercado!$C:$C,Mercado!$E:$E),_xlfn.XLOOKUP($D31,Fontes!$B:$B,Fontes!$C:$C)))) -> CPOS/CDHU | F31: LOCAÇÃO DE CONTAINER TIPO DEPÓSITO - ÁREA MÍNIMA DE 13,80 M² | G31: =UPPER(IF($D31=0,"",IF($A31=4,_xlfn.XLOOKUP($D31,Mercado!$C:$C,Mercado!$G:$G),_xlfn.XLOOKUP($D31,Fontes!$B:$B,Fontes!$E:$E)))) -> UNMES | H31: 8 | I31: =IF($A31="M",_xlfn.XLOOKUP($D31,Mercado!$C:$C,Mercado!$I:$I),_xlfn.XLOOKUP($D31,Fontes!$B:$B,Fontes!$J:$J)) -> 906.76 | J31: =IF($A31="M",_xlfn.XLOOKUP($D31,Mercado!$C:$C,Mercado!$J:$J),_xlfn.XLOOKUP($D31,Fontes!$B:$B,Fontes!$H:$H)) -> 92.75 | K31: =IF($A31="M",0,_xlfn.XLOOKUP($D31,Fontes!$B:$B,Fontes!$I:$I)) -> 0 | L31: =SUM(I31:K31) -> 999.51 | M31: =ROUND(H31*L31,2) -> 7996.08 | O31: =IF(D31<>0,M31,"") -> 7996.08
C32: 01.02.07 | D32: 02.03.110 | E32: =UPPER(IF($D32=0,"",IF($A32=4,_xlfn.XLOOKUP($D32,Mercado!$C:$C,Mercado!$E:$E),_xlfn.XLOOKUP($D32,Fontes!$B:$B,Fontes!$C:$C)))) -> CPOS/CDHU | F32: TAPUME MÓVEL PARA FECHAMENTO DE ÁREAS | G32: =UPPER(IF($D32=0,"",IF($A32=4,_xlfn.XLOOKUP($D32,Mercado!$C:$C,Mercado!$G:$G),_xlfn.XLOOKUP($D32,Fontes!$B:$B,Fontes!$E:$E)))) -> M² | H32: 40 | I32: =IF($A32="M",_xlfn.XLOOKUP($D32,Mercado!$C:$C,Mercado!$I:$I),_xlfn.XLOOKUP($D32,Fontes!$B:$B,Fontes!$J:$J)) -> 48.89 | J32: =IF($A32="M",_xlfn.XLOOKUP($D32,Mercado!$C:$C,Mercado!$J:$J),_xlfn.XLOOKUP($D32,Fontes!$B:$B,Fontes!$H:$H)) -> 60.57 | K32: =IF($A32="M",0,_xlfn.XLOOKUP($D32,Fontes!$B:$B,Fontes!$I:$I)) -> 0 | L32: =SUM(I32:K32) -> 109.46 | M32: =ROUND(H32*L32,2) -> 4378.4 | O32: =IF(D32<>0,M32,"") -> 4378.4
C33: 01.02.08 | D33: 98459 | E33: =UPPER(IF($D33=0,"",IF($A33=4,_xlfn.XLOOKUP($D33,Mercado!$C:$C,Mercado!$E:$E),_xlfn.XLOOKUP($D33,Fontes!$B:$B,Fontes!$C:$C)))) -> SINAPI | F33: TAPUME COM TELHA METÁLICA. AF_05/2018 | G33: =UPPER(IF($D33=0,"",IF($A33=4,_xlfn.XLOOKUP($D33,Mercado!$C:$C,Mercado!$G:$G),_xlfn.XLOOKUP($D33,Fontes!$B:$B,Fontes!$E:$E)))) -> M² | H33: 350 | I33: =IF($A33="M",_xlfn.XLOOKUP($D33,Mercado!$C:$C,Mercado!$I:$I),_xlfn.XLOOKUP($D33,Fontes!$B:$B,Fontes!$J:$J)) -> 61.99 | J33: =IF($A33="M",_xlfn.XLOOKUP($D33,Mercado!$C:$C,Mercado!$J:$J),_xlfn.XLOOKUP($D33,Fontes!$B:$B,Fontes!$H:$H)) -> 37.32 | K33: =IF($A33="M",0,_xlfn.XLOOKUP($D33,Fontes!$B:$B,Fontes!$I:$I)) -> 2.53 | L33: =SUM(I33:K33) -> 101.84 | M33: =ROUND(H33*L33,2) -> 35644 | O33: =IF(D33<>0,M33,"") -> 35644
C34: 01.02.09 | D34: 93582 | E34: =UPPER(IF($D34=0,"",IF($A34=4,_xlfn.XLOOKUP($D34,Mercado!$C:$C,Mercado!$E:$E),_xlfn.XLOOKUP($D34,Fontes!$B:$B,Fontes!$C:$C)))) -> SINAPI | F34: EXECUÇÃO DE CENTRAL DE ARMADURA EM CANTEIRO DE OBRA, NÃO INCLUSO MOBILIÁRIO E EQUIPAMENTOS. AF_04/2016 | G34: =UPPER(IF($D34=0,"",IF($A34=4,_xlfn.XLOOKUP($D34,Mercado!$C:$C,Mercado!$G:$G),_xlfn.XLOOKUP($D34,Fontes!$B:$B,Fontes!$E:$E)))) -> M² | H34: 50 | I34: =IF($A34="M",_xlfn.XLOOKUP($D34,Mercado!$C:$C,Mercado!$I:$I),_xlfn.XLOOKUP($D34,Fontes!$B:$B,Fontes!$J:$J)) -> 243.47 | J34: =IF($A34="M",_xlfn.XLOOKUP($D34,Mercado!$C:$C,Mercado!$J:$J),_xlfn.XLOOKUP($D34,Fontes!$B:$B,Fontes!$H:$H)) -> 88.85 | K34: =IF($A34="M",0,_xlfn.XLOOKUP($D34,Fontes!$B:$B,Fontes!$I:$I)) -> 7.11 | L34: =SUM(I34:K34) -> 339.43 | M34: =ROUND(H34*L34,2) -> 16971.5 | O34: =IF(D34<>0,M34,"") -> 16971.5
C35: 01.02.10 | D35: 93583 | E35: =UPPER(IF($D35=0,"",IF($A35=4,_xlfn.XLOOKUP($D35,Mercado!$C:$C,Mercado!$E:$E),_xlfn.XLOOKUP($D35,Fontes!$B:$B,Fontes!$C:$C)))) -> SINAPI | F35: EXECUÇÃO DE CENTRAL DE FÔRMAS, PRODUÇÃO DE ARGAMASSA OU CONCRETO EM CANTEIRO DE OBRA, NÃO INCLUSO MOBILIÁRIO E EQUIPAMENTOS. AF_04/2016 | G35: =UPPER(IF($D35=0,"",IF($A35=4,_xlfn.XLOOKUP($D35,Mercado!$C:$C,Mercado!$G:$G),_xlfn.XLOOKUP($D35,Fontes!$B:$B,Fontes!$E:$E)))) -> M² | H35: 50 | I35: =IF($A35="M",_xlfn.XLOOKUP($D35,Mercado!$C:$C,Mercado!$I:$I),_xlfn.XLOOKUP($D35,Fontes!$B:$B,Fontes!$J:$J)) -> 417.49 | J35: =IF($A35="M",_xlfn.XLOOKUP($D35,Mercado!$C:$C,Mercado!$J:$J),_xlfn.XLOOKUP($D35,Fontes!$B:$B,Fontes!$H:$H)) -> 146.9 | K35: =IF($A35="M",0,_xlfn.XLOOKUP($D35,Fontes!$B:$B,Fontes!$I:$I)) -> 12.05 | L35: =SUM(I35:K35) -> 576.44 | M35: =ROUND(H35*L35,2) -> 28822 | O35: =IF(D35<>0,M35,"") -> 28822
C36: 01.02.11 | D36: 12710 | E36: =UPPER(IF($D36=0,"",IF($A36=4,_xlfn.XLOOKUP($D36,Mercado!$C:$C,Mercado!$E:$E),_xlfn.XLOOKUP($D36,Fontes!$B:$B,Fontes!$C:$C)))) -> SBC | F36: DESPESAS GERAIS DE MANUTENCAO CANTEIRO DE OBRAS | G36: =UPPER(IF($D36=0,"",IF($A36=4,_xlfn.XLOOKUP($D36,Mercado!$C:$C,Mercado!$G:$G),_xlfn.XLOOKUP($D36,Fontes!$B:$B,Fontes!$E:$E)))) -> MES | H36: 4 | I36: =IF($A36="M",_xlfn.XLOOKUP($D36,Mercado!$C:$C,Mercado!$I:$I),_xlfn.XLOOKUP($D36,Fontes!$B:$B,Fontes!$J:$J)) -> 1308.24 | J36: =IF($A36="M",_xlfn.XLOOKUP($D36,Mercado!$C:$C,Mercado!$J:$J),_xlfn.XLOOKUP($D36,Fontes!$B:$B,Fontes!$H:$H)) -> 0 | K36: =IF($A36="M",0,_xlfn.XLOOKUP($D36,Fontes!$B:$B,Fontes!$I:$I)) -> 0 | L36: =SUM(I36:K36) -> 1308.24 | M36: =ROUND(H36*L36,2) -> 5232.96 | O36: =IF(D36<>0,M36,"") -> 5232.96
C37: 01.02.12 | D37: 12661 | E37: =UPPER(IF($D37=0,"",IF($A37=4,_xlfn.XLOOKUP($D37,Mercado!$C:$C,Mercado!$E:$E),_xlfn.XLOOKUP($D37,Fontes!$B:$B,Fontes!$C:$C)))) -> SBC | F37: PLACA DE RESP.TECNICA-MADEIRA/CHAPA GALVANIZADA 26(3,0X1,5 M) | G37: =UPPER(IF($D37=0,"",IF($A37=4,_xlfn.XLOOKUP($D37,Mercado!$C:$C,Mercado!$G:$G),_xlfn.XLOOKUP($D37,Fontes!$B:$B,Fontes!$E:$E)))) -> M² | H37: 1 | I37: =IF($A37="M",_xlfn.XLOOKUP($D37,Mercado!$C:$C,Mercado!$I:$I),_xlfn.XLOOKUP($D37,Fontes!$B:$B,Fontes!$J:$J)) -> 383.68 | J37: =IF($A37="M",_xlfn.XLOOKUP($D37,Mercado!$C:$C,Mercado!$J:$J),_xlfn.XLOOKUP($D37,Fontes!$B:$B,Fontes!$H:$H)) -> 1081.52 | K37: =IF($A37="M",0,_xlfn.XLOOKUP($D37,Fontes!$B:$B,Fontes!$I:$I)) -> 0 | L37: =SUM(I37:K37) -> 1465.2 | M37: =ROUND(H37*L37,2) -> 1465.2 | O37: =IF(D37<>0,M37,"") -> 1465.2
A38: M | E38: =UPPER(IF($D38=0,"",IF($A38=4,_xlfn.XLOOKUP($D38,Mercado!$C:$C,Mercado!$E:$E),_xlfn.XLOOKUP($D38,Fontes!$B:$B,Fontes!$C:$C)))) | I38: =IF($A38="M",_xlfn.XLOOKUP($D38,Mercado!$C:$C,Mercado!$I:$I),_xlfn.XLOOKUP($D38,Fontes!$B:$B,Fontes!$J:$J)) -> 0 | J38: =IF($A38="M",_xlfn.XLOOKUP($D38,Mercado!$C:$C,Mercado!$J:$J),_xlfn.XLOOKUP($D38,Fontes!$B:$B,Fontes!$H:$H)) -> 0 | K38: =IF($A38="M",0,_xlfn.XLOOKUP($D38,Fontes!$B:$B,Fontes!$I:$I)) -> 0 | L38: =SUM(I38:K38) -> 0 | M38: =ROUND(H38*L38,2) -> 0 | O38: =IF(D38<>0,M38,"")
C39: 01.03 | E39: =UPPER(IF($D39=0,"",IF($A39=4,_xlfn.XLOOKUP($D39,Mercado!$C:$C,Mercado!$E:$E),_xlfn.XLOOKUP($D39,Fontes!$B:$B,Fontes!$C:$C)))) | F39: MÁQUINAS, EQUIPAMENTOS E VEÍCULOS | I39: =IF($A39="M",_xlfn.XLOOKUP($D39,Mercado!$C:$C,Mercado!$I:$I),_xlfn.XLOOKUP($D39,Fontes!$B:$B,Fontes!$J:$J)) -> 0 | J39: =IF($A39="M",_xlfn.XLOOKUP($D39,Mercado!$C:$C,Mercado!$J:$J),_xlfn.XLOOKUP($D39,Fontes!$B:$B,Fontes!$H:$H)) -> 0 | K39: =IF($A39="M",0,_xlfn.XLOOKUP($D39,Fontes!$B:$B,Fontes!$I:$I)) -> 0 | L39: =SUM(I39:K39) -> 0 | M39: =SUBTOTAL(9,M40:M43) -> 67217.27 | O39: =IF(D39<>0,M39,"")
C40: 01.03.01 | D40: 10527 | E40: =UPPER(IF($D40=0,"",IF($A40=4,_xlfn.XLOOKUP($D40,Mercado!$C:$C,Mercado!$E:$E),_xlfn.XLOOKUP($D40,Fontes!$B:$B,Fontes!$C:$C)))) -> SINAPI | F40: LOCACAO DE ANDAIME METALICO TUBULAR DE ENCAIXE, TIPO DE TORRE, COM LARGURA DE 1 ATE 1,5 M E ALTURA DE *1,00* M (INCLUSO SAPATAS FIXAS OU RODIZIOS) | G40: =UPPER(IF($D40=0,"",IF($A40=4,_xlfn.XLOOKUP($D40,Mercado!$C:$C,Mercado!$G:$G),_xlfn.XLOOKUP($D40,Fontes!$B:$B,Fontes!$E:$E)))) -> MXMES | H40: =10*10*8 -> 800 | I40: =IF($A40="M",_xlfn.XLOOKUP($D40,Mercado!$C:$C,Mercado!$I:$I),_xlfn.XLOOKUP($D40,Fontes!$B:$B,Fontes!$J:$J)) -> 0 | J40: =IF($A40="M",_xlfn.XLOOKUP($D40,Mercado!$C:$C,Mercado!$J:$J),_xlfn.XLOOKUP($D40,Fontes!$B:$B,Fontes!$H:$H)) -> 0 | K40: =IF($A40="M",0,_xlfn.XLOOKUP($D40,Fontes!$B:$B,Fontes!$I:$I)) -> 35 | L40: =SUM(I40:K40) -> 35 | M40: =ROUND(H40*L40,2) -> 28000 | O40: =IF(D40<>0,M40,"") -> 28000
C41: 01.03.02 | D41: 93243 | E41: =UPPER(IF($D41=0,"",IF($A41=4,_xlfn.XLOOKUP($D41,Mercado!$C:$C,Mercado!$E:$E),_xlfn.XLOOKUP($D41,Fontes!$B:$B,Fontes!$C:$C)))) -> SINAPI | F41: EXECUÇÃO DE RESERVATÓRIO ELEVADO DE ÁGUA (2000 LITROS) EM CANTEIRO DE OBRA, APOIADO EM ESTRUTURA DE MADEIRA. AF_02/2016 | G41: =UPPER(IF($D41=0,"",IF($A41=4,_xlfn.XLOOKUP($D41,Mercado!$C:$C,Mercado!$G:$G),_xlfn.XLOOKUP($D41,Fontes!$B:$B,Fontes!$E:$E)))) -> UN | H41: 1 | I41: =IF($A41="M",_xlfn.XLOOKUP($D41,Mercado!$C:$C,Mercado!$I:$I),_xlfn.XLOOKUP($D41,Fontes!$B:$B,Fontes!$J:$J)) -> 9919.78 | J41: =IF($A41="M",_xlfn.XLOOKUP($D41,Mercado!$C:$C,Mercado!$J:$J),_xlfn.XLOOKUP($D41,Fontes!$B:$B,Fontes!$H:$H)) -> 3181.64 | K41: =IF($A41="M",0,_xlfn.XLOOKUP($D41,Fontes!$B:$B,Fontes!$I:$I)) -> 215.85 | L41: =SUM(I41:K41) -> 13317.27 | M41: =ROUND(H41*L41,2) -> 13317.27 | O41: =IF(D41<>0,M41,"") -> 13317.27
C42: 01.03.03 | D42: 210500 | E42: =UPPER(IF($D42=0,"",IF($A42=4,_xlfn.XLOOKUP($D42,Mercado!$C:$C,Mercado!$E:$E),_xlfn.XLOOKUP($D42,Fontes!$B:$B,Fontes!$C:$C)))) -> SBC | F42: ALUGUEL DE CACAMBA 48 HORAS COM RETIRADA | G42: =UPPER(IF($D42=0,"",IF($A42=4,_xlfn.XLOOKUP($D42,Mercado!$C:$C,Mercado!$G:$G),_xlfn.XLOOKUP($D42,Fontes!$B:$B,Fontes!$E:$E)))) -> UN | H42: =3500*0.1/5 -> 70 | I42: =IF($A42="M",_xlfn.XLOOKUP($D42,Mercado!$C:$C,Mercado!$I:$I),_xlfn.XLOOKUP($D42,Fontes!$B:$B,Fontes!$J:$J)) -> 370 | J42: =IF($A42="M",_xlfn.XLOOKUP($D42,Mercado!$C:$C,Mercado!$J:$J),_xlfn.XLOOKUP($D42,Fontes!$B:$B,Fontes!$H:$H)) -> 0 | K42: =IF($A42="M",0,_xlfn.XLOOKUP($D42,Fontes!$B:$B,Fontes!$I:$I)) -> 0 | L42: =SUM(I42:K42) -> 370 | M42: =ROUND(H42*L42,2) -> 25900 | O42: =IF(D42<>0,M42,"") -> 25900
A43: M | E43: =UPPER(IF($D43=0,"",IF($A43=4,_xlfn.XLOOKUP($D43,Mercado!$C:$C,Mercado!$E:$E),_xlfn.XLOOKUP($D43,Fontes!$B:$B,Fontes!$C:$C)))) | I43: =IF($A43="M",_xlfn.XLOOKUP($D43,Mercado!$C:$C,Mercado!$I:$I),_xlfn.XLOOKUP($D43,Fontes!$B:$B,Fontes!$J:$J)) -> 0 | J43: =IF($A43="M",_xlfn.XLOOKUP($D43,Mercado!$C:$C,Mercado!$J:$J),_xlfn.XLOOKUP($D43,Fontes!$B:$B,Fontes!$H:$H)) -> 0 | K43: =IF($A43="M",0,_xlfn.XLOOKUP($D43,Fontes!$B:$B,Fontes!$I:$I)) -> 0 | L43: =SUM(I43:K43) -> 0 | M43: =ROUND(H43*L43,2) -> 0 | O43: =IF(D43<>0,M43,"")
C44: 01.04 | E44: =UPPER(IF($D44=0,"",IF($A44=4,_xlfn.XLOOKUP($D44,Mercado!$C:$C,Mercado!$E:$E),_xlfn.XLOOKUP($D44,Fontes!$B:$B,Fontes!$C:$C)))) | F44: DESPESAS GERAIS E DE CONSUMO | I44: =IF($A44="M",_xlfn.XLOOKUP($D44,Mercado!$C:$C,Mercado!$I:$I),_xlfn.XLOOKUP($D44,Fontes!$B:$B,Fontes!$J:$J)) -> 0 | J44: =IF($A44="M",_xlfn.XLOOKUP($D44,Mercado!$C:$C,Mercado!$J:$J),_xlfn.XLOOKUP($D44,Fontes!$B:$B,Fontes!$H:$H)) -> 0 | K44: =IF($A44="M",0,_xlfn.XLOOKUP($D44,Fontes!$B:$B,Fontes!$I:$I)) -> 0 | L44: =SUM(I44:K44) -> 0 | M44: =SUBTOTAL(9,M45:M47) -> 31798.8 | O44: =IF(D44<>0,M44,"")
C45: 01.04.01 | D45: 692 | E45: =UPPER(IF($D45=0,"",IF($A45=4,_xlfn.XLOOKUP($D45,Mercado!$C:$C,Mercado!$E:$E),_xlfn.XLOOKUP($D45,Fontes!$B:$B,Fontes!$C:$C)))) -> PRÓPRIO | F45: MOBILIARIO PARA ESCRITORIO OBRAS | G45: =UPPER(IF($D45=0,"",IF($A45=4,_xlfn.XLOOKUP($D45,Mercado!$C:$C,Mercado!$G:$G),_xlfn.XLOOKUP($D45,Fontes!$B:$B,Fontes!$E:$E)))) -> CJ | H45: 1 | I45: =IF($A45="M",_xlfn.XLOOKUP($D45,Mercado!$C:$C,Mercado!$I:$I),_xlfn.XLOOKUP($D45,Fontes!$B:$B,Fontes!$J:$J)) -> 10244.88 | J45: =IF($A45="M",_xlfn.XLOOKUP($D45,Mercado!$C:$C,Mercado!$J:$J),_xlfn.XLOOKUP($D45,Fontes!$B:$B,Fontes!$H:$H)) -> 0 | K45: =IF($A45="M",0,_xlfn.XLOOKUP($D45,Fontes!$B:$B,Fontes!$I:$I)) -> 0 | L45: =SUM(I45:K45) -> 10244.88 | M45: =ROUND(H45*L45,2) -> 10244.88 | O45: =IF(D45<>0,M45,"") -> 10244.88
C46: 01.04.02 | D46: 05.100.0900-0 | E46: =UPPER(IF($D46=0,"",IF($A46=4,_xlfn.XLOOKUP($D46,Mercado!$C:$C,Mercado!$E:$E),_xlfn.XLOOKUP($D46,Fontes!$B:$B,Fontes!$C:$C)))) -> EMOP | F46: UNIDADE DE REFERENCIA,PARA DESPESAS DENTRO DO CANTEIRO DE OBRAS,TAIS COMO:CONSUMO DE AGUA,TELEFONE,ENERGIA ELETRICA, ETC,E DEMAIS ITENS QUE COMPLEMENTAM AS DESPESAS JA CONSIDERA DAS. | G46: =UPPER(IF($D46=0,"",IF($A46=4,_xlfn.XLOOKUP($D46,Mercado!$C:$C,Mercado!$G:$G),_xlfn.XLOOKUP($D46,Fontes!$B:$B,Fontes!$E:$E)))) -> UR | H46: =8*12*6 -> 576 | I46: =IF($A46="M",_xlfn.XLOOKUP($D46,Mercado!$C:$C,Mercado!$I:$I),_xlfn.XLOOKUP($D46,Fontes!$B:$B,Fontes!$J:$J)) -> 37.42 | J46: =IF($A46="M",_xlfn.XLOOKUP($D46,Mercado!$C:$C,Mercado!$J:$J),_xlfn.XLOOKUP($D46,Fontes!$B:$B,Fontes!$H:$H)) -> 0 | K46: =IF($A46="M",0,_xlfn.XLOOKUP($D46,Fontes!$B:$B,Fontes!$I:$I)) -> 0 | L46: =SUM(I46:K46) -> 37.42 | M46: =ROUND(H46*L46,2) -> 21553.92 | O46: =IF(D46<>0,M46,"") -> 21553.92
A47: M | E47: =UPPER(IF($D47=0,"",IF($A47=4,_xlfn.XLOOKUP($D47,Mercado!$C:$C,Mercado!$E:$E),_xlfn.XLOOKUP($D47,Fontes!$B:$B,Fontes!$C:$C)))) | I47: =IF($A47="M",_xlfn.XLOOKUP($D47,Mercado!$C:$C,Mercado!$I:$I),_xlfn.XLOOKUP($D47,Fontes!$B:$B,Fontes!$J:$J)) -> 0 | J47: =IF($A47="M",_xlfn.XLOOKUP($D47,Mercado!$C:$C,Mercado!$J:$J),_xlfn.XLOOKUP($D47,Fontes!$B:$B,Fontes!$H:$H)) -> 0 | K47: =IF($A47="M",0,_xlfn.XLOOKUP($D47,Fontes!$B:$B,Fontes!$I:$I)) -> 0 | L47: =SUM(I47:K47) -> 0 | M47: =ROUND(H47*L47,2) -> 0 | O47: =IF(D47<>0,M47,"")
C48: 01.05 | E48: =UPPER(IF($D48=0,"",IF($A48=4,_xlfn.XLOOKUP($D48,Mercado!$C:$C,Mercado!$E:$E),_xlfn.XLOOKUP($D48,Fontes!$B:$B,Fontes!$C:$C)))) | F48: DEMOLIÇÃO | I48: =IF($A48="M",_xlfn.XLOOKUP($D48,Mercado!$C:$C,Mercado!$I:$I),_xlfn.XLOOKUP($D48,Fontes!$B:$B,Fontes!$J:$J)) -> 0 | J48: =IF($A48="M",_xlfn.XLOOKUP($D48,Mercado!$C:$C,Mercado!$J:$J),_xlfn.XLOOKUP($D48,Fontes!$B:$B,Fontes!$H:$H)) -> 0 | K48: =IF($A48="M",0,_xlfn.XLOOKUP($D48,Fontes!$B:$B,Fontes!$I:$I)) -> 0 | L48: =SUM(I48:K48) -> 0 | M48: =SUBTOTAL(9,M49:M60) -> 768082.77 | O48: =IF(D48<>0,M48,"")
C49: 01.05.01 | D49: 03.01.230 | E49: =UPPER(IF($D49=0,"",IF($A49=4,_xlfn.XLOOKUP($D49,Mercado!$C:$C,Mercado!$E:$E),_xlfn.XLOOKUP($D49,Fontes!$B:$B,Fontes!$C:$C)))) -> CPOS/CDHU | F49: DEMOLIÇÃO MECANIZADA DE CONCRETO SIMPLES, INCLUSIVE FRAGMENTAÇÃO E ACOMODAÇÃO DO MATERIAL | G49: =UPPER(IF($D49=0,"",IF($A49=4,_xlfn.XLOOKUP($D49,Mercado!$C:$C,Mercado!$G:$G),_xlfn.XLOOKUP($D49,Fontes!$B:$B,Fontes!$E:$E)))) -> M³ | H49: 206.94 | I49: =IF($A49="M",_xlfn.XLOOKUP($D49,Mercado!$C:$C,Mercado!$I:$I),_xlfn.XLOOKUP($D49,Fontes!$B:$B,Fontes!$J:$J)) -> 184.73 | J49: =IF($A49="M",_xlfn.XLOOKUP($D49,Mercado!$C:$C,Mercado!$J:$J),_xlfn.XLOOKUP($D49,Fontes!$B:$B,Fontes!$H:$H)) -> 90.84 | K49: =IF($A49="M",0,_xlfn.XLOOKUP($D49,Fontes!$B:$B,Fontes!$I:$I)) -> 0 | L49: =SUM(I49:K49) -> 275.57 | M49: =ROUND(H49*L49,2) -> 57026.46 | O49: =IF(D49<>0,M49,"") -> 57026.46
C50: 01.05.02 | D50: 97627 | E50: =UPPER(IF($D50=0,"",IF($A50=4,_xlfn.XLOOKUP($D50,Mercado!$C:$C,Mercado!$E:$E),_xlfn.XLOOKUP($D50,Fontes!$B:$B,Fontes!$C:$C)))) -> SINAPI | F50: DEMOLIÇÃO DE PILARES E VIGAS EM CONCRETO ARMADO, DE FORMA MECANIZADA COM MARTELETE, SEM REAPROVEITAMENTO. AF_12/2017 | G50: =UPPER(IF($D50=0,"",IF($A50=4,_xlfn.XLOOKUP($D50,Mercado!$C:$C,Mercado!$G:$G),_xlfn.XLOOKUP($D50,Fontes!$B:$B,Fontes!$E:$E)))) -> M³ | H50: 724.41 | I50: =IF($A50="M",_xlfn.XLOOKUP($D50,Mercado!$C:$C,Mercado!$I:$I),_xlfn.XLOOKUP($D50,Fontes!$B:$B,Fontes!$J:$J)) -> 63.78 | J50: =IF($A50="M",_xlfn.XLOOKUP($D50,Mercado!$C:$C,Mercado!$J:$J),_xlfn.XLOOKUP($D50,Fontes!$B:$B,Fontes!$H:$H)) -> 209.42 | K50: =IF($A50="M",0,_xlfn.XLOOKUP($D50,Fontes!$B:$B,Fontes!$I:$I)) -> 18.05 | L50: =SUM(I50:K50) -> 291.25 | M50: =ROUND(H50*L50,2) -> 210984.41 | O50: =IF(D50<>0,M50,"") -> 210984.41
C51: 01.05.03 | D51: 97625 | E51: =UPPER(IF($D51=0,"",IF($A51=4,_xlfn.XLOOKUP($D51,Mercado!$C:$C,Mercado!$E:$E),_xlfn.XLOOKUP($D51,Fontes!$B:$B,Fontes!$C:$C)))) -> SINAPI | F51: DEMOLIÇÃO DE ALVENARIA PARA QUALQUER TIPO DE BLOCO, DE FORMA MECANIZADA, SEM REAPROVEITAMENTO. AF_12/2017 | G51: =UPPER(IF($D51=0,"",IF($A51=4,_xlfn.XLOOKUP($D51,Mercado!$C:$C,Mercado!$G:$G),_xlfn.XLOOKUP($D51,Fontes!$B:$B,Fontes!$E:$E)))) -> M³ | H51: 619.62 | I51: =IF($A51="M",_xlfn.XLOOKUP($D51,Mercado!$C:$C,Mercado!$I:$I),_xlfn.XLOOKUP($D51,Fontes!$B:$B,Fontes!$J:$J)) -> 15.97 | J51: =IF($A51="M",_xlfn.XLOOKUP($D51,Mercado!$C:$C,Mercado!$J:$J),_xlfn.XLOOKUP($D51,Fontes!$B:$B,Fontes!$H:$H)) -> 11.1 | K51: =IF($A51="M",0,_xlfn.XLOOKUP($D51,Fontes!$B:$B,Fontes!$I:$I)) -> 37.96 | L51: =SUM(I51:K51) -> 65.03 | M51: =ROUND(H51*L51,2) -> 40293.89 | O51: =IF(D51<>0,M51,"") -> 40293.89
C52: 01.05.04 | D52: 97645 | E52: =UPPER(IF($D52=0,"",IF($A52=4,_xlfn.XLOOKUP($D52,Mercado!$C:$C,Mercado!$E:$E),_xlfn.XLOOKUP($D52,Fontes!$B:$B,Fontes!$C:$C)))) -> SINAPI | F52: REMOÇÃO DE JANELAS, DE FORMA MANUAL, SEM REAPROVEITAMENTO. AF_12/2017 | G52: =UPPER(IF($D52=0,"",IF($A52=4,_xlfn.XLOOKUP($D52,Mercado!$C:$C,Mercado!$G:$G),_xlfn.XLOOKUP($D52,Fontes!$B:$B,Fontes!$E:$E)))) -> M² | H52: 96 | I52: =IF($A52="M",_xlfn.XLOOKUP($D52,Mercado!$C:$C,Mercado!$I:$I),_xlfn.XLOOKUP($D52,Fontes!$B:$B,Fontes!$J:$J)) -> 8.45 | J52: =IF($A52="M",_xlfn.XLOOKUP($D52,Mercado!$C:$C,Mercado!$J:$J),_xlfn.XLOOKUP($D52,Fontes!$B:$B,Fontes!$H:$H)) -> 26.88 | K52: =IF($A52="M",0,_xlfn.XLOOKUP($D52,Fontes!$B:$B,Fontes!$I:$I)) -> 2.52 | L52: =SUM(I52:K52) -> 37.85 | M52: =ROUND(H52*L52,2) -> 3633.6 | O52: =IF(D52<>0,M52,"") -> 3633.6
C53: 01.05.05 | D53: 97644 | E53: =UPPER(IF($D53=0,"",IF($A53=4,_xlfn.XLOOKUP($D53,Mercado!$C:$C,Mercado!$E:$E),_xlfn.XLOOKUP($D53,Fontes!$B:$B,Fontes!$C:$C)))) -> SINAPI | F53: REMOÇÃO DE PORTAS, DE FORMA MANUAL, SEM REAPROVEITAMENTO. AF_12/2017 | G53: =UPPER(IF($D53=0,"",IF($A53=4,_xlfn.XLOOKUP($D53,Mercado!$C:$C,Mercado!$G:$G),_xlfn.XLOOKUP($D53,Fontes!$B:$B,Fontes!$E:$E)))) -> M² | H53: 165.9 | I53: =IF($A53="M",_xlfn.XLOOKUP($D53,Mercado!$C:$C,Mercado!$I:$I),_xlfn.XLOOKUP($D53,Fontes!$B:$B,Fontes!$J:$J)) -> 3.27 | J53: =IF($A53="M",_xlfn.XLOOKUP($D53,Mercado!$C:$C,Mercado!$J:$J),_xlfn.XLOOKUP($D53,Fontes!$B:$B,Fontes!$H:$H)) -> 10.41 | K53: =IF($A53="M",0,_xlfn.XLOOKUP($D53,Fontes!$B:$B,Fontes!$I:$I)) -> 0.98 | L53: =SUM(I53:K53) -> 14.66 | M53: =ROUND(H53*L53,2) -> 2432.09 | O53: =IF(D53<>0,M53,"") -> 2432.09
C54: 01.05.06 | D54: 97663 | E54: =UPPER(IF($D54=0,"",IF($A54=4,_xlfn.XLOOKUP($D54,Mercado!$C:$C,Mercado!$E:$E),_xlfn.XLOOKUP($D54,Fontes!$B:$B,Fontes!$C:$C)))) -> SINAPI | F54: REMOÇÃO DE LOUÇAS, DE FORMA MANUAL, SEM REAPROVEITAMENTO. AF_12/2017 | G54: =UPPER(IF($D54=0,"",IF($A54=4,_xlfn.XLOOKUP($D54,Mercado!$C:$C,Mercado!$G:$G),_xlfn.XLOOKUP($D54,Fontes!$B:$B,Fontes!$E:$E)))) -> UN | H54: 40 | I54: =IF($A54="M",_xlfn.XLOOKUP($D54,Mercado!$C:$C,Mercado!$I:$I),_xlfn.XLOOKUP($D54,Fontes!$B:$B,Fontes!$J:$J)) -> 4.36 | J54: =IF($A54="M",_xlfn.XLOOKUP($D54,Mercado!$C:$C,Mercado!$J:$J),_xlfn.XLOOKUP($D54,Fontes!$B:$B,Fontes!$H:$H)) -> 13.69 | K54: =IF($A54="M",0,_xlfn.XLOOKUP($D54,Fontes!$B:$B,Fontes!$I:$I)) -> 1.23 | L54: =SUM(I54:K54) -> 19.28 | M54: =ROUND(H54*L54,2) -> 771.2 | O54: =IF(D54<>0,M54,"") -> 771.2
C55: 01.05.07 | D55: 22224 | E55: =UPPER(IF($D55=0,"",IF($A55=4,_xlfn.XLOOKUP($D55,Mercado!$C:$C,Mercado!$E:$E),_xlfn.XLOOKUP($D55,Fontes!$B:$B,Fontes!$C:$C)))) -> SBC | F55: REMOÇÃO DE TELHAS DE FIBROCIMENTO, METÁLICA E CERÂMICA, DE FORMA MECANIZADA, COM USO DE GUINDASTE, SEM REAPROVEITAMENTO. AF_12/2017 | G55: =UPPER(IF($D55=0,"",IF($A55=4,_xlfn.XLOOKUP($D55,Mercado!$C:$C,Mercado!$G:$G),_xlfn.XLOOKUP($D55,Fontes!$B:$B,Fontes!$E:$E)))) -> M² | H55: 1199.94 | I55: =IF($A55="M",_xlfn.XLOOKUP($D55,Mercado!$C:$C,Mercado!$I:$I),_xlfn.XLOOKUP($D55,Fontes!$B:$B,Fontes!$J:$J)) -> 7.29 | J55: =IF($A55="M",_xlfn.XLOOKUP($D55,Mercado!$C:$C,Mercado!$J:$J),_xlfn.XLOOKUP($D55,Fontes!$B:$B,Fontes!$H:$H)) -> 23.84 | K55: =IF($A55="M",0,_xlfn.XLOOKUP($D55,Fontes!$B:$B,Fontes!$I:$I)) -> 2.18 | L55: =SUM(I55:K55) -> 33.31 | M55: =ROUND(H55*L55,2) -> 39970 | O55: =IF(D55<>0,M55,"") -> 39970
C56: 01.05.08 | D56: 22106 | E56: =UPPER(IF($D56=0,"",IF($A56=4,_xlfn.XLOOKUP($D56,Mercado!$C:$C,Mercado!$E:$E),_xlfn.XLOOKUP($D56,Fontes!$B:$B,Fontes!$C:$C)))) -> SBC | F56: REMOÇÃO DE TRAMA METÁLICA PARA COBERTURA, DE FORMA MANUAL, SEM REAPROVEITAMENTO. AF_12/2017 | G56: =UPPER(IF($D56=0,"",IF($A56=4,_xlfn.XLOOKUP($D56,Mercado!$C:$C,Mercado!$G:$G),_xlfn.XLOOKUP($D56,Fontes!$B:$B,Fontes!$E:$E)))) -> M² | H56: 1199.94 | I56: =IF($A56="M",_xlfn.XLOOKUP($D56,Mercado!$C:$C,Mercado!$I:$I),_xlfn.XLOOKUP($D56,Fontes!$B:$B,Fontes!$J:$J)) -> 8.19 | J56: =IF($A56="M",_xlfn.XLOOKUP($D56,Mercado!$C:$C,Mercado!$J:$J),_xlfn.XLOOKUP($D56,Fontes!$B:$B,Fontes!$H:$H)) -> 26.05 | K56: =IF($A56="M",0,_xlfn.XLOOKUP($D56,Fontes!$B:$B,Fontes!$I:$I)) -> 2.35 | L56: =SUM(I56:K56) -> 36.59 | M56: =ROUND(H56*L56,2) -> 43905.8 | O56: =IF(D56<>0,M56,"") -> 43905.8
C57: 01.05.09 | D57: 05.09.006 | E57: =UPPER(IF($D57=0,"",IF($A57=4,_xlfn.XLOOKUP($D57,Mercado!$C:$C,Mercado!$E:$E),_xlfn.XLOOKUP($D57,Fontes!$B:$B,Fontes!$C:$C)))) -> CPOS/CDHU | F57: TAXA DE DESTINAÇÃO DE RESÍDUO SÓLIDO EM ATERRO, TIPO INERTE | G57: =UPPER(IF($D57=0,"",IF($A57=4,_xlfn.XLOOKUP($D57,Mercado!$C:$C,Mercado!$G:$G),_xlfn.XLOOKUP($D57,Fontes!$B:$B,Fontes!$E:$E)))) -> T | H57: 2372.19 | I57: =IF($A57="M",_xlfn.XLOOKUP($D57,Mercado!$C:$C,Mercado!$I:$I),_xlfn.XLOOKUP($D57,Fontes!$B:$B,Fontes!$J:$J)) -> 48.06 | J57: =IF($A57="M",_xlfn.XLOOKUP($D57,Mercado!$C:$C,Mercado!$J:$J),_xlfn.XLOOKUP($D57,Fontes!$B:$B,Fontes!$H:$H)) -> 0 | K57: =IF($A57="M",0,_xlfn.XLOOKUP($D57,Fontes!$B:$B,Fontes!$I:$I)) -> 0 | L57: =SUM(I57:K57) -> 48.06 | M57: =ROUND(H57*L57,2) -> 114007.45 | O57: =IF(D57<>0,M57,"") -> 114007.45
C58: 01.05.10 | D58: 100981 | E58: =UPPER(IF($D58=0,"",IF($A58=4,_xlfn.XLOOKUP($D58,Mercado!$C:$C,Mercado!$E:$E),_xlfn.XLOOKUP($D58,Fontes!$B:$B,Fontes!$C:$C)))) -> SINAPI | F58: CARGA, MANOBRA E DESCARGA DE ENTULHO EM CAMINHÃO BASCULANTE 6 M³ - CARGA COM ESCAVADEIRA HIDRÁULICA (CAÇAMBA DE 0,80 M³ / 111 HP) E DESCARGA LIVRE (UNIDADE: M3). AF_07/2020 | G58: =UPPER(IF($D58=0,"",IF($A58=4,_xlfn.XLOOKUP($D58,Mercado!$C:$C,Mercado!$G:$G),_xlfn.XLOOKUP($D58,Fontes!$B:$B,Fontes!$E:$E)))) -> M³ | H58: =+H57 -> 2372.19 | I58: =IF($A58="M",_xlfn.XLOOKUP($D58,Mercado!$C:$C,Mercado!$I:$I),_xlfn.XLOOKUP($D58,Fontes!$B:$B,Fontes!$J:$J)) -> 4.14 | J58: =IF($A58="M",_xlfn.XLOOKUP($D58,Mercado!$C:$C,Mercado!$J:$J),_xlfn.XLOOKUP($D58,Fontes!$B:$B,Fontes!$H:$H)) -> 3.06 | K58: =IF($A58="M",0,_xlfn.XLOOKUP($D58,Fontes!$B:$B,Fontes!$I:$I)) -> 4.32 | L58: =SUM(I58:K58) -> 11.52 | M58: =ROUND(H58*L58,2) -> 27327.63 | O58: =IF(D58<>0,M58,"") -> 27327.63
C59: 01.05.11 | D59: 95875 | E59: =UPPER(IF($D59=0,"",IF($A59=4,_xlfn.XLOOKUP($D59,Mercado!$C:$C,Mercado!$E:$E),_xlfn.XLOOKUP($D59,Fontes!$B:$B,Fontes!$C:$C)))) -> SINAPI | F59: TRANSPORTE COM CAMINHÃO BASCULANTE DE 10 M³, EM VIA URBANA PAVIMENTADA, DMT ATÉ 30 KM (UNIDADE: M3XKM). AF_07/2020 | G59: =UPPER(IF($D59=0,"",IF($A59=4,_xlfn.XLOOKUP($D59,Mercado!$C:$C,Mercado!$G:$G),_xlfn.XLOOKUP($D59,Fontes!$B:$B,Fontes!$E:$E)))) -> M3XKM | H59: =+H58*30 -> 71165.7 | I59: =IF($A59="M",_xlfn.XLOOKUP($D59,Mercado!$C:$C,Mercado!$I:$I),_xlfn.XLOOKUP($D59,Fontes!$B:$B,Fontes!$J:$J)) -> 1.68 | J59: =IF($A59="M",_xlfn.XLOOKUP($D59,Mercado!$C:$C,Mercado!$J:$J),_xlfn.XLOOKUP($D59,Fontes!$B:$B,Fontes!$H:$H)) -> 0.6 | K59: =IF($A59="M",0,_xlfn.XLOOKUP($D59,Fontes!$B:$B,Fontes!$I:$I)) -> 0.92 | L59: =SUM(I59:K59) -> 3.2 | M59: =ROUND(H59*L59,2) -> 227730.24 | O59: =IF(D59<>0,M59,"") -> 227730.24
A60: M | E60: =UPPER(IF($D60=0,"",IF($A60=4,_xlfn.XLOOKUP($D60,Mercado!$C:$C,Mercado!$E:$E),_xlfn.XLOOKUP($D60,Fontes!$B:$B,Fontes!$C:$C)))) | I60: =IF($A60="M",_xlfn.XLOOKUP($D60,Mercado!$C:$C,Mercado!$I:$I),_xlfn.XLOOKUP($D60,Fontes!$B:$B,Fontes!$J:$J)) -> 0 | J60: =IF($A60="M",_xlfn.XLOOKUP($D60,Mercado!$C:$C,Mercado!$J:$J),_xlfn.XLOOKUP($D60,Fontes!$B:$B,Fontes!$H:$H)) -> 0 | K60: =IF($A60="M",0,_xlfn.XLOOKUP($D60,Fontes!$B:$B,Fontes!$I:$I)) -> 0 | L60: =SUM(I60:K60) -> 0 | M60: =ROUND(H60*L60,2) -> 0 | O60: =IF(D60<>0,M60,"")
C61: 02 | E61: =UPPER(IF($D61=0,"",IF($A61=4,_xlfn.XLOOKUP($D61,Mercado!$C:$C,Mercado!$E:$E),_xlfn.XLOOKUP($D61,Fontes!$B:$B,Fontes!$C:$C)))) | F61: OBRAS EM GERAL | I61: =IF($A61="M",_xlfn.XLOOKUP($D61,Mercado!$C:$C,Mercado!$I:$I),_xlfn.XLOOKUP($D61,Fontes!$B:$B,Fontes!$J:$J)) -> 0 | J61: =IF($A61="M",_xlfn.XLOOKUP($D61,Mercado!$C:$C,Mercado!$J:$J),_xlfn.XLOOKUP($D61,Fontes!$B:$B,Fontes!$H:$H)) -> 0 | K61: =IF($A61="M",0,_xlfn.XLOOKUP($D61,Fontes!$B:$B,Fontes!$I:$I)) -> 0 | L61: =SUM(I61:K61) -> 0 | M61: =SUBTOTAL(9,M62:M1193) -> 12217396 | O61: =IF(D61<>0,M61,"")
C62: 02.01 | E62: =UPPER(IF($D62=0,"",IF($A62=4,_xlfn.XLOOKUP($D62,Mercado!$C:$C,Mercado!$E:$E),_xlfn.XLOOKUP($D62,Fontes!$B:$B,Fontes!$C:$C)))) | F62: FUNDAÇÕES E ESTRUTURA | I62: =IF($A62="M",_xlfn.XLOOKUP($D62,Mercado!$C:$C,Mercado!$I:$I),_xlfn.XLOOKUP($D62,Fontes!$B:$B,Fontes!$J:$J)) -> 0 | J62: =IF($A62="M",_xlfn.XLOOKUP($D62,Mercado!$C:$C,Mercado!$J:$J),_xlfn.XLOOKUP($D62,Fontes!$B:$B,Fontes!$H:$H)) -> 0 | K62: =IF($A62="M",0,_xlfn.XLOOKUP($D62,Fontes!$B:$B,Fontes!$I:$I)) -> 0 | L62: =SUM(I62:K62) -> 0 | M62: =SUBTOTAL(9,M63:M175) -> 5112970.3 | O62: =IF(D62<>0,M62,"")
A63: M | C63: 02.01.01 | E63: =UPPER(IF($D63=0,"",IF($A63=4,_xlfn.XLOOKUP($D63,Mercado!$C:$C,Mercado!$E:$E),_xlfn.XLOOKUP($D63,Fontes!$B:$B,Fontes!$C:$C)))) | F63: SERVIÇOS PRELIMINARES | I63: =IF($A63="M",_xlfn.XLOOKUP($D63,Mercado!$C:$C,Mercado!$I:$I),_xlfn.XLOOKUP($D63,Fontes!$B:$B,Fontes!$J:$J)) -> 0 | J63: =IF($A63="M",_xlfn.XLOOKUP($D63,Mercado!$C:$C,Mercado!$J:$J),_xlfn.XLOOKUP($D63,Fontes!$B:$B,Fontes!$H:$H)) -> 0 | K63: =IF($A63="M",0,_xlfn.XLOOKUP($D63,Fontes!$B:$B,Fontes!$I:$I)) -> 0 | L63: =SUM(I63:K63) -> 0 | M63: =SUBTOTAL(9,M64:M65) -> 17074 | O63: =IF(D63<>0,M63,"")
C64: 02.01.01.01 | D64: 99059 | E64: =UPPER(IF($D64=0,"",IF($A64=4,_xlfn.XLOOKUP($D64,Mercado!$C:$C,Mercado!$E:$E),_xlfn.XLOOKUP($D64,Fontes!$B:$B,Fontes!$C:$C)))) -> SINAPI | F64: LOCACAO CONVENCIONAL DE OBRA, UTILIZANDO GABARITO DE TÁBUAS CORRIDAS PONTALETADAS A CADA 2,00M - 2 UTILIZAÇÕES. AF_10/2018 | G64: =UPPER(IF($D64=0,"",IF($A64=4,_xlfn.XLOOKUP($D64,Mercado!$C:$C,Mercado!$G:$G),_xlfn.XLOOKUP($D64,Fontes!$B:$B,Fontes!$E:$E)))) -> M | H64: =45+45+55+55 -> 200 | I64: =IF($A64="M",_xlfn.XLOOKUP($D64,Mercado!$C:$C,Mercado!$I:$I),_xlfn.XLOOKUP($D64,Fontes!$B:$B,Fontes!$J:$J)) -> 40.17 | J64: =IF($A64="M",_xlfn.XLOOKUP($D64,Mercado!$C:$C,Mercado!$J:$J),_xlfn.XLOOKUP($D64,Fontes!$B:$B,Fontes!$H:$H)) -> 42.26 | K64: =IF($A64="M",0,_xlfn.XLOOKUP($D64,Fontes!$B:$B,Fontes!$I:$I)) -> 2.94 | L64: =SUM(I64:K64) -> 85.37 | M64: =ROUND(H64*L64,2) -> 17074 | O64: =IF(D64<>0,M64,"") -> 17074
A65: M | E65: =UPPER(IF($D65=0,"",IF($A65=4,_xlfn.XLOOKUP($D65,Mercado!$C:$C,Mercado!$E:$E),_xlfn.XLOOKUP($D65,Fontes!$B:$B,Fontes!$C:$C)))) | I65: =IF($A65="M",_xlfn.XLOOKUP($D65,Mercado!$C:$C,Mercado!$I:$I),_xlfn.XLOOKUP($D65,Fontes!$B:$B,Fontes!$J:$J)) -> 0 | J65: =IF($A65="M",_xlfn.XLOOKUP($D65,Mercado!$C:$C,Mercado!$J:$J),_xlfn.XLOOKUP($D65,Fontes!$B:$B,Fontes!$H:$H)) -> 0 | K65: =IF($A65="M",0,_xlfn.XLOOKUP($D65,Fontes!$B:$B,Fontes!$I:$I)) -> 0 | L65: =SUM(I65:K65) -> 0 | M65: =ROUND(H65*L65,2) -> 0 | O65: =IF(D65<>0,M65,"")
A66: M | C66: 02.01.02 | E66: =UPPER(IF($D66=0,"",IF($A66=4,_xlfn.XLOOKUP($D66,Mercado!$C:$C,Mercado!$E:$E),_xlfn.XLOOKUP($D66,Fontes!$B:$B,Fontes!$C:$C)))) | F66: MOVIMENTO DE TERRA E BOTA-FORA | I66: =IF($A66="M",_xlfn.XLOOKUP($D66,Mercado!$C:$C,Mercado!$I:$I),_xlfn.XLOOKUP($D66,Fontes!$B:$B,Fontes!$J:$J)) -> 0 | J66: =IF($A66="M",_xlfn.XLOOKUP($D66,Mercado!$C:$C,Mercado!$J:$J),_xlfn.XLOOKUP($D66,Fontes!$B:$B,Fontes!$H:$H)) -> 0 | K66: =IF($A66="M",0,_xlfn.XLOOKUP($D66,Fontes!$B:$B,Fontes!$I:$I)) -> 0 | L66: =SUM(I66:K66) -> 0 | M66: =SUBTOTAL(9,M67:M73) -> 642548.63 | O66: =IF(D66<>0,M66,"")
C67: 02.01.02.01 | D67: 101124 | E67: =UPPER(IF($D67=0,"",IF($A67=4,_xlfn.XLOOKUP($D67,Mercado!$C:$C,Mercado!$E:$E),_xlfn.XLOOKUP($D67,Fontes!$B:$B,Fontes!$C:$C)))) -> SINAPI | F67: ESCAVAÇÃO HORIZONTAL, INCLUINDO CARGA E DESCARGA EM SOLO DE 1A CATEGORIA COM TRATOR DE ESTEIRAS (100HP/LÂMINA: 2,19M3). AF_07/2020 | G67: =UPPER(IF($D67=0,"",IF($A67=4,_xlfn.XLOOKUP($D67,Mercado!$C:$C,Mercado!$G:$G),_xlfn.XLOOKUP($D67,Fontes!$B:$B,Fontes!$E:$E)))) -> M³ | H67: 1060 | I67: =IF($A67="M",_xlfn.XLOOKUP($D67,Mercado!$C:$C,Mercado!$I:$I),_xlfn.XLOOKUP($D67,Fontes!$B:$B,Fontes!$J:$J)) -> 6.64 | J67: =IF($A67="M",_xlfn.XLOOKUP($D67,Mercado!$C:$C,Mercado!$J:$J),_xlfn.XLOOKUP($D67,Fontes!$B:$B,Fontes!$H:$H)) -> 4.29 | K67: =IF($A67="M",0,_xlfn.XLOOKUP($D67,Fontes!$B:$B,Fontes!$I:$I)) -> 6.85 | L67: =SUM(I67:K67) -> 17.78 | M67: =ROUND(H67*L67,2) -> 18846.8 | O67: =IF(D67<>0,M67,"") -> 18846.8
C68: 02.01.02.02 | D68: 96523 | E68: =UPPER(IF($D68=0,"",IF($A68=4,_xlfn.XLOOKUP($D68,Mercado!$C:$C,Mercado!$E:$E),_xlfn.XLOOKUP($D68,Fontes!$B:$B,Fontes!$C:$C)))) -> SINAPI | F68: ESCAVAÇÃO MANUAL PARA BLOCO DE COROAMENTO OU SAPATA (INCLUINDO ESCAVAÇÃO PARA COLOCAÇÃO DE FÔRMAS). AF_06/2017 | G68: =UPPER(IF($D68=0,"",IF($A68=4,_xlfn.XLOOKUP($D68,Mercado!$C:$C,Mercado!$G:$G),_xlfn.XLOOKUP($D68,Fontes!$B:$B,Fontes!$E:$E)))) -> M³ | H68: 1930.24 | I68: =IF($A68="M",_xlfn.XLOOKUP($D68,Mercado!$C:$C,Mercado!$I:$I),_xlfn.XLOOKUP($D68,Fontes!$B:$B,Fontes!$J:$J)) -> 32.16 | J68: =IF($A68="M",_xlfn.XLOOKUP($D68,Mercado!$C:$C,Mercado!$J:$J),_xlfn.XLOOKUP($D68,Fontes!$B:$B,Fontes!$H:$H)) -> 101.45 | K68: =IF($A68="M",0,_xlfn.XLOOKUP($D68,Fontes!$B:$B,Fontes!$I:$I)) -> 9.62 | L68: =SUM(I68:K68) -> 143.23 | M68: =ROUND(H68*L68,2) -> 276468.28 | O68: =IF(D68<>0,M68,"") -> 276468.28
C69: 02.01.02.03 | D69: 93382 | E69: =UPPER(IF($D69=0,"",IF($A69=4,_xlfn.XLOOKUP($D69,Mercado!$C:$C,Mercado!$E:$E),_xlfn.XLOOKUP($D69,Fontes!$B:$B,Fontes!$C:$C)))) -> SINAPI | F69: REATERRO MANUAL DE VALAS COM COMPACTAÇÃO MECANIZADA. AF_04/2016 | G69: =UPPER(IF($D69=0,"",IF($A69=4,_xlfn.XLOOKUP($D69,Mercado!$C:$C,Mercado!$G:$G),_xlfn.XLOOKUP($D69,Fontes!$B:$B,Fontes!$E:$E)))) -> M³ | H69: 1584.94 | I69: =IF($A69="M",_xlfn.XLOOKUP($D69,Mercado!$C:$C,Mercado!$I:$I),_xlfn.XLOOKUP($D69,Fontes!$B:$B,Fontes!$J:$J)) -> 10.41 | J69: =IF($A69="M",_xlfn.XLOOKUP($D69,Mercado!$C:$C,Mercado!$J:$J),_xlfn.XLOOKUP($D69,Fontes!$B:$B,Fontes!$H:$H)) -> 24.64 | K69: =IF($A69="M",0,_xlfn.XLOOKUP($D69,Fontes!$B:$B,Fontes!$I:$I)) -> 2.98 | L69: =SUM(I69:K69) -> 38.03 | M69: =ROUND(H69*L69,2) -> 60275.27 | O69: =IF(D69<>0,M69,"") -> 60275.27
C70: 02.01.02.04 | D70: 100981 | E70: =UPPER(IF($D70=0,"",IF($A70=4,_xlfn.XLOOKUP($D70,Mercado!$C:$C,Mercado!$E:$E),_xlfn.XLOOKUP($D70,Fontes!$B:$B,Fontes!$C:$C)))) -> SINAPI | F70: CARGA, MANOBRA E DESCARGA DE ENTULHO EM CAMINHÃO BASCULANTE 6 M³ - CARGA COM ESCAVADEIRA HIDRÁULICA (CAÇAMBA DE 0,80 M³ / 111 HP) E DESCARGA LIVRE (UNIDADE: M3). AF_07/2020 | G70: =UPPER(IF($D70=0,"",IF($A70=4,_xlfn.XLOOKUP($D70,Mercado!$C:$C,Mercado!$G:$G),_xlfn.XLOOKUP($D70,Fontes!$B:$B,Fontes!$E:$E)))) -> M³ | H70: 2422.4535 | I70: =IF($A70="M",_xlfn.XLOOKUP($D70,Mercado!$C:$C,Mercado!$I:$I),_xlfn.XLOOKUP($D70,Fontes!$B:$B,Fontes!$J:$J)) -> 4.14 | J70: =IF($A70="M",_xlfn.XLOOKUP($D70,Mercado!$C:$C,Mercado!$J:$J),_xlfn.XLOOKUP($D70,Fontes!$B:$B,Fontes!$H:$H)) -> 3.06 | K70: =IF($A70="M",0,_xlfn.XLOOKUP($D70,Fontes!$B:$B,Fontes!$I:$I)) -> 4.32 | L70: =SUM(I70:K70) -> 11.52 | M70: =ROUND(H70*L70,2) -> 27906.66 | O70: =IF(D70<>0,M70,"") -> 27906.66
C71: 02.01.02.05 | D71: 95875 | E71: =UPPER(IF($D71=0,"",IF($A71=4,_xlfn.XLOOKUP($D71,Mercado!$C:$C,Mercado!$E:$E),_xlfn.XLOOKUP($D71,Fontes!$B:$B,Fontes!$C:$C)))) -> SINAPI | F71: TRANSPORTE COM CAMINHÃO BASCULANTE DE 10 M³, EM VIA URBANA PAVIMENTADA, DMT ATÉ 30 KM (UNIDADE: M3XKM). AF_07/2020 | G71: =UPPER(IF($D71=0,"",IF($A71=4,_xlfn.XLOOKUP($D71,Mercado!$C:$C,Mercado!$G:$G),_xlfn.XLOOKUP($D71,Fontes!$B:$B,Fontes!$E:$E)))) -> M3XKM | H71: =+H70*30 -> 72673.605 | I71: =IF($A71="M",_xlfn.XLOOKUP($D71,Mercado!$C:$C,Mercado!$I:$I),_xlfn.XLOOKUP($D71,Fontes!$B:$B,Fontes!$J:$J)) -> 1.68 | J71: =IF($A71="M",_xlfn.XLOOKUP($D71,Mercado!$C:$C,Mercado!$J:$J),_xlfn.XLOOKUP($D71,Fontes!$B:$B,Fontes!$H:$H)) -> 0.6 | K71: =IF($A71="M",0,_xlfn.XLOOKUP($D71,Fontes!$B:$B,Fontes!$I:$I)) -> 0.92 | L71: =SUM(I71:K71) -> 3.2 | M71: =ROUND(H71*L71,2) -> 232555.54 | O71: =IF(D71<>0,M71,"") -> 232555.54
C72: 02.01.02.06 | D72: 79483 | E72: =UPPER(IF($D72=0,"",IF($A72=4,_xlfn.XLOOKUP($D72,Mercado!$C:$C,Mercado!$E:$E),_xlfn.XLOOKUP($D72,Fontes!$B:$B,Fontes!$C:$C)))) -> SINAPI | F72: APILOAMENTO COM MACO DE 30KG | G72: =UPPER(IF($D72=0,"",IF($A72=4,_xlfn.XLOOKUP($D72,Mercado!$C:$C,Mercado!$G:$G),_xlfn.XLOOKUP($D72,Fontes!$B:$B,Fontes!$E:$E)))) -> M² | H72: 538.21 | I72: =IF($A72="M",_xlfn.XLOOKUP($D72,Mercado!$C:$C,Mercado!$I:$I),_xlfn.XLOOKUP($D72,Fontes!$B:$B,Fontes!$J:$J)) -> 11.78 | J72: =IF($A72="M",_xlfn.XLOOKUP($D72,Mercado!$C:$C,Mercado!$J:$J),_xlfn.XLOOKUP($D72,Fontes!$B:$B,Fontes!$H:$H)) -> 33.92 | K72: =IF($A72="M",0,_xlfn.XLOOKUP($D72,Fontes!$B:$B,Fontes!$I:$I)) -> 3.53 | L72: =SUM(I72:K72) -> 49.23 | M72: =ROUND(H72*L72,2) -> 26496.08 | O72: =IF(D72<>0,M72,"") -> 26496.08
A73: M | E73: =UPPER(IF($D73=0,"",IF($A73=4,_xlfn.XLOOKUP($D73,Mercado!$C:$C,Mercado!$E:$E),_xlfn.XLOOKUP($D73,Fontes!$B:$B,Fontes!$C:$C)))) | I73: =IF($A73="M",_xlfn.XLOOKUP($D73,Mercado!$C:$C,Mercado!$I:$I),_xlfn.XLOOKUP($D73,Fontes!$B:$B,Fontes!$J:$J)) -> 0 | J73: =IF($A73="M",_xlfn.XLOOKUP($D73,Mercado!$C:$C,Mercado!$J:$J),_xlfn.XLOOKUP($D73,Fontes!$B:$B,Fontes!$H:$H)) -> 0 | K73: =IF($A73="M",0,_xlfn.XLOOKUP($D73,Fontes!$B:$B,Fontes!$I:$I)) -> 0 | L73: =SUM(I73:K73) -> 0 | M73: =ROUND(H73*L73,2) -> 0 | O73: =IF(D73<>0,M73,"")
A74: M | C74: 02.01.03 | E74: =UPPER(IF($D74=0,"",IF($A74=4,_xlfn.XLOOKUP($D74,Mercado!$C:$C,Mercado!$E:$E),_xlfn.XLOOKUP($D74,Fontes!$B:$B,Fontes!$C:$C)))) | F74: EXECUÇÃO DE ESTACAS (GALPÃO) | I74: =IF($A74="M",_xlfn.XLOOKUP($D74,Mercado!$C:$C,Mercado!$I:$I),_xlfn.XLOOKUP($D74,Fontes!$B:$B,Fontes!$J:$J)) -> 0 | J74: =IF($A74="M",_xlfn.XLOOKUP($D74,Mercado!$C:$C,Mercado!$J:$J),_xlfn.XLOOKUP($D74,Fontes!$B:$B,Fontes!$H:$H)) -> 0 | K74: =IF($A74="M",0,_xlfn.XLOOKUP($D74,Fontes!$B:$B,Fontes!$I:$I)) -> 0 | L74: =SUM(I74:K74) -> 0 | M74: =SUBTOTAL(9,M75:M82) -> 147839.3 | O74: =IF(D74<>0,M74,"")
C75: 02.01.03.01 | D75: 12.12.010 | E75: =UPPER(IF($D75=0,"",IF($A75=4,_xlfn.XLOOKUP($D75,Mercado!$C:$C,Mercado!$E:$E),_xlfn.XLOOKUP($D75,Fontes!$B:$B,Fontes!$C:$C)))) -> CPOS/CDHU | F75: TAXA DE MOBILIZAÇÃO E DESMOBILIZAÇÃO DE EQUIPAMENTOS PARA EXECUÇÃO DE ESTACA TIPO HÉLICE CONTÍNUA EM SOLO | G75: =UPPER(IF($D75=0,"",IF($A75=4,_xlfn.XLOOKUP($D75,Mercado!$C:$C,Mercado!$G:$G),_xlfn.XLOOKUP($D75,Fontes!$B:$B,Fontes!$E:$E)))) -> TX | H75: 1 | I75: =IF($A75="M",_xlfn.XLOOKUP($D75,Mercado!$C:$C,Mercado!$I:$I),_xlfn.XLOOKUP($D75,Fontes!$B:$B,Fontes!$J:$J)) -> 43853.17 | J75: =IF($A75="M",_xlfn.XLOOKUP($D75,Mercado!$C:$C,Mercado!$J:$J),_xlfn.XLOOKUP($D75,Fontes!$B:$B,Fontes!$H:$H)) -> 0 | K75: =IF($A75="M",0,_xlfn.XLOOKUP($D75,Fontes!$B:$B,Fontes!$I:$I)) -> 0 | L75: =SUM(I75:K75) -> 43853.17 | M75: =ROUND(H75*L75,2) -> 43853.17 | O75: =IF(D75<>0,M75,"") -> 43853.17
C76: 02.01.03.02 | D76: FUN-HEL-020 | E76: =UPPER(IF($D76=0,"",IF($A76=4,_xlfn.XLOOKUP($D76,Mercado!$C:$C,Mercado!$E:$E),_xlfn.XLOOKUP($D76,Fontes!$B:$B,Fontes!$C:$C)))) -> SETOP | F76: EXECUÇÃO DE ESTACA TIPO HÉLICE CONTÍNUA D = 600 MM, EXCETO CONCRETO | G76: =UPPER(IF($D76=0,"",IF($A76=4,_xlfn.XLOOKUP($D76,Mercado!$C:$C,Mercado!$G:$G),_xlfn.XLOOKUP($D76,Fontes!$B:$B,Fontes!$E:$E)))) -> M | H76: 243 | I76: =IF($A76="M",_xlfn.XLOOKUP($D76,Mercado!$C:$C,Mercado!$I:$I),_xlfn.XLOOKUP($D76,Fontes!$B:$B,Fontes!$J:$J)) -> 77.64 | J76: =IF($A76="M",_xlfn.XLOOKUP($D76,Mercado!$C:$C,Mercado!$J:$J),_xlfn.XLOOKUP($D76,Fontes!$B:$B,Fontes!$H:$H)) -> 0 | K76: =IF($A76="M",0,_xlfn.XLOOKUP($D76,Fontes!$B:$B,Fontes!$I:$I)) -> 0 | L76: =SUM(I76:K76) -> 77.64 | M76: =ROUND(H76*L76,2) -> 18866.52 | O76: =IF(D76<>0,M76,"") -> 18866.52
C77: 02.01.03.03 | D77: 96545 | E77: =UPPER(IF($D77=0,"",IF($A77=4,_xlfn.XLOOKUP($D77,Mercado!$C:$C,Mercado!$E:$E),_xlfn.XLOOKUP($D77,Fontes!$B:$B,Fontes!$C:$C)))) -> SINAPI | F77: ARMAÇÃO DE BLOCO, VIGA BALDRAME OU SAPATA UTILIZANDO AÇO CA-50 DE 8 MM - MONTAGEM. AF_06/2017 | G77: =UPPER(IF($D77=0,"",IF($A77=4,_xlfn.XLOOKUP($D77,Mercado!$C:$C,Mercado!$G:$G),_xlfn.XLOOKUP($D77,Fontes!$B:$B,Fontes!$E:$E)))) -> KG | H77: 513.76 | I77: =IF($A77="M",_xlfn.XLOOKUP($D77,Mercado!$C:$C,Mercado!$I:$I),_xlfn.XLOOKUP($D77,Fontes!$B:$B,Fontes!$J:$J)) -> 12.28 | J77: =IF($A77="M",_xlfn.XLOOKUP($D77,Mercado!$C:$C,Mercado!$J:$J),_xlfn.XLOOKUP($D77,Fontes!$B:$B,Fontes!$H:$H)) -> 6.5 | K77: =IF($A77="M",0,_xlfn.XLOOKUP($D77,Fontes!$B:$B,Fontes!$I:$I)) -> 0.48 | L77: =SUM(I77:K77) -> 19.26 | M77: =ROUND(H77*L77,2) -> 9895.02 | O77: =IF(D77<>0,M77,"") -> 9895.02
C78: 02.01.03.04 | D78: 96548 | E78: =UPPER(IF($D78=0,"",IF($A78=4,_xlfn.XLOOKUP($D78,Mercado!$C:$C,Mercado!$E:$E),_xlfn.XLOOKUP($D78,Fontes!$B:$B,Fontes!$C:$C)))) -> SINAPI | F78: ARMAÇÃO DE BLOCO, VIGA BALDRAME OU SAPATA UTILIZANDO AÇO CA-50 DE 16 MM - MONTAGEM. AF_06/2017 | G78: =UPPER(IF($D78=0,"",IF($A78=4,_xlfn.XLOOKUP($D78,Mercado!$C:$C,Mercado!$G:$G),_xlfn.XLOOKUP($D78,Fontes!$B:$B,Fontes!$E:$E)))) -> KG | H78: 2268.96 | I78: =IF($A78="M",_xlfn.XLOOKUP($D78,Mercado!$C:$C,Mercado!$I:$I),_xlfn.XLOOKUP($D78,Fontes!$B:$B,Fontes!$J:$J)) -> 9.1 | J78: =IF($A78="M",_xlfn.XLOOKUP($D78,Mercado!$C:$C,Mercado!$J:$J),_xlfn.XLOOKUP($D78,Fontes!$B:$B,Fontes!$H:$H)) -> 2.01 | K78: =IF($A78="M",0,_xlfn.XLOOKUP($D78,Fontes!$B:$B,Fontes!$I:$I)) -> 0.17 | L78: =SUM(I78:K78) -> 11.28 | M78: =ROUND(H78*L78,2) -> 25593.87 | O78: =IF(D78<>0,M78,"") -> 25593.87
C79: 02.01.03.05 | D79: 11.01.320 | E79: =UPPER(IF($D79=0,"",IF($A79=4,_xlfn.XLOOKUP($D79,Mercado!$C:$C,Mercado!$E:$E),_xlfn.XLOOKUP($D79,Fontes!$B:$B,Fontes!$C:$C)))) -> CPOS/CDHU | F79: CONCRETO USINADO, FCK = 30 MPA - PARA BOMBEAMENTO | G79: =UPPER(IF($D79=0,"",IF($A79=4,_xlfn.XLOOKUP($D79,Mercado!$C:$C,Mercado!$G:$G),_xlfn.XLOOKUP($D79,Fontes!$B:$B,Fontes!$E:$E)))) -> M³ | H79: 68.71 | I79: =IF($A79="M",_xlfn.XLOOKUP($D79,Mercado!$C:$C,Mercado!$I:$I),_xlfn.XLOOKUP($D79,Fontes!$B:$B,Fontes!$J:$J)) -> 598.42 | J79: =IF($A79="M",_xlfn.XLOOKUP($D79,Mercado!$C:$C,Mercado!$J:$J),_xlfn.XLOOKUP($D79,Fontes!$B:$B,Fontes!$H:$H)) -> 0 | K79: =IF($A79="M",0,_xlfn.XLOOKUP($D79,Fontes!$B:$B,Fontes!$I:$I)) -> 0 | L79: =SUM(I79:K79) -> 598.42 | M79: =ROUND(H79*L79,2) -> 41117.44 | O79: =IF(D79<>0,M79,"") -> 41117.44
C80: 02.01.03.06 | D80: 40387 | E80: =UPPER(IF($D80=0,"",IF($A80=4,_xlfn.XLOOKUP($D80,Mercado!$C:$C,Mercado!$E:$E),_xlfn.XLOOKUP($D80,Fontes!$B:$B,Fontes!$C:$C)))) -> SBC | F80: SERVICO BOMBEAMENTO CONCRETO USINADO ATE PECAS ESTRUTURAIS | G80: =UPPER(IF($D80=0,"",IF($A80=4,_xlfn.XLOOKUP($D80,Mercado!$C:$C,Mercado!$G:$G),_xlfn.XLOOKUP($D80,Fontes!$B:$B,Fontes!$E:$E)))) -> M³ | H80: 68.71 | I80: =IF($A80="M",_xlfn.XLOOKUP($D80,Mercado!$C:$C,Mercado!$I:$I),_xlfn.XLOOKUP($D80,Fontes!$B:$B,Fontes!$J:$J)) -> 83.78 | J80: =IF($A80="M",_xlfn.XLOOKUP($D80,Mercado!$C:$C,Mercado!$J:$J),_xlfn.XLOOKUP($D80,Fontes!$B:$B,Fontes!$H:$H)) -> 20.67 | K80: =IF($A80="M",0,_xlfn.XLOOKUP($D80,Fontes!$B:$B,Fontes!$I:$I)) -> 1.21 | L80: =SUM(I80:K80) -> 105.66 | M80: =ROUND(H80*L80,2) -> 7259.9 | O80: =IF(D80<>0,M80,"") -> 7259.9
C81: 02.01.03.07 | D81: 95602 | E81: =UPPER(IF($D81=0,"",IF($A81=4,_xlfn.XLOOKUP($D81,Mercado!$C:$C,Mercado!$E:$E),_xlfn.XLOOKUP($D81,Fontes!$B:$B,Fontes!$C:$C)))) -> SINAPI | F81: ARRASAMENTO MECANICO DE ESTACA DE CONCRETO ARMADO, DIAMETROS DE 41 CM A 60 CM. AF_05/2021 | G81: =UPPER(IF($D81=0,"",IF($A81=4,_xlfn.XLOOKUP($D81,Mercado!$C:$C,Mercado!$G:$G),_xlfn.XLOOKUP($D81,Fontes!$B:$B,Fontes!$E:$E)))) -> UN | H81: 29 | I81: =IF($A81="M",_xlfn.XLOOKUP($D81,Mercado!$C:$C,Mercado!$I:$I),_xlfn.XLOOKUP($D81,Fontes!$B:$B,Fontes!$J:$J)) -> 9.71 | J81: =IF($A81="M",_xlfn.XLOOKUP($D81,Mercado!$C:$C,Mercado!$J:$J),_xlfn.XLOOKUP($D81,Fontes!$B:$B,Fontes!$H:$H)) -> 30.74 | K81: =IF($A81="M",0,_xlfn.XLOOKUP($D81,Fontes!$B:$B,Fontes!$I:$I)) -> 2.77 | L81: =SUM(I81:K81) -> 43.22 | M81: =ROUND(H81*L81,2) -> 1253.38 | O81: =IF(D81<>0,M81,"") -> 1253.38
A82: M | E82: =UPPER(IF($D82=0,"",IF($A82=4,_xlfn.XLOOKUP($D82,Mercado!$C:$C,Mercado!$E:$E),_xlfn.XLOOKUP($D82,Fontes!$B:$B,Fontes!$C:$C)))) | I82: =IF($A82="M",_xlfn.XLOOKUP($D82,Mercado!$C:$C,Mercado!$I:$I),_xlfn.XLOOKUP($D82,Fontes!$B:$B,Fontes!$J:$J)) -> 0 | J82: =IF($A82="M",_xlfn.XLOOKUP($D82,Mercado!$C:$C,Mercado!$J:$J),_xlfn.XLOOKUP($D82,Fontes!$B:$B,Fontes!$H:$H)) -> 0 | K82: =IF($A82="M",0,_xlfn.XLOOKUP($D82,Fontes!$B:$B,Fontes!$I:$I)) -> 0 | L82: =SUM(I82:K82) -> 0 | M82: =ROUND(H82*L82,2) -> 0 | O82: =IF(D82<>0,M82,"")
A83: M | C83: 02.01.04 | E83: =UPPER(IF($D83=0,"",IF($A83=4,_xlfn.XLOOKUP($D83,Mercado!$C:$C,Mercado!$E:$E),_xlfn.XLOOKUP($D83,Fontes!$B:$B,Fontes!$C:$C)))) | F83: BLOCOS, SAPATAS E BALDRAMES | I83: =IF($A83="M",_xlfn.XLOOKUP($D83,Mercado!$C:$C,Mercado!$I:$I),_xlfn.XLOOKUP($D83,Fontes!$B:$B,Fontes!$J:$J)) -> 0 | J83: =IF($A83="M",_xlfn.XLOOKUP($D83,Mercado!$C:$C,Mercado!$J:$J),_xlfn.XLOOKUP($D83,Fontes!$B:$B,Fontes!$H:$H)) -> 0 | K83: =IF($A83="M",0,_xlfn.XLOOKUP($D83,Fontes!$B:$B,Fontes!$I:$I)) -> 0 | L83: =SUM(I83:K83) -> 0 | M83: =SUBTOTAL(9,M84:M96) -> 801011.67 | O83: =IF(D83<>0,M83,"")
C84: 02.01.04.01 | D84: 96616 | E84: =UPPER(IF($D84=0,"",IF($A84=4,_xlfn.XLOOKUP($D84,Mercado!$C:$C,Mercado!$E:$E),_xlfn.XLOOKUP($D84,Fontes!$B:$B,Fontes!$C:$C)))) -> SINAPI | F84: LASTRO DE CONCRETO MAGRO, APLICADO EM BLOCOS DE COROAMENTO OU SAPATAS. AF_08/2017 | G84: =UPPER(IF($D84=0,"",IF($A84=4,_xlfn.XLOOKUP($D84,Mercado!$C:$C,Mercado!$G:$G),_xlfn.XLOOKUP($D84,Fontes!$B:$B,Fontes!$E:$E)))) -> M³ | H84: 22.04 | I84: =IF($A84="M",_xlfn.XLOOKUP($D84,Mercado!$C:$C,Mercado!$I:$I),_xlfn.XLOOKUP($D84,Fontes!$B:$B,Fontes!$J:$J)) -> 556.25 | J84: =IF($A84="M",_xlfn.XLOOKUP($D84,Mercado!$C:$C,Mercado!$J:$J),_xlfn.XLOOKUP($D84,Fontes!$B:$B,Fontes!$H:$H)) -> 383.38 | K84: =IF($A84="M",0,_xlfn.XLOOKUP($D84,Fontes!$B:$B,Fontes!$I:$I)) -> 35.51 | L84: =SUM(I84:K84) -> 975.14 | M84: =ROUND(H84*L84,2) -> 21492.09 | O84: =IF(D84<>0,M84,"") -> 21492.09
C85: 02.01.04.02 | D85: 7582 | E85: =UPPER(IF($D85=0,"",IF($A85=4,_xlfn.XLOOKUP($D85,Mercado!$C:$C,Mercado!$E:$E),_xlfn.XLOOKUP($D85,Fontes!$B:$B,Fontes!$C:$C)))) -> ORSE | F85: FORMA PLANA PARA SAPATAS, EM MADEIRA MACIÇA, 02 USOS, INCLUSIVE ESCORAMENTO | G85: =UPPER(IF($D85=0,"",IF($A85=4,_xlfn.XLOOKUP($D85,Mercado!$C:$C,Mercado!$G:$G),_xlfn.XLOOKUP($D85,Fontes!$B:$B,Fontes!$E:$E)))) -> M² | H85: 898.48 | I85: =IF($A85="M",_xlfn.XLOOKUP($D85,Mercado!$C:$C,Mercado!$I:$I),_xlfn.XLOOKUP($D85,Fontes!$B:$B,Fontes!$J:$J)) -> 69.89 | J85: =IF($A85="M",_xlfn.XLOOKUP($D85,Mercado!$C:$C,Mercado!$J:$J),_xlfn.XLOOKUP($D85,Fontes!$B:$B,Fontes!$H:$H)) -> 32.17 | K85: =IF($A85="M",0,_xlfn.XLOOKUP($D85,Fontes!$B:$B,Fontes!$I:$I)) -> 0.16 | L85: =SUM(I85:K85) -> 102.22 | M85: =ROUND(H85*L85,2) -> 91842.63 | O85: =IF(D85<>0,M85,"") -> 91842.63
C86: 02.01.04.03 | D86: 96544 | E86: =UPPER(IF($D86=0,"",IF($A86=4,_xlfn.XLOOKUP($D86,Mercado!$C:$C,Mercado!$E:$E),_xlfn.XLOOKUP($D86,Fontes!$B:$B,Fontes!$C:$C)))) -> SINAPI | F86: ARMAÇÃO DE BLOCO, VIGA BALDRAME OU SAPATA UTILIZANDO AÇO CA-50 DE 6,3 MM - MONTAGEM. AF_06/2017 | G86: =UPPER(IF($D86=0,"",IF($A86=4,_xlfn.XLOOKUP($D86,Mercado!$C:$C,Mercado!$G:$G),_xlfn.XLOOKUP($D86,Fontes!$B:$B,Fontes!$E:$E)))) -> KG | H86: 1191 | I86: =IF($A86="M",_xlfn.XLOOKUP($D86,Mercado!$C:$C,Mercado!$I:$I),_xlfn.XLOOKUP($D86,Fontes!$B:$B,Fontes!$J:$J)) -> 12.59 | J86: =IF($A86="M",_xlfn.XLOOKUP($D86,Mercado!$C:$C,Mercado!$J:$J),_xlfn.XLOOKUP($D86,Fontes!$B:$B,Fontes!$H:$H)) -> 8.85 | K86: =IF($A86="M",0,_xlfn.XLOOKUP($D86,Fontes!$B:$B,Fontes!$I:$I)) -> 0.64 | L86: =SUM(I86:K86) -> 22.08 | M86: =ROUND(H86*L86,2) -> 26297.28 | O86: =IF(D86<>0,M86,"") -> 26297.28
C87: 02.01.04.04 | D87: 96545 | E87: =UPPER(IF($D87=0,"",IF($A87=4,_xlfn.XLOOKUP($D87,Mercado!$C:$C,Mercado!$E:$E),_xlfn.XLOOKUP($D87,Fontes!$B:$B,Fontes!$C:$C)))) -> SINAPI | F87: ARMAÇÃO DE BLOCO, VIGA BALDRAME OU SAPATA UTILIZANDO AÇO CA-50 DE 8 MM - MONTAGEM. AF_06/2017 | G87: =UPPER(IF($D87=0,"",IF($A87=4,_xlfn.XLOOKUP($D87,Mercado!$C:$C,Mercado!$G:$G),_xlfn.XLOOKUP($D87,Fontes!$B:$B,Fontes!$E:$E)))) -> KG | H87: 43 | I87: =IF($A87="M",_xlfn.XLOOKUP($D87,Mercado!$C:$C,Mercado!$I:$I),_xlfn.XLOOKUP($D87,Fontes!$B:$B,Fontes!$J:$J)) -> 12.28 | J87: =IF($A87="M",_xlfn.XLOOKUP($D87,Mercado!$C:$C,Mercado!$J:$J),_xlfn.XLOOKUP($D87,Fontes!$B:$B,Fontes!$H:$H)) -> 6.5 | K87: =IF($A87="M",0,_xlfn.XLOOKUP($D87,Fontes!$B:$B,Fontes!$I:$I)) -> 0.48 | L87: =SUM(I87:K87) -> 19.26 | M87: =ROUND(H87*L87,2) -> 828.18 | O87: =IF(D87<>0,M87,"") -> 828.18
C88: 02.01.04.05 | D88: 96546 | E88: =UPPER(IF($D88=0,"",IF($A88=4,_xlfn.XLOOKUP($D88,Mercado!$C:$C,Mercado!$E:$E),_xlfn.XLOOKUP($D88,Fontes!$B:$B,Fontes!$C:$C)))) -> SINAPI | F88: ARMAÇÃO DE BLOCO, VIGA BALDRAME OU SAPATA UTILIZANDO AÇO CA-50 DE 10 MM - MONTAGEM. AF_06/2017 | G88: =UPPER(IF($D88=0,"",IF($A88=4,_xlfn.XLOOKUP($D88,Mercado!$C:$C,Mercado!$G:$G),_xlfn.XLOOKUP($D88,Fontes!$B:$B,Fontes!$E:$E)))) -> KG | H88: 3609 | I88: =IF($A88="M",_xlfn.XLOOKUP($D88,Mercado!$C:$C,Mercado!$I:$I),_xlfn.XLOOKUP($D88,Fontes!$B:$B,Fontes!$J:$J)) -> 11.23 | J88: =IF($A88="M",_xlfn.XLOOKUP($D88,Mercado!$C:$C,Mercado!$J:$J),_xlfn.XLOOKUP($D88,Fontes!$B:$B,Fontes!$H:$H)) -> 4.9 | K88: =IF($A88="M",0,_xlfn.XLOOKUP($D88,Fontes!$B:$B,Fontes!$I:$I)) -> 0.37 | L88: =SUM(I88:K88) -> 16.5 | M88: =ROUND(H88*L88,2) -> 59548.5 | O88: =IF(D88<>0,M88,"") -> 59548.5
C89: 02.01.04.06 | D89: 96547 | E89: =UPPER(IF($D89=0,"",IF($A89=4,_xlfn.XLOOKUP($D89,Mercado!$C:$C,Mercado!$E:$E),_xlfn.XLOOKUP($D89,Fontes!$B:$B,Fontes!$C:$C)))) -> SINAPI | F89: ARMAÇÃO DE BLOCO, VIGA BALDRAME OU SAPATA UTILIZANDO AÇO CA-50 DE 12,5 MM - MONTAGEM. AF_06/2017 | G89: =UPPER(IF($D89=0,"",IF($A89=4,_xlfn.XLOOKUP($D89,Mercado!$C:$C,Mercado!$G:$G),_xlfn.XLOOKUP($D89,Fontes!$B:$B,Fontes!$E:$E)))) -> KG | H89: 3439 | I89: =IF($A89="M",_xlfn.XLOOKUP($D89,Mercado!$C:$C,Mercado!$I:$I),_xlfn.XLOOKUP($D89,Fontes!$B:$B,Fontes!$J:$J)) -> 9.38 | J89: =IF($A89="M",_xlfn.XLOOKUP($D89,Mercado!$C:$C,Mercado!$J:$J),_xlfn.XLOOKUP($D89,Fontes!$B:$B,Fontes!$H:$H)) -> 2.83 | K89: =IF($A89="M",0,_xlfn.XLOOKUP($D89,Fontes!$B:$B,Fontes!$I:$I)) -> 0.23 | L89: =SUM(I89:K89) -> 12.44 | M89: =ROUND(H89*L89,2) -> 42781.16 | O89: =IF(D89<>0,M89,"") -> 42781.16
C90: 02.01.04.07 | D90: 96548 | E90: =UPPER(IF($D90=0,"",IF($A90=4,_xlfn.XLOOKUP($D90,Mercado!$C:$C,Mercado!$E:$E),_xlfn.XLOOKUP($D90,Fontes!$B:$B,Fontes!$C:$C)))) -> SINAPI | F90: ARMAÇÃO DE BLOCO, VIGA BALDRAME OU SAPATA UTILIZANDO AÇO CA-50 DE 16 MM - MONTAGEM. AF_06/2017 | G90: =UPPER(IF($D90=0,"",IF($A90=4,_xlfn.XLOOKUP($D90,Mercado!$C:$C,Mercado!$G:$G),_xlfn.XLOOKUP($D90,Fontes!$B:$B,Fontes!$E:$E)))) -> KG | H90: 7661 | I90: =IF($A90="M",_xlfn.XLOOKUP($D90,Mercado!$C:$C,Mercado!$I:$I),_xlfn.XLOOKUP($D90,Fontes!$B:$B,Fontes!$J:$J)) -> 9.1 | J90: =IF($A90="M",_xlfn.XLOOKUP($D90,Mercado!$C:$C,Mercado!$J:$J),_xlfn.XLOOKUP($D90,Fontes!$B:$B,Fontes!$H:$H)) -> 2.01 | K90: =IF($A90="M",0,_xlfn.XLOOKUP($D90,Fontes!$B:$B,Fontes!$I:$I)) -> 0.17 | L90: =SUM(I90:K90) -> 11.28 | M90: =ROUND(H90*L90,2) -> 86416.08 | O90: =IF(D90<>0,M90,"") -> 86416.08
C91: 02.01.04.08 | D91: 96549 | E91: =UPPER(IF($D91=0,"",IF($A91=4,_xlfn.XLOOKUP($D91,Mercado!$C:$C,Mercado!$E:$E),_xlfn.XLOOKUP($D91,Fontes!$B:$B,Fontes!$C:$C)))) -> SINAPI | F91: ARMAÇÃO DE BLOCO, VIGA BALDRAME OU SAPATA UTILIZANDO AÇO CA-50 DE 20 MM - MONTAGEM. AF_06/2017 | G91: =UPPER(IF($D91=0,"",IF($A91=4,_xlfn.XLOOKUP($D91,Mercado!$C:$C,Mercado!$G:$G),_xlfn.XLOOKUP($D91,Fontes!$B:$B,Fontes!$E:$E)))) -> KG | H91: 12385 | I91: =IF($A91="M",_xlfn.XLOOKUP($D91,Mercado!$C:$C,Mercado!$I:$I),_xlfn.XLOOKUP($D91,Fontes!$B:$B,Fontes!$J:$J)) -> 10.42 | J91: =IF($A91="M",_xlfn.XLOOKUP($D91,Mercado!$C:$C,Mercado!$J:$J),_xlfn.XLOOKUP($D91,Fontes!$B:$B,Fontes!$H:$H)) -> 1.46 | K91: =IF($A91="M",0,_xlfn.XLOOKUP($D91,Fontes!$B:$B,Fontes!$I:$I)) -> 0.12 | L91: =SUM(I91:K91) -> 12 | M91: =ROUND(H91*L91,2) -> 148620 | O91: =IF(D91<>0,M91,"") -> 148620
C92: 02.01.04.09 | D92: 11.01.320 | E92: =UPPER(IF($D92=0,"",IF($A92=4,_xlfn.XLOOKUP($D92,Mercado!$C:$C,Mercado!$E:$E),_xlfn.XLOOKUP($D92,Fontes!$B:$B,Fontes!$C:$C)))) -> CPOS/CDHU | F92: CONCRETO USINADO, FCK = 30 MPA - PARA BOMBEAMENTO | G92: =UPPER(IF($D92=0,"",IF($A92=4,_xlfn.XLOOKUP($D92,Mercado!$C:$C,Mercado!$G:$G),_xlfn.XLOOKUP($D92,Fontes!$B:$B,Fontes!$E:$E)))) -> M³ | H92: 388.54 | I92: =IF($A92="M",_xlfn.XLOOKUP($D92,Mercado!$C:$C,Mercado!$I:$I),_xlfn.XLOOKUP($D92,Fontes!$B:$B,Fontes!$J:$J)) -> 598.42 | J92: =IF($A92="M",_xlfn.XLOOKUP($D92,Mercado!$C:$C,Mercado!$J:$J),_xlfn.XLOOKUP($D92,Fontes!$B:$B,Fontes!$H:$H)) -> 0 | K92: =IF($A92="M",0,_xlfn.XLOOKUP($D92,Fontes!$B:$B,Fontes!$I:$I)) -> 0 | L92: =SUM(I92:K92) -> 598.42 | M92: =ROUND(H92*L92,2) -> 232510.11 | O92: =IF(D92<>0,M92,"") -> 232510.11
C93: 02.01.04.10 | D93: 90285 | E93: =UPPER(IF($D93=0,"",IF($A93=4,_xlfn.XLOOKUP($D93,Mercado!$C:$C,Mercado!$E:$E),_xlfn.XLOOKUP($D93,Fontes!$B:$B,Fontes!$C:$C)))) -> SINAPI | F93: GRAUTE FGK=30 MPA; TRAÇO 1:0,9:1,2:0,6 (EM MASSA SECA DE CIMENTO/ AREIA GROSSA/ BRITA 0/ ADITIVO) - PREPARO MECÂNICO COM BETONEIRA 400 L. AF_09/2021 | G93: =UPPER(IF($D93=0,"",IF($A93=4,_xlfn.XLOOKUP($D93,Mercado!$C:$C,Mercado!$G:$G),_xlfn.XLOOKUP($D93,Fontes!$B:$B,Fontes!$E:$E)))) -> M³ | H93: 6.6 | I93: =IF($A93="M",_xlfn.XLOOKUP($D93,Mercado!$C:$C,Mercado!$I:$I),_xlfn.XLOOKUP($D93,Fontes!$B:$B,Fontes!$J:$J)) -> 666.94 | J93: =IF($A93="M",_xlfn.XLOOKUP($D93,Mercado!$C:$C,Mercado!$J:$J),_xlfn.XLOOKUP($D93,Fontes!$B:$B,Fontes!$H:$H)) -> 93.16 | K93: =IF($A93="M",0,_xlfn.XLOOKUP($D93,Fontes!$B:$B,Fontes!$I:$I)) -> 8.48 | L93: =SUM(I93:K93) -> 768.58 | M93: =ROUND(H93*L93,2) -> 5072.63 | O93: =IF(D93<>0,M93,"") -> 5072.63
C94: 02.01.04.11 | D94: 11.16.040 | E94: =UPPER(IF($D94=0,"",IF($A94=4,_xlfn.XLOOKUP($D94,Mercado!$C:$C,Mercado!$E:$E),_xlfn.XLOOKUP($D94,Fontes!$B:$B,Fontes!$C:$C)))) -> CPOS/CDHU | F94: LANÇAMENTO E ADENSAMENTO DE CONCRETO OU MASSA EM FUNDAÇÃO | G94: =UPPER(IF($D94=0,"",IF($A94=4,_xlfn.XLOOKUP($D94,Mercado!$C:$C,Mercado!$G:$G),_xlfn.XLOOKUP($D94,Fontes!$B:$B,Fontes!$E:$E)))) -> M³ | H94: =+H92 -> 388.54 | I94: =IF($A94="M",_xlfn.XLOOKUP($D94,Mercado!$C:$C,Mercado!$I:$I),_xlfn.XLOOKUP($D94,Fontes!$B:$B,Fontes!$J:$J)) -> 0 | J94: =IF($A94="M",_xlfn.XLOOKUP($D94,Mercado!$C:$C,Mercado!$J:$J),_xlfn.XLOOKUP($D94,Fontes!$B:$B,Fontes!$H:$H)) -> 191.54 | K94: =IF($A94="M",0,_xlfn.XLOOKUP($D94,Fontes!$B:$B,Fontes!$I:$I)) -> 0 | L94: =SUM(I94:K94) -> 191.54 | M94: =ROUND(H94*L94,2) -> 74420.95 | O94: =IF(D94<>0,M94,"") -> 74420.95
C95: 02.01.04.12 | D95: 97089 | E95: =UPPER(IF($D95=0,"",IF($A95=4,_xlfn.XLOOKUP($D95,Mercado!$C:$C,Mercado!$E:$E),_xlfn.XLOOKUP($D95,Fontes!$B:$B,Fontes!$C:$C)))) -> SINAPI | F95: ARMAÇÃO PARA EXECUÇÃO DE RADIER, PISO DE CONCRETO OU LAJE SOBRE SOLO, COM USO DE TELA Q-113. AF_09/2021 | G95: M3 | H95: 818 | I95: =IF($A95="M",_xlfn.XLOOKUP($D95,Mercado!$C:$C,Mercado!$I:$I),_xlfn.XLOOKUP($D95,Fontes!$B:$B,Fontes!$J:$J)) -> 12.15 | J95: =IF($A95="M",_xlfn.XLOOKUP($D95,Mercado!$C:$C,Mercado!$J:$J),_xlfn.XLOOKUP($D95,Fontes!$B:$B,Fontes!$H:$H)) -> 1.41 | K95: =IF($A95="M",0,_xlfn.XLOOKUP($D95,Fontes!$B:$B,Fontes!$I:$I)) -> 0.11 | L95: =SUM(I95:K95) -> 13.67 | M95: =ROUND(H95*L95,2) -> 11182.06 | O95: =IF(D95<>0,M95,"") -> 11182.06
A96: M | E96: =UPPER(IF($D96=0,"",IF($A96=4,_xlfn.XLOOKUP($D96,Mercado!$C:$C,Mercado!$E:$E),_xlfn.XLOOKUP($D96,Fontes!$B:$B,Fontes!$C:$C)))) | I96: =IF($A96="M",_xlfn.XLOOKUP($D96,Mercado!$C:$C,Mercado!$I:$I),_xlfn.XLOOKUP($D96,Fontes!$B:$B,Fontes!$J:$J)) -> 0 | J96: =IF($A96="M",_xlfn.XLOOKUP($D96,Mercado!$C:$C,Mercado!$J:$J),_xlfn.XLOOKUP($D96,Fontes!$B:$B,Fontes!$H:$H)) -> 0 | K96: =IF($A96="M",0,_xlfn.XLOOKUP($D96,Fontes!$B:$B,Fontes!$I:$I)) -> 0 | L96: =SUM(I96:K96) -> 0 | M96: =ROUND(H96*L96,2) -> 0 | O96: =IF(D96<>0,M96,"")
A97: M | C97: 02.01.05 | E97: =UPPER(IF($D97=0,"",IF($A97=4,_xlfn.XLOOKUP($D97,Mercado!$C:$C,Mercado!$E:$E),_xlfn.XLOOKUP($D97,Fontes!$B:$B,Fontes!$C:$C)))) | F97: PAREDES DE CONTENÇÃO | I97: =IF($A97="M",_xlfn.XLOOKUP($D97,Mercado!$C:$C,Mercado!$I:$I),_xlfn.XLOOKUP($D97,Fontes!$B:$B,Fontes!$J:$J)) -> 0 | J97: =IF($A97="M",_xlfn.XLOOKUP($D97,Mercado!$C:$C,Mercado!$J:$J),_xlfn.XLOOKUP($D97,Fontes!$B:$B,Fontes!$H:$H)) -> 0 | K97: =IF($A97="M",0,_xlfn.XLOOKUP($D97,Fontes!$B:$B,Fontes!$I:$I)) -> 0 | L97: =SUM(I97:K97) -> 0 | M97: =SUBTOTAL(9,M98:M109) -> 469761.38 | O97: =IF(D97<>0,M97,"")
C98: 02.01.05.01 | D98: 100890 | E98: =UPPER(IF($D98=0,"",IF($A98=4,_xlfn.XLOOKUP($D98,Mercado!$C:$C,Mercado!$E:$E),_xlfn.XLOOKUP($D98,Fontes!$B:$B,Fontes!$C:$C)))) -> SINAPI | F98: ESTACA METÁLICA PARA FUNDAÇÃO, UTILIZANDO PERFIL LAMINADO W310X38,7 + W200X46,10 (EXCLUSIVE MOBILIZAÇÃO E DESMOBILIZAÇÃO). AF_01/2020 | G98: =UPPER(IF($D98=0,"",IF($A98=4,_xlfn.XLOOKUP($D98,Mercado!$C:$C,Mercado!$G:$G),_xlfn.XLOOKUP($D98,Fontes!$B:$B,Fontes!$E:$E)))) -> KG | H98: 12170.4 | I98: =IF($A98="M",_xlfn.XLOOKUP($D98,Mercado!$C:$C,Mercado!$I:$I),_xlfn.XLOOKUP($D98,Fontes!$B:$B,Fontes!$J:$J)) -> 11.41 | J98: =IF($A98="M",_xlfn.XLOOKUP($D98,Mercado!$C:$C,Mercado!$J:$J),_xlfn.XLOOKUP($D98,Fontes!$B:$B,Fontes!$H:$H)) -> 0.52 | K98: =IF($A98="M",0,_xlfn.XLOOKUP($D98,Fontes!$B:$B,Fontes!$I:$I)) -> 0.17 | L98: =SUM(I98:K98) -> 12.1 | M98: =ROUND(H98*L98,2) -> 147261.84 | O98: =IF(D98<>0,M98,"") -> 147261.84
C99: 02.01.05.02 | D99: 02.02.118 | E99: =UPPER(IF($D99=0,"",IF($A99=4,_xlfn.XLOOKUP($D99,Mercado!$C:$C,Mercado!$E:$E),_xlfn.XLOOKUP($D99,Fontes!$B:$B,Fontes!$C:$C)))) -> FDE | F99: ESTACA RAIZ DIÂMETRO 410MM | G99: M | H99: 256 | I99: =IF($A99="M",_xlfn.XLOOKUP($D99,Mercado!$C:$C,Mercado!$I:$I),_xlfn.XLOOKUP($D99,Fontes!$B:$B,Fontes!$J:$J)) -> 617.09 | J99: =IF($A99="M",_xlfn.XLOOKUP($D99,Mercado!$C:$C,Mercado!$J:$J),_xlfn.XLOOKUP($D99,Fontes!$B:$B,Fontes!$H:$H)) -> 9.16 | K99: =IF($A99="M",0,_xlfn.XLOOKUP($D99,Fontes!$B:$B,Fontes!$I:$I)) -> 0 | L99: =SUM(I99:K99) -> 626.25 | M99: =ROUND(H99*L99,2) -> 160320 | O99: =IF(D99<>0,M99,"") -> 160320
C100: 02.01.05.03 | D100: 31085 | E100: =UPPER(IF($D100=0,"",IF($A100=4,_xlfn.XLOOKUP($D100,Mercado!$C:$C,Mercado!$E:$E),_xlfn.XLOOKUP($D100,Fontes!$B:$B,Fontes!$C:$C)))) -> SBC | F100: EMENDA EM ESTACA TRILHO TR-32 A TR-68 KGF/M | G100: =UPPER(IF($D100=0,"",IF($A100=4,_xlfn.XLOOKUP($D100,Mercado!$C:$C,Mercado!$G:$G),_xlfn.XLOOKUP($D100,Fontes!$B:$B,Fontes!$E:$E)))) -> UN | H100: 10 | I100: =IF($A100="M",_xlfn.XLOOKUP($D100,Mercado!$C:$C,Mercado!$I:$I),_xlfn.XLOOKUP($D100,Fontes!$B:$B,Fontes!$J:$J)) -> 56.21 | J100: =IF($A100="M",_xlfn.XLOOKUP($D100,Mercado!$C:$C,Mercado!$J:$J),_xlfn.XLOOKUP($D100,Fontes!$B:$B,Fontes!$H:$H)) -> 46.3 | K100: =IF($A100="M",0,_xlfn.XLOOKUP($D100,Fontes!$B:$B,Fontes!$I:$I)) -> 0 | L100: =SUM(I100:K100) -> 102.51 | M100: =ROUND(H100*L100,2) -> 1025.1 | O100: =IF(D100<>0,M100,"") -> 1025.1
C101: 02.01.05.04 | D101: 20711 | E101: =UPPER(IF($D101=0,"",IF($A101=4,_xlfn.XLOOKUP($D101,Mercado!$C:$C,Mercado!$E:$E),_xlfn.XLOOKUP($D101,Fontes!$B:$B,Fontes!$C:$C)))) -> SBC | F101: CORTE DE TRILHOS DE ACO TR-37KGF/M COM ELETRODOS ELETRICOS | G101: =UPPER(IF($D101=0,"",IF($A101=4,_xlfn.XLOOKUP($D101,Mercado!$C:$C,Mercado!$G:$G),_xlfn.XLOOKUP($D101,Fontes!$B:$B,Fontes!$E:$E)))) -> M | H101: 22 | I101: =IF($A101="M",_xlfn.XLOOKUP($D101,Mercado!$C:$C,Mercado!$I:$I),_xlfn.XLOOKUP($D101,Fontes!$B:$B,Fontes!$J:$J)) -> 14.62 | J101: =IF($A101="M",_xlfn.XLOOKUP($D101,Mercado!$C:$C,Mercado!$J:$J),_xlfn.XLOOKUP($D101,Fontes!$B:$B,Fontes!$H:$H)) -> 2.72 | K101: =IF($A101="M",0,_xlfn.XLOOKUP($D101,Fontes!$B:$B,Fontes!$I:$I)) -> 0 | L101: =SUM(I101:K101) -> 17.34 | M101: =ROUND(H101*L101,2) -> 381.48 | O101: =IF(D101<>0,M101,"") -> 381.48
C102: 02.01.05.05 | D102: 03.03.085 | E102: =UPPER(IF($D102=0,"",IF($A102=4,_xlfn.XLOOKUP($D102,Mercado!$C:$C,Mercado!$E:$E),_xlfn.XLOOKUP($D102,Fontes!$B:$B,Fontes!$C:$C)))) -> FDE | F102: LAJE PRE-FABRICADA PRE-LAJE TRELICADA UNIDIR C/ EPS PLT20-100KGF/M2 | G102: =UPPER(IF($D102=0,"",IF($A102=4,_xlfn.XLOOKUP($D102,Mercado!$C:$C,Mercado!$G:$G),_xlfn.XLOOKUP($D102,Fontes!$B:$B,Fontes!$E:$E)))) -> M² | H102: 371.71 | I102: =IF($A102="M",_xlfn.XLOOKUP($D102,Mercado!$C:$C,Mercado!$I:$I),_xlfn.XLOOKUP($D102,Fontes!$B:$B,Fontes!$J:$J)) -> 214.07 | J102: =IF($A102="M",_xlfn.XLOOKUP($D102,Mercado!$C:$C,Mercado!$J:$J),_xlfn.XLOOKUP($D102,Fontes!$B:$B,Fontes!$H:$H)) -> 59.01 | K102: =IF($A102="M",0,_xlfn.XLOOKUP($D102,Fontes!$B:$B,Fontes!$I:$I)) -> 29.16 | L102: =SUM(I102:K102) -> 302.24 | M102: =ROUND(H102*L102,2) -> 112345.63 | O102: =IF(D102<>0,M102,"") -> 112345.63
...

Sheet Fontes
D1: Obra | E1: Bancos | H1: B.D.I. | K1: Encargos Sociais
D2: 098 - Litoteka Urca - RJ - R-03 - 2026 | E2: SINAPI - 05/2026 - Rio de Janeiro SBC - 06/2026 - Rio de Janeiro ORSE - 04/2026 - Sergipe SEDOP - 03/2026 - Pará SETOP - 04/2026 - Minas Gerais IOPES - 04/2026 - Espírito Santo SIURB - 01/2026 - São Paulo SUDECAP - 04/2026 - Minas Gerais CPOS/CDHU - 04/2026 - São Paulo FDE - 04/2026 - São Paulo AGETOP CIVIL - 04/2026 - Goiás EMBASA - 06/2025 - Bahia EMOP - 05/2026 - Rio de Janeiro SCO - 06/2026 - Rio de Janeiro | H2: 0,0% | K2: Não Desonerado: 0,00%
A3: Planilha Orçamentária Sintética Com Valor do Material, Mão de Obra e Equipamento
A4: Item | B4: Código | C4: Banco | D4: Descrição | E4: Und | F4: Quant. | G4: Valor Unit | H4: Valor Unit com BDI | L4: Total | P4: Peso (%)
H5: M. O. | I5: EQ. | J5: MAT. | K5: Total | L5: M. O. | M5: EQ. | N5: MAT. | O5: Total
A6: 1 | B6: 93567 | C6: SINAPI | D6: ENGENHEIRO CIVIL DE OBRA PLENO COM ENCARGOS COMPLEMENTARES | E6: MES | F6: 1 | G6: 28769.19 | H6: 27549.86 | I6: 184.85 | J6: 1034.48 | K6: 28769.19 | L6: 27549.86 | M6: 184.85 | N6: 1034.48 | O6: 28769.19 | P6: 0.049477129
A7: 2 | B7: ED-21772 | C7: SETOP | D7: ENGENHEIRO ELETRICISTA/MECÂNICO COM ENCARGOS COMPLEMENTARES | E7: mês | F7: 1 | G7: 24788.99 | H7: 23951.34 | I7: 0 | J7: 837.65 | K7: 24788.99 | L7: 23951.34 | M7: 0 | N7: 837.65 | O7: 24788.99 | P7: 0.042631998
A8: 3 | B8: 101390 | C8: SINAPI | D8: AUXILIAR TÉCNICO / ASSISTENTE DE ENGENHARIA COM ENCARGOS COMPLEMENTARES | E8: MES | F8: 1 | G8: 8554.41 | H8: 7045.58 | I8: 184.85 | J8: 1323.98 | K8: 8554.41 | L8: 7045.58 | M8: 184.85 | N8: 1323.98 | O8: 8554.41 | P8: 0.014711837
A9: 4 | B9: 100534 | C9: SINAPI | D9: TECNICO DE EDIFICACOES COM ENCARGOS COMPLEMENTARES | E9: MES | F9: 1 | G9: 5464.76 | H9: 3984.31 | I9: 156.47 | J9: 1323.98 | K9: 5464.76 | L9: 3984.31 | M9: 156.47 | N9: 1323.98 | O9: 5464.76 | P9: 0.0093982707
A10: 5 | B10: 94295 | C10: SINAPI | D10: MESTRE DE OBRAS COM ENCARGOS COMPLEMENTARES | E10: MES | F10: 1 | G10: 13625.29 | H10: 12031.26 | I10: 270.05 | J10: 1323.98 | K10: 13625.29 | L10: 12031.26 | M10: 270.05 | N10: 1323.98 | O10: 13625.29 | P10: 0.023432715
A11: 6 | B11: 93572 | C11: SINAPI | D11: ENCARREGADO GERAL DE OBRAS COM ENCARGOS COMPLEMENTARES | E11: MES | F11: 1 | G11: 10350.52 | H11: 8756.49 | I11: 270.05 | J11: 1323.98 | K11: 10350.52 | L11: 8756.49 | M11: 270.05 | N11: 1323.98 | O11: 10350.52 | P11: 0.01780078
A12: 7 | B12: 100309 | C12: SINAPI | D12: TÉCNICO EM SEGURANÇA DO TRABALHO COM ENCARGOS COMPLEMENTARES | E12: H | F12: 1 | G12: 57.42 | H12: 48.64 | I12: 0.92 | J12: 7.86 | K12: 57.42 | L12: 48.64 | M12: 0.92 | N12: 7.86 | O12: 57.42 | P12: 9.8750668e-05
A13: 8 | B13: 100534 | C13: SINAPI | D13: TECNICO DE EDIFICACOES COM ENCARGOS COMPLEMENTARES | E13: MES | F13: 1 | G13: 5464.76 | H13: 3984.31 | I13: 156.47 | J13: 1323.98 | K13: 5464.76 | L13: 3984.31 | M13: 156.47 | N13: 1323.98 | O13: 5464.76 | P13: 0.0093982707
A14: 9 | B14: 05.105.0187-0 | C14: EMOP | D14: MAO-DE-OBRA DE COMPRADOR,INCLUSIVE ENCARGOS SOCIAIS | E14: MES | F14: 1 | G14: 5836.16 | H14: 5836.16 | I14: 0 | J14: 0 | K14: 5836.16 | L14: 5836.16 | M14: 0 | N14: 0 | O14: 5836.16 | P14: 0.010037003
A15: 10 | B15: 93566 | C15: SINAPI | D15: AUXILIAR DE ESCRITORIO COM ENCARGOS COMPLEMENTARES | E15: MES | F15: 1 | G15: 6069.85 | H15: 4589.4 | I15: 156.47 | J15: 1323.98 | K15: 6069.85 | L15: 4589.4 | M15: 156.47 | N15: 1323.98 | O15: 6069.85 | P15: 0.010438902
A16: 11 | B16: 93563 | C16: SINAPI | D16: ALMOXARIFE COM ENCARGOS COMPLEMENTARES | E16: MES | F16: 1 | G16: 7650.3 | H16: 6169.85 | I16: 156.47 | J16: 1323.98 | K16: 7650.3 | L16: 6169.85 | M16: 156.47 | N16: 1323.98 | O16: 7650.3 | P16: 0.013156953
A17: 12 | B17: 88326 | C17: SINAPI | D17: VIGIA NOTURNO COM ENCARGOS COMPLEMENTARES | E17: H | F17: 1 | G17: 40.95 | H17: 30.74 | I17: 2.35 | J17: 7.86 | K17: 40.95 | L17: 30.74 | M17: 2.35 | N17: 7.86 | O17: 40.95 | P17: 7.0425633e-05
A18: 13 | B18: 100289 | C18: SINAPI | D18: VIGIA DIURNO COM ENCARGOS COMPLEMENTARES | E18: H | F18: 1 | G18: 35.11 | H18: 24.9 | I18: 2.35 | J18: 7.86 | K18: 35.11 | L18: 24.9 | M18: 2.35 | N18: 7.86 | O18: 35.11 | P18: 6.0382026e-05
A19: 14 | B19: 94296 | C19: SINAPI | D19: TOPOGRAFO COM ENCARGOS COMPLEMENTARES | E19: MES | F19: 1 | G19: 6525.75 | H19: 5042.63 | I19: 159.14 | J19: 1323.98 | K19: 6525.75 | L19: 5042.63 | M19: 159.14 | N19: 1323.98 | O19: 6525.75 | P19: 0.011222957
A20: 15 | B20: 101389 | C20: SINAPI | D20: AUXILIAR DE TOPÓGRAFO COM ENCARGOS COMPLEMENTARES | E20: MES | F20: 1 | G20: 3752.45 | H20: 2269.33 | I20: 159.14 | J20: 1323.98 | K20: 3752.45 | L20: 2269.33 | M20: 159.14 | N20: 1323.98 | O20: 3752.45 | P20: 0.0064534473
A21: 16 | B21: 02.02.130 | C21: CPOS/CDHU | D21: Locação de container tipo escritório com 1 vaso sanitário, 1 lavatório e 1 ponto para chuveiro - área mínima de 13,80 m² | E21: UNMES | F21: 1 | G21: 1588.65 | H21: 155.52 | I21: 0 | J21: 1433.13 | K21: 1588.65 | L21: 155.52 | M21: 0 | N21: 1433.13 | O21: 1588.65 | P21: 0.0027321534
A22: 17 | B22: 02.02.140 | C22: CPOS/CDHU | D22: Locação de container tipo sanitário com 2 vasos sanitários, 2 lavatórios, 2 mictórios e 4 pontos para chuveiro - área mínima de 13,80 m² | E22: UNMES | F22: 1 | G22: 1532.04 | H22: 155.52 | I22: 0 | J22: 1376.52 | K22: 1532.04 | L22: 155.52 | M22: 0 | N22: 1376.52 | O22: 1532.04 | P22: 0.0026347958
A23: 18 | B23: ED-16355 | C23: SETOP | D23: LOCAÇÃO DE CONTAINER COM ISOLAMENTO TÉRMICO, TIPO 8, PARA VESTIÁRIO DE OBRA COM OITO (8) BANCOS E CINCO (5) ARMÁRIOS, COM MEDIDAS REFERENCIAIS DE (6) METROS COMPRIMENTO, (2,3) METROS LARGURA E (2,5) METROS ALTURA ÚTIL INTERNA, INCLUSIVE LIGAÇÕES ELÉTRICAS INTERNAS, EXCLUSIVE MOBILIZAÇÃO/DESMOBILIZAÇÃO E LIGAÇÕES PROVISÓRIAS EXTERNAS | E23: mês | F23: 1 | G23: 965.14 | H23: 0.77 | I23: 0 | J23: 964.37 | K23: 965.14 | L23: 0.77 | M23: 0 | N23: 964.37 | O23: 965.14 | P23: 0.0016598436
A24: 19 | B24: 02.02.150 | C24: CPOS/CDHU | D24: Locação de container tipo depósito - área mínima de 13,80 m² | E24: UNMES | F24: 1 | G24: 999.51 | H24: 92.75 | I24: 0 | J24: 906.76 | K24: 999.51 | L24: 92.75 | M24: 0 | N24: 906.76 | O24: 999.51 | P24: 0.001718953
A25: 20 | B25: 02.02.160 | C25: CPOS/CDHU | D25: Locação de container tipo guarita - área mínima de 4,60 m² | E25: UNMES | F25: 1 | G25: 1017.42 | H25: 30.91 | I25: 0 | J25: 986.51 | K25: 1017.42 | L25: 30.91 | M25: 0 | N25: 986.51 | O25: 1017.42 | P25: 0.0017497545
A26: 21 | B26: 02.03.110 | C26: CPOS/CDHU | D26: Tapume móvel para fechamento de áreas | E26: m² | F26: 1 | G26: 109.46 | H26: 60.57 | I26: 0 | J26: 48.89 | K26: 109.46 | L26: 60.57 | M26: 0 | N26: 48.89 | O26: 109.46 | P26: 0.00018824884
A27: 22 | B27: 98459 | C27: SINAPI | D27: TAPUME COM TELHA METÁLICA. AF_03/2024 | E27: m² | F27: 1 | G27: 101.84 | H27: 37.32 | I27: 2.53 | J27: 61.99 | K27: 101.84 | L27: 37.32 | M27: 2.53 | N27: 61.99 | O27: 101.84 | P27: 0.00017514399
A28: 23 | B28: 93582 | C28: SINAPI | D28: EXECUÇÃO DE CENTRAL DE ARMADURA EM CANTEIRO DE OBRA, NÃO INCLUSO MOBILIÁRIO E EQUIPAMENTOS. AF_04/2016 | E28: m² | F28: 1 | G28: 339.43 | H28: 88.85 | I28: 7.11 | J28: 243.47 | K28: 339.43 | L28: 88.85 | M28: 7.11 | N28: 243.47 | O28: 339.43 | P28: 0.00058375025
A29: 24 | B29: 93583 | C29: SINAPI | D29: EXECUÇÃO DE CENTRAL DE FÔRMAS, PRODUÇÃO DE ARGAMASSA OU CONCRETO EM CANTEIRO DE OBRA, NÃO INCLUSO MOBILIÁRIO E EQUIPAMENTOS. AF_04/2016 | E29: m² | F29: 1 | G29: 576.44 | H29: 146.9 | I29: 12.05 | J29: 417.49 | K29: 576.44 | L29: 146.9 | M29: 12.05 | N29: 417.49 | O29: 576.44 | P29: 0.00099135902
A30: 25 | B30: 10527 | C30: SINAPI | D30: LOCACAO DE ANDAIME METALICO TUBULAR DE ENCAIXE, TIPO DE TORRE, COM LARGURA DE 1 ATE 1,5 M E ALTURA DE *1,00* M (INCLUSO SAPATAS FIXAS OU RODIZIOS) | E30: MXMES | F30: 1 | G30: 35 | H30: 0 | I30: 35 | J30: 0 | K30: 35 | L30: 0 | M30: 35 | N30: 0 | O30: 35 | P30: 6.0192849e-05
A31: 26 | B31: 93243 | C31: SINAPI | D31: EXECUÇÃO DE RESERVATÓRIO ELEVADO DE ÁGUA (2000 LITROS) EM CANTEIRO DE OBRA, APOIADO EM ESTRUTURA DE MADEIRA. AF_02/2016 | E31: UN | F31: 1 | G31: 13317.27 | H31: 3181.64 | I31: 215.85 | J31: 9919.78 | K31: 13317.27 | L31: 3181.64 | M31: 215.85 | N31: 9919.78 | O31: 13317.27 | P31: 0.022902983
A32: 27 | B32: 210500 | C32: SBC | D32: ALUGUEL DE CACAMBA 5m2 48 HORAS COM RETIRADA | E32: UN | F32: 1 | G32: 370 | H32: 0 | I32: 0 | J32: 370 | K32: 370 | L32: 0 | M32: 0 | N32: 370 | O32: 370 | P32: 0.0006363244
A33: 28 | B33: 692 | C33: Próprio | D33: MOBILIARIO PARA ESCRITORIO OBRAS | E33: CJ | F33: 1 | G33: 10244.88 | H33: 0 | I33: 0 | J33: 10244.88 | K33: 10244.88 | L33: 0 | M33: 0 | N33: 10244.88 | O33: 10244.88 | P33: 0.0176191
A34: 29 | B34: 3099 | C34: ORSE | D34: Equipe de topografia para trabalhos exclusivos de campo - Diária incluindo transporte - Rev 04_10/2022 | E34: dia | F34: 1 | G34: 945.34 | H34: 801.73 | I34: 143.6 | J34: 0.01 | K34: 945.34 | L34: 801.73 | M34: 143.6 | N34: 0.01 | O34: 945.34 | P34: 0.0016257917
A35: 30 | B35: 01.050.0715-A | C35: EMOP | D35: MAO-DE-OBRA DE ARQUITETO OU ENGENHEIRO PLENO,PARA SERVICOS D E CONSULTORIA DE ENGENHARIA E ARQUITETURA,INCLUSIVE ENCARGOS SOCIAIS | E35: MES | F35: 1 | G35: 37429.92 | H35: 37429.92 | I35: 0 | J35: 0 | K35: 37429.92 | L35: 37429.92 | M35: 0 | N35: 0 | O35: 37429.92 | P35: 0.064371815
A36: 31 | B36: 05.100.0900-0 | C36: EMOP | D36: UNIDADE REF.P/COMPL.ADM LOCAL,CONSID:CONSUMO AGUA,TEL.ENERGI A ELETR.MAT.LIMPEZA ESCRITORIO,COMPUTADORES LICENCA OBRA,MOV EIS UTENSILIOS,AR COND.BEBEDOURO,ART,RRT,FOTOGRAFIAS,UNIFORM ES,DARIAS,EXAMES ADMISSIONAIS,PERIODICOS E DEMISSIONAIS,CURS OS CAPACITACAO/TREINAMENTO ITENS COMPLEMENTEM DESP.NECESS.EX CL.DESP.C/CAFE MANHA,REFEICAO,CESTA BASICA E VALE TRANSPORTE | E36: UR | F36: 1 | G36: 37.42 | H36: 0 | I36: 0 | J36: 37.42 | K36: 37.42 | L36: 0 | M36: 0 | N36: 37.42 | O36: 37.42 | P36: 6.4354755e-05
A37: 32 | B37: 99059 | C37: SINAPI | D37: LOCAÇÃO CONVENCIONAL DE OBRA, UTILIZANDO GABARITO DE TÁBUAS CORRIDAS PONTALETADAS A CADA 2,00M - 2 UTILIZAÇÕES. AF_03/2024 | E37: M | F37: 1 | G37: 85.37 | H37: 42.26 | I37: 2.94 | J37: 40.17 | K37: 85.37 | L37: 42.26 | M37: 2.94 | N37: 40.17 | O37: 85.37 | P37: 0.00014681896
A38: 33 | B38: 101124 | C38: SINAPI | D38: ESCAVAÇÃO HORIZONTAL, INCLUINDO CARGA E DESCARGA EM SOLO DE 1A CATEGORIA COM TRATOR DE ESTEIRAS (100HP/LÂMINA: 2,19M3). AF_07/2020 | E38: m³ | F38: 1 | G38: 17.78 | H38: 4.29 | I38: 6.85 | J38: 6.64 | K38: 17.78 | L38: 4.29 | M38: 6.85 | N38: 6.64 | O38: 17.78 | P38: 3.0577967e-05
A39: 34 | B39: 96523 | C39: SINAPI | D39: ESCAVAÇÃO MANUAL PARA BLOCO DE COROAMENTO OU SAPATA (INCLUINDO ESCAVAÇÃO PARA COLOCAÇÃO DE FÔRMAS). AF_01/2024 | E39: m³ | F39: 1 | G39: 143.23 | H39: 101.45 | I39: 9.62 | J39: 32.16 | K39: 143.23 | L39: 101.45 | M39: 9.62 | N39: 32.16 | O39: 143.23 | P39: 0.00024632634
A40: 35 | B40: 93382 | C40: SINAPI | D40: REATERRO MANUAL DE VALAS, COM COMPACTADOR DE SOLOS DE PERCUSSÃO. AF_08/2023 | E40: m³ | F40: 1 | G40: 38.03 | H40: 24.64 | I40: 2.98 | J40: 10.41 | K40: 38.03 | L40: 24.64 | M40: 2.98 | N40: 10.41 | O40: 38.03 | P40: 6.540383e-05
A41: 36 | B41: 100981 | C41: SINAPI | D41: CARGA, MANOBRA E DESCARGA DE ENTULHO EM CAMINHÃO BASCULANTE 6 M³ - CARGA COM ESCAVADEIRA HIDRÁULICA (CAÇAMBA DE 0,80 M³ / 111 HP) E DESCARGA LIVRE (UNIDADE: M3). AF_02/2026 | E41: m³ | F41: 1 | G41: 11.52 | H41: 3.06 | I41: 4.32 | J41: 4.14 | K41: 11.52 | L41: 3.06 | M41: 4.32 | N41: 4.14 | O41: 11.52 | P41: 1.9812046e-05
A42: 37 | B42: 95875 | C42: SINAPI | D42: TRANSPORTE COM CAMINHÃO BASCULANTE DE 10 M³, EM VIA URBANA PAVIMENTADA, DMT ATÉ 30 KM (UNIDADE: M3XKM). AF_02/2026 | E42: M3XKM | F42: 1 | G42: 3.2 | H42: 0.6 | I42: 0.92 | J42: 1.68 | K42: 3.2 | L42: 0.6 | M42: 0.92 | N42: 1.68 | O42: 3.2 | P42: 5.5033462e-06
A43: 38 | B43: 93590 | C43: SINAPI | D43: TRANSPORTE COM CAMINHÃO BASCULANTE DE 10 M³, EM VIA URBANA PAVIMENTADA, ADICIONAL PARA DMT EXCEDENTE A 30 KM (UNIDADE: M3XKM). AF_02/2026 | E43: M3XKM | F43: 1 | G43: 1.23 | H43: 0.23 | I43: 0.35 | J43: 0.65 | K43: 1.23 | L43: 0.23 | M43: 0.35 | N43: 0.65 | O43: 1.23 | P43: 2.1153487e-06
A44: 39 | B44: 12.12.010 | C44: CPOS/CDHU | D44: Taxa de mobilização e desmobilização de equipamentos para execução de estaca tipo hélice contínua em solo | E44: TX | F44: 1 | G44: 43853.17 | H44: 0 | I44: 0 | J44: 43853.17 | K44: 43853.17 | L44: 0 | M44: 0 | N44: 43853.17 | O44: 43853.17 | P44: 0.075418493
A45: 40 | B45: FUN-HEL-020 | C45: SETOP | D45: EXECUÇÃO DE ESTACA TIPO HÉLICE CONTÍNUA D = 600 MM, EXCETO CONCRETO | E45: m | F45: 1 | G45: 77.64 | H45: 0 | I45: 0 | J45: 77.64 | K45: 77.64 | L45: 0 | M45: 0 | N45: 77.64 | O45: 77.64 | P45: 0.00013352494
A46: 41 | B46: 96545 | C46: SINAPI | D46: ARMAÇÃO DE BLOCO UTILIZANDO AÇO CA-50 DE 8 MM - MONTAGEM. AF_01/2024 | E46: KG | F46: 1 | G46: 19.26 | H46: 6.5 | I46: 0.48 | J46: 12.28 | K46: 19.26 | L46: 6.5 | M46: 0.48 | N46: 12.28 | O46: 19.26 | P46: 3.3123265e-05
A47: 42 | B47: 96548 | C47: SINAPI | D47: ARMAÇÃO DE BLOCO, VIGA BALDRAME OU SAPATA UTILIZANDO AÇO CA-50 DE 16 MM - MONTAGEM. AF_06/2017 | E47: KG | F47: 1 | G47: 11.28 | H47: 2.01 | I47: 0.17 | J47: 9.1 | K47: 11.28 | L47: 2.01 | M47: 0.17 | N47: 9.1 | O47: 11.28 | P47: 1.9399295e-05
A48: 43 | B48: 11.01.320 | C48: CPOS/CDHU | D48: Concreto usinado, fck = 30 MPa - para bombeamento | E48: m³ | F48: 1 | G48: 598.42 | H48: 0 | I48: 0 | J48: 598.42 | K48: 598.42 | L48: 0 | M48: 0 | N48: 598.42 | O48: 598.42 | P48: 0.0010291601
A49: 44 | B49: 95602 | C49: SINAPI | D49: ARRASAMENTO MECANICO DE ESTACA DE CONCRETO ARMADO, DIAMETROS DE 41 CM A 60 CM. AF_05/2021 | E49: UN | F49: 1 | G49: 43.22 | H49: 30.74 | I49: 2.77 | J49: 9.71 | K49: 43.22 | L49: 30.74 | M49: 2.77 | N49: 9.71 | O49: 43.22 | P49: 7.4329569e-05
A50: 45 | B50: 96616 | C50: SINAPI | D50: LASTRO DE CONCRETO MAGRO, APLICADO EM BLOCOS DE COROAMENTO OU SAPATAS. AF_01/2024 | E50: m³ | F50: 1 | G50: 975.14 | H50: 383.38 | I50: 35.51 | J50: 556.25 | K50: 975.14 | L50: 383.38 | M50: 35.51 | N50: 556.25 | O50: 975.14 | P50: 0.0016770416
A51: 46 | B51: 7582 | C51: ORSE | D51: Forma plana para sapatas, em madeira maciça, 02 usos, inclusive escoramento | E51: m² | F51: 1 | G51: 102.22 | H51: 32.17 | I51: 0.16 | J51: 69.89 | K51: 102.22 | L51: 32.17 | M51: 0.16 | N51: 69.89 | O51: 102.22 | P51: 0.00017579751
A52: 47 | B52: 96544 | C52: SINAPI | D52: ARMAÇÃO DE BLOCO UTILIZANDO AÇO CA-50 DE 6,3 MM - MONTAGEM. AF_01/2024 | E52: KG | F52: 1 | G52: 22.08 | H52: 8.85 | I52: 0.64 | J52: 12.59 | K52: 22.08 | L52: 8.85 | M52: 0.64 | N52: 12.59 | O52: 22.08 | P52: 3.7973089e-05
A53: 48 | B53: 96545 | C53: SINAPI | D53: ARMAÇÃO DE BLOCO UTILIZANDO AÇO CA-50 DE 8 MM - MONTAGEM. AF_01/2024 | E53: KG | F53: 1 | G53: 19.26 | H53: 6.5 | I53: 0.48 | J53: 12.28 | K53: 19.26 | L53: 6.5 | M53: 0.48 | N53: 12.28 | O53: 19.26 | P53: 3.3123265e-05
A54: 49 | B54: 96546 | C54: SINAPI | D54: ARMAÇÃO DE BLOCO UTILIZANDO AÇO CA-50 DE 10 MM - MONTAGEM. AF_01/2024 | E54: KG | F54: 1 | G54: 16.5 | H54: 4.9 | I54: 0.37 | J54: 11.23 | K54: 16.5 | L54: 4.9 | M54: 0.37 | N54: 11.23 | O54: 16.5 | P54: 2.8376629e-05
A55: 50 | B55: 96547 | C55: SINAPI | D55: ARMAÇÃO DE BLOCO, VIGA BALDRAME OU SAPATA UTILIZANDO AÇO CA-50 DE 12,5 MM - MONTAGEM. AF_06/2017 | E55: KG | F55: 1 | G55: 12.44 | H55: 2.83 | I55: 0.23 | J55: 9.38 | K55: 12.44 | L55: 2.83 | M55: 0.23 | N55: 9.38 | O55: 12.44 | P55: 2.1394258e-05
A56: 51 | B56: 96548 | C56: SINAPI | D56: ARMAÇÃO DE BLOCO, VIGA BALDRAME OU SAPATA UTILIZANDO AÇO CA-50 DE 16 MM - MONTAGEM. AF_06/2017 | E56: KG | F56: 1 | G56: 11.28 | H56: 2.01 | I56: 0.17 | J56: 9.1 | K56: 11.28 | L56: 2.01 | M56: 0.17 | N56: 9.1 | O56: 11.28 | P56: 1.9399295e-05
A57: 52 | B57: 96549 | C57: SINAPI | D57: ARMAÇÃO DE BLOCO, VIGA BALDRAME OU SAPATA UTILIZANDO AÇO CA-50 DE 20 MM - MONTAGEM. AF_06/2017 | E57: KG | F57: 1 | G57: 12 | H57: 1.46 | I57: 0.12 | J57: 10.42 | K57: 12 | L57: 1.46 | M57: 0.12 | N57: 10.42 | O57: 12 | P57: 2.0637548e-05
A58: 53 | B58: 11.01.320 | C58: CPOS/CDHU | D58: Concreto usinado, fck = 30 MPa - para bombeamento | E58: m³ | F58: 1 | G58: 598.42 | H58: 0 | I58: 0 | J58: 598.42 | K58: 598.42 | L58: 0 | M58: 0 | N58: 598.42 | O58: 598.42 | P58: 0.0010291601
A59: 54 | B59: 90285 | C59: SINAPI | D59: GRAUTE FGK=30 MPA; TRAÇO 1:0,9:1,2:0,6 (EM MASSA SECA DE CIMENTO/ AREIA GROSSA/ BRITA 0/ ADITIVO) - PREPARO MECÂNICO COM BETONEIRA 400 L. AF_09/2021 | E59: m³ | F59: 1 | G59: 768.58 | H59: 93.16 | I59: 8.48 | J59: 666.94 | K59: 768.58 | L59: 93.16 | M59: 8.48 | N59: 666.94 | O59: 768.58 | P59: 0.0013218006
A60: 55 | B60: 11.16.040 | C60: CPOS/CDHU | D60: Lançamento e adensamento de concreto ou massa em fundação | E60: m³ | F60: 1 | G60: 191.54 | H60: 191.54 | I60: 0 | J60: 0 | K60: 191.54 | L60: 191.54 | M60: 0 | N60: 0 | O60: 191.54 | P60: 0.00032940967
A61: 56 | B61: 100890 | C61: SINAPI | D61: ESTACA METÁLICA PARA FUNDAÇÃO, UTILIZANDO PERFIL LAMINADO HP310X79 (EXCLUSIVE MOBILIZAÇÃO E DESMOBILIZAÇÃO). AF_01/2020 | E61: KG | F61: 1 | G61: 12.1 | H61: 0.52 | I61: 0.17 | J61: 11.41 | K61: 12.1 | L61: 0.52 | M61: 0.17 | N61: 11.41 | O61: 12.1 | P61: 2.0809528e-05
A62: 57 | B62: 02.02.118 | C62: FDE | D62: ESTACA RAIZ DN 400MM PERFURAÇAO EM SOLO | E62: M | F62: 1 | G62: 626.25 | H62: 9.16 | I62: 0 | J62: 617.09 | K62: 626.25 | L62: 9.16 | M62: 0 | N62: 617.09 | O62: 626.25 | P62: 0.001077022
A63: 58 | B63: 03.03.085 | C63: FDE | D63: LAJE PRE-FABRICADA PRE-LAJE TRELICADA UNIDIR C/ EPS PLT20-100KGF/M2 | E63: m² | F63: 1 | G63: 302.24 | H63: 59.01 | I63: 29.16 | J63: 214.07 | K63: 302.24 | L63: 59.01 | M63: 29.16 | N63: 214.07 | O63: 302.24 | P63: 0.00051979105
A64: 59 | B64: 11.01.320 | C64: CPOS/CDHU | D64: Concreto usinado, fck = 30 MPa - para bombeamento | E64: m³ | F64: 1 | G64: 598.42 | H64: 0 | I64: 0 | J64: 598.42 | K64: 598.42 | L64: 0 | M64: 0 | N64: 598.42 | O64: 598.42 | P64: 0.0010291601
A65: 60 | B65: 11.16.060 | C65: CPOS/CDHU | D65: Lançamento e adensamento de concreto ou massa em estrutura | E65: m³ | F65: 1 | G65: 132.3 | H65: 132.3 | I65: 0 | J65: 0 | K65: 132.3 | L65: 132.3 | M65: 0 | N65: 0 | O65: 132.3 | P65: 0.00022752897
A66: 61 | B66: 103653 | C66: SINAPI | D66: GEOTÊXTIL NÃO TECIDO 100% POLIÉSTER, RESISTÊNCIA A TRAÇÃO DE 31 KN/M (RT-31), INSTALADO EM DRENO - FORNECIMENTO E INSTALAÇÃO. AF_07/2021 | E66: m² | F66: 1 | G66: 40.09 | H66: 0.49 | I66: 0.04 | J66: 39.56 | K66: 40.09 | L66: 0.49 | M66: 0.04 | N66: 39.56 | O66: 40.09 | P66: 6.8946609e-05
A67: 62 | B67: 102718 | C67: SINAPI | D67: ENCHIMENTO DE AREIA PARA DRENO, LANÇAMENTO MANUAL. AF_07/2021 | E67: m³ | F67: 1 | G67: 169.16 | H67: 36.99 | I67: 3.49 | J67: 128.68 | K67: 169.16 | L67: 36.99 | M67: 3.49 | N67: 128.68 | O67: 169.16 | P67: 0.00029092064
A68: 63 | B68: 96523 | C68: SINAPI | D68: ESCAVAÇÃO MANUAL PARA BLOCO DE COROAMENTO OU SAPATA (INCLUINDO ESCAVAÇÃO PARA COLOCAÇÃO DE FÔRMAS). AF_01/2024 | E68: m³ | F68: 1 | G68: 143.23 | H68: 101.45 | I68: 9.62 | J68: 32.16 | K68: 143.23 | L68: 101.45 | M68: 9.62 | N68: 32.16 | O68: 143.23 | P68: 0.00024632634
A69: 64 | B69: 95108 | C69: SINAPI | D69: EXECUÇÃO DE PROTEÇÃO DA CABEÇA DO TIRANTE COM USO DE FÔRMAS METÁLICAS, 50 UTILIZAÇÕES, E CONCRETO FCK =15 MPA. AF_11/2023 | E69: UN | F69: 1 | G69: 52.09 | H69: 30.95 | I69: 2.58 | J69: 18.56 | K69: 52.09 | L69: 30.95 | M69: 2.58 | N69: 18.56 | O69: 52.09 | P69: 8.9584157e-05
A70: 65 | B70: 104283 | C70: SINAPI | D70: ANCORAGEM ATIVA PARA CABO COM 4 CORDOALHAS DE DIÂMETRO NOMINAL DE 12,7 MM. AF_08/2022 | E70: UN | F70: 1 | G70: 104.45 | H70: 67.29 | I70: 5.73 | J70: 31.43 | K70: 104.45 | L70: 67.29 | M70: 5.73 | N70: 31.43 | O70: 104.45 | P70: 0.00017963266
A71: 66 | B71: 20.093.0001-A | C71: EMOP | D71: CIMENTO PORTLAND CP-II-32,INCLUSIVE TRANSPORTE.FORNECIMENTO | E71: KG | F71: 1 | G71: 0.65 | H71: 0 | I71: 0 | J71: 0.65 | K71: 0.65 | L71: 0 | M71: 0 | N71: 0.65 | O71: 0.65 | P71: 1.1178672e-06
A72: 67 | B72: 15.05.520 | C72: CPOS/CDHU | D72: Placas, vigas e pilares em concreto armado pré-moldado - fck= 35 MPa | E72: m³ | F72: 1 | G72: 3153.52 | H72: 921.14 | I72: 0 | J72: 2232.38 | K72: 3153.52 | L72: 921.14 | M72: 0 | N72: 2232.38 | O72: 3153.52 | P72: 0.0054234101
A73: 68 | B73: 11.043.0022-0 | C73: EMOP | D73: TIRANTE PROTENDIDO PARA ANCORAGEM EM SOLO,CONSTITUIDO POR 8 FIOS DE ACO DURO DE 8MM.O CUSTO INCLUI APENAS O FORNECIMENTO E A CONFECCAO DO CABO PARA TRECHO DE ANCORAGEM 60%-PERDAS,MAT.DIVERSOS(28%),USINAGEM,TRAT.,ASSIST.TEC.(25%) 28,75%-DF.E EPI (3%),USINAGEM,TRAT.,ASSISTENCIA TECNICA(25%) 53%-MAT.DIVERSOS(2%),PERF.DO TUBO,FABRICACAO MANCHETES (50%) | E73: M | F73: 1 | G73: 186.14 | H73: 126.85 | I73: 0 | J73: 59.29 | K73: 186.14 | L73: 126.85 | M73: 0 | N73: 59.29 | O73: 186.14 | P73: 0.00032012277
A74: 69 | B74: 21006 | C74: SBC | D74: ENGASTE TRILHOS TR 37 A TIRANTES ACO 1""-CONCR.1:2:3(0,16m3/un) | E74: UN | F74: 1 | G74: 155.9 | H74: 87.7 | I74: 0 | J74: 68.2 | K74: 155.9 | L74: 87.7 | M74: 0 | N74: 68.2 | O74: 155.9 | P74: 0.00026811615
A75: 70 | B75: 13.01.320 | C75: CPOS/CDHU | D75: Laje pré-fabricada unidirecional em viga treliçada/lajota em EPS LT 16 (12 + 4), com capa de concreto de 25 MPa | E75: m² | F75: 1 | G75: 204.2 | H75: 40.31 | I75: 0 | J75: 163.89 | K75: 204.2 | L75: 40.31 | M75: 0 | N75: 163.89 | O75: 204.2 | P75: 0.00035118228
A76: 71 | B76: 09.02.140 | C76: CPOS/CDHU | D76: Forma plana em compensado para estrutura aparente com cimbramento tubular metálico | E76: m² | F76: 1 | G76: 192.39 | H76: 77.3 | I76: 0 | J76: 115.09 | K76: 192.39 | L76: 77.3 | M76: 0 | N76: 115.09 | O76: 192.39 | P76: 0.00033087149
A77: 72 | B77: 11.20.090 | C77: CPOS/CDHU | D77: Selante endurecedor de concreto antipó | E77: m² | F77: 1 | G77: 9.76 | H77: 5.68 | I77: 0 | J77: 4.08 | K77: 9.76 | L77: 5.68 | M77: 0 | N77: 4.08 | O77: 9.76 | P77: 1.6785206e-05
A78: 73 | B78: 92759 | C78: SINAPI | D78: ARMAÇÃO DE PILAR OU VIGA DE ESTRUTURA CONVENCIONAL DE CONCRETO ARMADO UTILIZANDO AÇO CA-60 DE 5,0 MM - MONTAGEM. AF_06/2022 | E78: KG | F78: 1 | G78: 16.86 | H78: 5.69 | I78: 0.29 | J78: 10.88 | K78: 16.86 | L78: 5.69 | M78: 0.29 | N78: 10.88 | O78: 16.86 | P78: 2.8995755e-05
A79: 74 | B79: 92776 | C79: SINAPI | D79: ARMAÇÃO DE PILAR OU VIGA DE UMA ESTRUTURA CONVENCIONAL DE CONCRETO ARMADO EM UMA EDIFICAÇÃO TÉRREA OU SOBRADO UTILIZANDO AÇO CA-50 DE 6,3 MM - MONTAGEM. AF_12/2015 | E79: KG | F79: 1 | G79: 19.99 | H79: 7.34 | I79: 0.58 | J79: 12.07 | K79: 19.99 | L79: 7.34 | M79: 0.58 | N79: 12.07 | O79: 19.99 | P79: 3.4378716e-05
A80: 75 | B80: 92777 | C80: SINAPI | D80: ARMAÇÃO DE PILAR OU VIGA DE UMA ESTRUTURA CONVENCIONAL DE CONCRETO ARMADO EM UMA EDIFICAÇÃO TÉRREA OU SOBRADO UTILIZANDO AÇO CA-50 DE 8,0 MM - MONTAGEM. AF_12/2015 | E80: KG | F80: 1 | G80: 17.43 | H80: 5.18 | I80: 0.41 | J80: 11.84 | K80: 17.43 | L80: 5.18 | M80: 0.41 | N80: 11.84 | O80: 17.43 | P80: 2.9976039e-05
A81: 76 | B81: 92778 | C81: SINAPI | D81: ARMAÇÃO DE PILAR OU VIGA DE UMA ESTRUTURA CONVENCIONAL DE CONCRETO ARMADO EM UMA EDIFICAÇÃO TÉRREA OU SOBRADO UTILIZANDO AÇO CA-50 DE 10,0 MM - MONTAGEM. AF_12/2015 | E81: KG | F81: 1 | G81: 14.88 | H81: 3.72 | I81: 0.29 | J81: 10.87 | K81: 14.88 | L81: 3.72 | M81: 0.29 | N81: 10.87 | O81: 14.88 | P81: 2.559056e-05
A82: 77 | B82: 92779 | C82: SINAPI | D82: ARMAÇÃO DE PILAR OU VIGA DE UMA ESTRUTURA CONVENCIONAL DE CONCRETO ARMADO EM UMA EDIFICAÇÃO TÉRREA OU SOBRADO UTILIZANDO AÇO CA-50 DE 12,5 MM - MONTAGEM. AF_12/2015 | E82: KG | F82: 1 | G82: 12.16 | H82: 2.64 | I82: 0.21 | J82: 9.31 | K82: 12.16 | L82: 2.64 | M82: 0.21 | N82: 9.31 | O82: 12.16 | P82: 2.0912716e-05
A83: 78 | B83: 92780 | C83: SINAPI | D83: ARMAÇÃO DE PILAR OU VIGA DE UMA ESTRUTURA CONVENCIONAL DE CONCRETO ARMADO EM UMA EDIFICAÇÃO TÉRREA OU SOBRADO UTILIZANDO AÇO CA-50 DE 16,0 MM - MONTAGEM. AF_12/2015 | E83: KG | F83: 1 | G83: 10.92 | H83: 1.74 | I83: 0.14 | J83: 9.04 | K83: 10.92 | L83: 1.74 | M83: 0.14 | N83: 9.04 | O83: 10.92 | P83: 1.8780169e-05
A84: 79 | B84: 40827 | C84: SBC | D84: TELA SOLDADA NERVURADA Q138 (10X10 4.2MM 2,2KG.M2) EM LAJE | E84: KG | F84: 1 | G84: 27.11 | H84: 2.89 | I84: 0 | J84: 24.22 | K84: 27.11 | L84: 2.89 | M84: 0 | N84: 24.22 | O84: 27.11 | P84: 4.6623661e-05
A85: 80 | B85: 92781 | C85: SINAPI | D85: ARMAÇÃO DE PILAR OU VIGA DE UMA ESTRUTURA CONVENCIONAL DE CONCRETO ARMADO EM UMA EDIFICAÇÃO TÉRREA OU SOBRADO UTILIZANDO AÇO CA-50 DE 20,0 MM - MONTAGEM. AF_12/2015 | E85: KG | F85: 1 | G85: 11.55 | H85: 1.14 | I85: 0.08 | J85: 10.33 | K85: 11.55 | L85: 1.14 | M85: 0.08 | N85: 10.33 | O85: 11.55 | P85: 1.986364e-05
A86: 81 | B86: 97089 | C86: SINAPI | D86: ARMAÇÃO PARA EXECUÇÃO DE RADIER, PISO DE CONCRETO OU LAJE SOBRE SOLO, COM USO DE TELA Q-113. AF_09/2021 | E86: KG | F86: 1 | G86: 13.67 | H86: 1.41 | I86: 0.11 | J86: 12.15 | K86: 13.67 | L86: 1.41 | M86: 0.11 | N86: 12.15 | O86: 13.67 | P86: 2.3509607e-05
A87: 82 | B87: 11.01.321 | C87: CPOS/CDHU | D87: Concreto usinado, fck = 35 MPa - para bombeamento | E87: m³ | F87: 1 | G87: 623.86 | H87: 0 | I87: 0 | J87: 623.86 | K87: 623.86 | L87: 0 | M87: 0 | N87: 623.86 | O87: 623.86 | P87: 0.0010729117
A88: 83 | B88: 11.16.060 | C88: CPOS/CDHU | D88: Lançamento e adensamento de concreto ou massa em estrutura | E88: m³ | F88: 1 | G88: 132.3 | H88: 132.3 | I88: 0 | J88: 0 | K88: 132.3 | L88: 132.3 | M88: 0 | N88: 0 | O88: 132.3 | P88: 0.00022752897
A89: 84 | B89: 101124 | C89: SINAPI | D89: ESCAVAÇÃO HORIZONTAL, INCLUINDO CARGA E DESCARGA EM SOLO DE 1A CATEGORIA COM TRATOR DE ESTEIRAS (100HP/LÂMINA: 2,19M3). AF_07/2020 | E89: m³ | F89: 1 | G89: 17.78 | H89: 4.29 | I89: 6.85 | J89: 6.64 | K89: 17.78 | L89: 4.29 | M89: 6.85 | N89: 6.64 | O89: 17.78 | P89: 3.0577967e-05
A90: 85 | B90: 96523 | C90: SINAPI | D90: ESCAVAÇÃO MANUAL PARA BLOCO DE COROAMENTO OU SAPATA (INCLUINDO ESCAVAÇÃO PARA COLOCAÇÃO DE FÔRMAS). AF_01/2024 | E90: m³ | F90: 1 | G90: 143.23 | H90: 101.45 | I90: 9.62 | J90: 32.16 | K90: 143.23 | L90: 101.45 | M90: 9.62 | N90: 32.16 | O90: 143.23 | P90: 0.00024632634
A91: 86 | B91: 93382 | C91: SINAPI | D91: REATERRO MANUAL DE VALAS, COM COMPACTADOR DE SOLOS DE PERCUSSÃO. AF_08/2023 | E91: m³ | F91: 1 | G91: 38.03 | H91: 24.64 | I91: 2.98 | J91: 10.41 | K91: 38.03 | L91: 24.64 | M91: 2.98 | N91: 10.41 | O91: 38.03 | P91: 6.540383e-05
A92: 87 | B92: 100981 | C92: SINAPI | D92: CARGA, MANOBRA E DESCARGA DE ENTULHO EM CAMINHÃO BASCULANTE 6 M³ - CARGA COM ESCAVADEIRA HIDRÁULICA (CAÇAMBA DE 0,80 M³ / 111 HP) E DESCARGA LIVRE (UNIDADE: M3). AF_02/2026 | E92: m³ | F92: 1 | G92: 11.52 | H92: 3.06 | I92: 4.32 | J92: 4.14 | K92: 11.52 | L92: 3.06 | M92: 4.32 | N92: 4.14 | O92: 11.52 | P92: 1.9812046e-05
A93: 88 | B93: 95875 | C93: SINAPI | D93: TRANSPORTE COM CAMINHÃO BASCULANTE DE 10 M³, EM VIA URBANA PAVIMENTADA, DMT ATÉ 30 KM (UNIDADE: M3XKM). AF_02/2026 | E93: M3XKM | F93: 1 | G93: 3.2 | H93: 0.6 | I93: 0.92 | J93: 1.68 | K93: 3.2 | L93: 0.6 | M93: 0.92 | N93: 1.68 | O93: 3.2 | P93: 5.5033462e-06
A94: 89 | B94: 93590 | C94: SINAPI | D94: TRANSPORTE COM CAMINHÃO BASCULANTE DE 10 M³, EM VIA URBANA PAVIMENTADA, ADICIONAL PARA DMT EXCEDENTE A 30 KM (UNIDADE: M3XKM). AF_02/2026 | E94: M3XKM | F94: 1 | G94: 1.23 | H94: 0.23 | I94: 0.35 | J94: 0.65 | K94: 1.23 | L94: 0.23 | M94: 0.35 | N94: 0.65 | O94: 1.23 | P94: 2.1153487e-06
A95: 90 | B95: 96616 | C95: SINAPI | D95: LASTRO DE CONCRETO MAGRO, APLICADO EM BLOCOS DE COROAMENTO OU SAPATAS. AF_01/2024 | E95: m³ | F95: 1 | G95: 975.14 | H95: 383.38 | I95: 35.51 | J95: 556.25 | K95: 975.14 | L95: 383.38 | M95: 35.51 | N95: 556.25 | O95: 975.14 | P95: 0.0016770416
A96: 91 | B96: 7582 | C96: ORSE | D96: Forma plana para sapatas, em madeira maciça, 02 usos, inclusive escoramento | E96: m² | F96: 1 | G96: 102.22 | H96: 32.17 | I96: 0.16 | J96: 69.89 | K96: 102.22 | L96: 32.17 | M96: 0.16 | N96: 69.89 | O96: 102.22 | P96: 0.00017579751
A97: 92 | B97: 96547 | C97: SINAPI | D97: ARMAÇÃO DE BLOCO, VIGA BALDRAME OU SAPATA UTILIZANDO AÇO CA-50 DE 12,5 MM - MONTAGEM. AF_06/2017 | E97: KG | F97: 1 | G97: 12.44 | H97: 2.83 | I97: 0.23 | J97: 9.38 | K97: 12.44 | L97: 2.83 | M97: 0.23 | N97: 9.38 | O97: 12.44 | P97: 2.1394258e-05
A98: 93 | B98: 11.01.321 | C98: CPOS/CDHU | D98: Concreto usinado, fck = 35 MPa - para bombeamento | E98: m³ | F98: 1 | G98: 623.86 | H98: 0 | I98: 0 | J98: 623.86 | K98: 623.86 | L98: 0 | M98: 0 | N98: 623.86 | O98: 623.86 | P98: 0.0010729117
A99: 94 | B99: 11.16.060 | C99: CPOS/CDHU | D99: Lançamento e adensamento de concreto ou massa em estrutura | E99: m³ | F99: 1 | G99: 132.3 | H99: 132.3 | I99: 0 | J99: 0 | K99: 132.3 | L99: 132.3 | M99: 0 | N99: 0 | O99: 132.3 | P99: 0.00022752897
A100: 95 | B100: 49.15.100 | C100: CPOS/CDHU | D100: Anel pré-moldado de concreto com diâmetro de 3,00 m | E100: M | F100: 1 | G100: 2660.98 | H100: 182.65 | I100: 0 | J100: 2478.33 | K100: 2660.98 | L100: 182.65 | M100: 0 | N100: 2478.33 | O100: 2660.98 | P100: 0.0045763419
...

Sheet Mercado
C1: CUSTOS DE MERCADO - URCA/RJ
C2: CODIGO | D2: FONTE | E2: FORNECEDOR | F2: DESCRIÇÃO | G2: UNID | H2: QTDE | I2: PREÇO UNITÁRIO | J2: MÃO DE OBRA | K2: PREÇO TOTAL | M2: CUSTOS | P2: COTAÇÕES
F3: ARQUITETURA | M3: 1 | N3: 2 | O3: 3
F4: ESTRUTURA PRÉ-MOLDADA | G4: M2 | I4: =+M4 -> 0 | K4: =+H4*I4 -> 0 | P4: =SUM(Q4:S4) -> 0 | Q4: =IF(M4>0,1,0) -> 0 | R4: =IF(N4>0,1,0) -> 0 | S4: =IF(O4>0,1,0) -> 0
C5: M01.01.002 | D5: Proposta | E5: APP PREMOLDADOS | F5: =UPPER(U5) | G5: M3 | H5: 171.36 | I5: 7135.39 | K5: =+H5*I5 -> 1222720.4 | P5: =SUM(Q5:S5) -> 0 | Q5: =IF(M5>0,1,0) -> 0 | R5: =IF(N5>0,1,0) -> 0 | S5: =IF(O5>0,1,0) -> 0
I6: =+M6 -> 0 | K6: =+H6*I6 -> 0 | P6: =SUM(Q6:S6) -> 0 | Q6: =IF(M6>0,1,0) -> 0 | R6: =IF(N6>0,1,0) -> 0 | S6: =IF(O6>0,1,0) -> 0
F7: =UPPER(U7) | G7: M2 | I7: =+M7 -> 0 | K7: =+H7*I7 -> 0 | P7: =SUM(Q7:S7) -> 0 | Q7: =IF(M7>0,1,0) -> 0 | R7: =IF(N7>0,1,0) -> 0 | S7: =IF(O7>0,1,0) -> 0
I8: =+M8 -> 0 | K8: =+H8*I8 -> 0 | P8: =SUM(Q8:S8) -> 0 | Q8: =IF(M8>0,1,0) -> 0 | R8: =IF(N8>0,1,0) -> 0 | S8: =IF(O8>0,1,0) -> 0
C9: M01.02.007A | D9: Proposta | E9: ROLL-ON | F9: MOBILIZAÇÃO, CANTEIRO DE OBRAS E ISOLAMENTOS DAS ÁREAS, INLCUSIVE INSTALAÇÕES PROVISÓRIAS DE POONTGALETES DE MADEIRA, TELA LARANJA DE OBRA, PLACAS PROVISÓRIAS DE IDENTGIFICAÇÃO, ETC. | G9: UN | H9: 1 | I9: 9208.96 | K9: =+H9*I9 -> 9208.96 | P9: =SUM(Q9:S9) -> 0 | Q9: =IF(M9>0,1,0) -> 0 | R9: =IF(N9>0,1,0) -> 0 | S9: =IF(O9>0,1,0) -> 0
C10: M01.02.007B | D10: Proposta | E10: ROLL-ON | F10: LOCAÇÃO DE C0NTAINER ALMOXARIFADO, INLCUSIVE TRANSPORTE DE IDA E VOLTA, INCLUSIVE INSTALAÇÕES | G10: MÊS | H10: 4 | I10: 2464.31 | K10: =+H10*I10 -> 9857.24 | P10: =SUM(Q10:S10) -> 0 | Q10: =IF(M10>0,1,0) -> 0 | R10: =IF(N10>0,1,0) -> 0 | S10: =IF(O10>0,1,0) -> 0
C11: M01.02.007C | D11: Proposta | E11: ROLL-ON | F11: CREA- ART DE EXECUÇÃO | G11: UN | H11: 1 | I11: 464.77 | K11: =+H11*I11 -> 464.77 | P11: =SUM(Q11:S11) -> 0 | Q11: =IF(M11>0,1,0) -> 0 | R11: =IF(N11>0,1,0) -> 0 | S11: =IF(O11>0,1,0) -> 0
C12: M01.02.007D | D12: Proposta | E12: ROLL-ON | F12: PLANO DE EMERGENDIA E SEGURANÇA | G12: UN | H12: 1 | I12: 2558.92 | K12: =+H12*I12 -> 2558.92 | P12: =SUM(Q12:S12) -> 0 | Q12: =IF(M12>0,1,0) -> 0 | R12: =IF(N12>0,1,0) -> 0 | S12: =IF(O12>0,1,0) -> 0
C13: M01.02.007E | D13: Proposta | E13: ROLL-ON | F13: MONTAGEM DE COBERTURA ROLLON, CONFORME PROJETO CONSIDERANDO PRÉ-MONTGAGEM IN LOCO, SEM FORNECIMENTO DE MATERIAL | G13: M2 | H13: 1159.2 | I13: 152.15 | K13: =+H13*I13 -> 176372.28 | P13: =SUM(Q13:S13) -> 0 | Q13: =IF(M13>0,1,0) -> 0 | R13: =IF(N13>0,1,0) -> 0 | S13: =IF(O13>0,1,0) -> 0
C14: M01.02.007F | D14: Proposta | E14: ROLL-ON | F14: MONTAGEM DE ESTRUTURA AUXILIAR PARA FIXAÇÃO DOS PAINÉIS TERMOACÚSTICOS, INCLUINDO MUNK, CONFORME PROJETO, SEM FORNECIMETNO DE MATERIAL | G14: M2 | H14: 2147.06 | I14: 90.15 | K14: =+H14*I14 -> 193557.46 | P14: =SUM(Q14:S14) -> 0 | Q14: =IF(M14>0,1,0) -> 0 | R14: =IF(N14>0,1,0) -> 0 | S14: =IF(O14>0,1,0) -> 0
C15: M01.02.007G | D15: Proposta | E15: ROLL-ON | F15: MONTAGEM DE FECHAMENTO LATERAL COM TELHAS TERMOACÚSTICAS E ACESSÓRIOS DE FIXAÇÃO, INCLUIDO MUNK, SEM FORNECIMETNO DE MATERIAL | G15: M2 | H15: 2150 | I15: 152.15 | K15: =+H15*I15 -> 327122.5 | P15: =SUM(Q15:S15) -> 0 | Q15: =IF(M15>0,1,0) -> 0 | R15: =IF(N15>0,1,0) -> 0 | S15: =IF(O15>0,1,0) -> 0
C17: M01.02.008 | D17: Proposta | E17: PERFILOR | F17: FORNECIMENTO DO FECHAMENTO LATERAL EM PAINÉIS TERMILOR WALL,CONFORME PROJETO b-027, + 10% ACESSÓRIOS E ACABAMENTO | G17: M2 | H17: 2150 | I17: =159.54*1.1 -> 175.494 | K17: =+H17*I17 -> 377312.1 | P17: =SUM(Q17:S17) -> 0 | Q17: =IF(M17>0,1,0) -> 0 | R17: =IF(N17>0,1,0) -> 0 | S17: =IF(O17>0,1,0) -> 0
C18: M01.02.008 | D18: Proposta | E18: PERFILOR | F18: FRETE TRANSPORTE PAINEIS | G18: M2 | H18: 2 | I18: 4500 | K18: =+H18*I18 -> 9000 | P18: =SUM(Q18:S18) -> 0 | Q18: =IF(M18>0,1,0) -> 0 | R18: =IF(N18>0,1,0) -> 0 | S18: =IF(O18>0,1,0) -> 0
F19: Roll-on, VU, Calha, Passarela, Estrutura de fechamento | I19: =+AG19 -> 0 | K19: =SUM(K20:K33) -> 775256.42 | P19: =SUM(Q19:S19) -> 0 | Q19: =IF(M19>0,1,0) -> 0 | R19: =IF(N19>0,1,0) -> 0 | S19: =IF(O19>0,1,0) -> 0
C20: M01.02.009 | D20: Proposta | E20: MARKO | F20: ROLL-ON RO 150 KS | G20: M2 | H20: 1064.7 | I20: 352.56 | K20: =+H20*I20 -> 375370.63 | P20: =SUM(Q20:S20) -> 0 | Q20: =IF(M20>0,1,0) -> 0 | R20: =IF(N20>0,1,0) -> 0 | S20: =IF(O20>0,1,0) -> 0
C21: M01.02.010 | D21: Proposta | E21: MARKO | F21: ROLL-ON RO 150 SS | G21: M2 | H21: 94.5 | I21: 399.04 | K21: =+H21*I21 -> 37709.28 | P21: =SUM(Q21:S21) -> 0 | Q21: =IF(M21>0,1,0) -> 0 | R21: =IF(N21>0,1,0) -> 0 | S21: =IF(O21>0,1,0) -> 0
C22: M01.02.011 | D22: Proposta | E22: MARKO | F22: CALHA INTERNA MK | G22: M | H22: 36.8 | I22: 113.58 | K22: =+H22*I22 -> 4179.744 | P22: =SUM(Q22:S22) -> 0 | Q22: =IF(M22>0,1,0) -> 0 | R22: =IF(N22>0,1,0) -> 0 | S22: =IF(O22>0,1,0) -> 0
C23: M01.02.012 | D23: Proposta | E23: MARKO | F23: TYLON MK 1.4 - ILUMINAÇÃO | G23: M | H23: 83.85 | I23: 258.27 | K23: =+H23*I23 -> 21655.939 | P23: =SUM(Q23:S23) -> 0 | Q23: =IF(M23>0,1,0) -> 0 | R23: =IF(N23>0,1,0) -> 0 | S23: =IF(O23>0,1,0) -> 0
C24: M01.02.013 | D24: Proposta | E24: MARKO | F24: TYLON MK 1.4 - VENTILADOR | G24: M | H24: 4.5 | I24: 258.27 | K24: =+H24*I24 -> 1162.215 | P24: =SUM(Q24:S24) -> 0 | Q24: =IF(M24>0,1,0) -> 0 | R24: =IF(N24>0,1,0) -> 0 | S24: =IF(O24>0,1,0) -> 0
C25: M01.02.014 | D25: Proposta | E25: MARKO | F25: ESTRUTURA ILUM. ZENITAL | G25: M | H25: 19.2 | I25: 181.87 | K25: =+H25*I25 -> 3491.904 | P25: =SUM(Q25:S25) -> 0 | Q25: =IF(M25>0,1,0) -> 0 | R25: =IF(N25>0,1,0) -> 0 | S25: =IF(O25>0,1,0) -> 0
C26: M01.02.015 | D26: Proposta | E26: MARKO | F26: ESTR. VENT. NATURAL C/ TYLON | G26: M | H26: 14.4 | I26: 1232.16 | K26: =+H26*I26 -> 17743.104 | P26: =SUM(Q26:S26) -> 0 | Q26: =IF(M26>0,1,0) -> 0 | R26: =IF(N26>0,1,0) -> 0 | S26: =IF(O26>0,1,0) -> 0
C27: M01.02.016 | D27: Proposta | E27: MARKO | F27: VU 90 S | G27: M | H27: 73.6 | I27: 812.46 | K27: =+H27*I27 -> 59797.056 | P27: =SUM(Q27:S27) -> 0 | Q27: =IF(M27>0,1,0) -> 0 | R27: =IF(N27>0,1,0) -> 0 | S27: =IF(O27>0,1,0) -> 0
C28: M01.02.017 | D28: Proposta | E28: MARKO | F28: TRELIÇA CONTENÇÃO LATERAL | G28: M | H28: 61.2 | I28: 526.15 | K28: =+H28*I28 -> 32200.38 | P28: =SUM(Q28:S28) -> 0 | Q28: =IF(M28>0,1,0) -> 0 | R28: =IF(N28>0,1,0) -> 0 | S28: =IF(O28>0,1,0) -> 0
C29: M01.02.018 | D29: Proposta | E29: MARKO | F29: ESTRUTURA AUXILIAR DE FECH. | G29: M2 | H29: 2147.06 | I29: 94.27 | K29: =+H29*I29 -> 202403.35 | P29: =SUM(Q29:S29) -> 0 | Q29: =IF(M29>0,1,0) -> 0 | R29: =IF(N29>0,1,0) -> 0 | S29: =IF(O29>0,1,0) -> 0
C30: M01.02.019 | D30: Proposta | E30: MARKO | F30: PASSARELA PADRÃO ROLL-ON | G30: M | H30: 41.6 | I30: 140.24 | K30: =+H30*I30 -> 5833.984 | P30: =SUM(Q30:S30) -> 0 | Q30: =IF(M30>0,1,0) -> 0 | R30: =IF(N30>0,1,0) -> 0 | S30: =IF(O30>0,1,0) -> 0
C31: M01.02.020 | D31: Proposta | E31: MARKO | F31: ESTRUTURA DE LINHA DE VIDA | G31: M | H31: 41.6 | I31: 36.27 | K31: =+H31*I31 -> 1508.832 | P31: =SUM(Q31:S31) -> 0 | Q31: =IF(M31>0,1,0) -> 0 | R31: =IF(N31>0,1,0) -> 0 | S31: =IF(O31>0,1,0) -> 0
... C33: M01.02.022 | D33: Proposta | E33: MARKO | F33: ILUM. - POLICARB. PRISMÁTICO | G33: M | H33: 19.2 | I33: 375 | K33: =+H33*I33 -> 7200 | P33: =SUM(Q33:S33) -> 0 | Q33: =IF(M33>0,1,0) -> 0 | R33: =IF(N33>0,1,0) -> 0 | S33: =IF(O33>0,1,0) -> 0
K34: =+H34*I34 -> 0 | P34: =SUM(Q34:S34) -> 0 | Q34: =IF(M34>0,1,0) -> 0 | R34: =IF(N34>0,1,0) -> 0 | S34: =IF(O34>0,1,0) -> 0
F35: PAINEÍS ESPECIAIS EM AÇO INOX | I35: =+M35 -> 0 | K35: =+H35*I35 -> 0 | P35: =SUM(Q35:S35) -> 0 | Q35: =IF(M35>0,1,0) -> 0 | R35: =IF(N35>0,1,0) -> 0 | S35: =IF(O35>0,1,0) -> 0
C36: M01.04.014 | D36: Proposta | E36: PSA | F36: CPM.01.A - PAINEL EM CHAPA METÁLICA PERFURADA REDONDA EM AÇO INOX 304 - PERFURAÇÃO R8,00 EC11,00. ACABAMENTO EM PINTURA ELETROSTÁTICA COR RAL 7042 BRILHANTE. SUBESTRUTURA EM PERFIS DE AÇO INOX 304 E ACESSÓRIOS PARA FIXAÇÃO PINTADOS NA MESMA COR, PARAFUSOS SEM PINTURA.1,738x5,286m2 | G36: M2 | H36: 9.18 | I36: 1203.76 | J36: 350 | K36: =+(I36+J36)*H36 -> 14263.517 | P36: =SUM(Q36:S36) -> 0 | Q36: =IF(M36>0,1,0) -> 0 | R36: =IF(N36>0,1,0) -> 0 | S36: =IF(O36>0,1,0) -> 0
C37: M01.04.015 | D37: Proposta | E37: PSA | F37: CPM.01.B - PAINEL EM CHAPA METÁLICA PERFURADA REDONDA EM AÇO INOX 304 - PERFURAÇÃO R8,00 EC11,00. ACABAMENTO EM PINTURA ELETROSTÁTICA COR RAL 7042 BRILHANTE. SUBESTRUTURA EM PERFIS DE AÇO INOX 304 E ACESSÓRIOS PARA FIXAÇÃO PINTADOS NA MESMA COR, PARAFUSOS SEM PINTURA.24,08 - 5,286m2 | G37: M2 | H37: 109.44 | I37: 1203.76 | J37: 350 | K37: =+(I37+J37)*H37 -> 170043.49 | P37: =SUM(Q37:S37) -> 0 | Q37: =IF(M37>0,1,0) -> 0 | R37: =IF(N37>0,1,0) -> 0 | S37: =IF(O37>0,1,0) -> 0
C38: M01.04.016 | D38: Proposta | E38: PSA | F38: CPM.01.B' - PAINEL EM CHAPA METÁLICA PERFURADA REDONDA EM AÇO INOX 304 - PERFURAÇÃO R8,00 EC11,00. ACABAMENTO EM PINTURA ELETROSTÁTICA COR RAL 7042 BRILHANTE. SUBESTRUTURA EM PERFIS DE AÇO INOX 304 E ACESSÓRIOS PARA FIXAÇÃO PINTADOS NA MESMA COR, PARAFUSOS SEM PINTURA.0,249 - 5,286m2 | G38: M2 | H38: 1.11 | I38: 1203.76 | J38: 350 | K38: =+(I38+J38)*H38 -> 1724.6736 | P38: =SUM(Q38:S38) -> 0 | Q38: =IF(M38>0,1,0) -> 0 | R38: =IF(N38>0,1,0) -> 0 | S38: =IF(O38>0,1,0) -> 0
C39: M01.04.017 | D39: Proposta | E39: PSA | F39: CPM.02.A - PAINEL EM CHAPA METÁLICA PERFURADA REDONDA EM AÇO INOX 304 - PERFURAÇÃO R8,00 EC11,00. ACABAMENTO EM PINTURA ELETROSTÁTICA COR RAL 7042 BRILHANTE. SUBESTRUTURA EM PERFIS DE AÇO INOX 304 E ACESSÓRIOS PARA FIXAÇÃO PINTADOS NA MESMA COR, PARAFUSOS SEM PINTURA.24,999 - 5,286m2 | G39: M2 | H39: 124.42 | I39: 1203.76 | J39: 350 | K39: =+(I39+J39)*H39 -> 193318.82 | P39: =SUM(Q39:S39) -> 0 | Q39: =IF(M39>0,1,0) -> 0 | R39: =IF(N39>0,1,0) -> 0 | S39: =IF(O39>0,1,0) -> 0
C40: M01.04.018 | D40: Proposta | E40: PSA | F40: CPM.02.A" - PAINEL EM CHAPA METÁLICA PERFURADA REDONDA EM AÇO INOX 304 - PERFURAÇÃO R8,00 EC11,00. ACABAMENTO EM PINTURA ELETROSTÁTICA COR RAL 7042 BRILHANTE. SUBESTRUTURA EM PERFIS DE AÇO INOX 304 E ACESSÓRIOS PARA FIXAÇÃO PINTADOS NA MESMA COR, PARAFUSOS SEM PINTURA.0,17 - 5,286m2 | G40: M2 | H40: 0.94 | I40: 1203.76 | J40: 350 | K40: =+(I40+J40)*H40 -> 1460.5344 | P40: =SUM(Q40:S40) -> 0 | Q40: =IF(M40>0,1,0) -> 0 | R40: =IF(N40>0,1,0) -> 0 | S40: =IF(O40>0,1,0) -> 0
C41: M01.04.019 | D41: Proposta | E41: PSA | F41: CPM.02.A' - PAINEL EM CHAPA METÁLICA PERFURADA REDONDA EM AÇO INOX 304 - PERFURAÇÃO R8,00 EC11,00. ACABAMENTO EM PINTURA ELETROSTÁTICA COR RAL 7042 BRILHANTE. SUBESTRUTURA EM PERFIS DE AÇO INOX 304 E ACESSÓRIOS PARA FIXAÇÃO PINTADOS NA MESMA COR, PARAFUSOS SEM PINTURA.0,248 - 5,286m2 | G41: M2 | H41: 1.11 | I41: 1203.76 | J41: 350 | K41: =+(I41+J41)*H41 -> 1724.6736 | P41: =SUM(Q41:S41) -> 0 | Q41: =IF(M41>0,1,0) -> 0 | R41: =IF(N41>0,1,0) -> 0 | S41: =IF(O41>0,1,0) -> 0
C42: M01.04.020 | D42: Proposta | E42: PSA | F42: CPM.02.B - PAINEL EM CHAPA METÁLICA PERFURADA REDONDA EM AÇO INOX 304 - PERFURAÇÃO R8,00 EC11,00. ACABAMENTO EM PINTURA ELETROSTÁTICA COR RAL 7042 BRILHANTE. SUBESTRUTURA EM PERFIS DE AÇO INOX 304 E ACESSÓRIOS PARA FIXAÇÃO PINTADOS NA MESMA COR, PARAFUSOS SEM PINTURA.5,186 - 5,286m2 | G42: M2 | H42: 25.76 | I42: 1203.76 | J42: 350 | K42: =+(I42+J42)*H42 -> 40024.858 | P42: =SUM(Q42:S42) -> 0 | Q42: =IF(M42>0,1,0) -> 0 | R42: =IF(N42>0,1,0) -> 0 | S42: =IF(O42>0,1,0) -> 0
C43: M01.04.021 | D43: Proposta | E43: PSA | F43: CPM.02.B' - PAINEL EM CHAPA METÁLICA PERFURADA REDONDA EM AÇO INOX 304 - PERFURAÇÃO R8,00 EC11,00. ACABAMENTO EM PINTURA ELETROSTÁTICA COR RAL 7042 BRILHANTE. SUBESTRUTURA EM PERFIS DE AÇO INOX 304 E ACESSÓRIOS PARA FIXAÇÃO PINTADOS NA MESMA COR, PARAFUSOS SEM PINTURA.0,149 - 5,286m2 | G43: M2 | H43: 0.82 | I43: 1203.76 | J43: 350 | K43: =+(I43+J43)*H43 -> 1274.0832 | P43: =SUM(Q43:S43) -> 0 | Q43: =IF(M43>0,1,0) -> 0 | R43: =IF(N43>0,1,0) -> 0 | S43: =IF(O43>0,1,0) -> 0
C44: M01.04.022 | D44: Proposta | E44: PSA | F44: CPM.03.A - PAINEL EM CHAPA METÁLICA PERFURADA REDONDA EM AÇO INOX 304 - PERFURAÇÃO R8,00 EC11,00. ACABAMENTO EM PINTURA ELETROSTÁTICA COR RAL 7042 BRILHANTE. SUBESTRUTURA EM PERFIS DE AÇO INOX 304 E ACESSÓRIOS PARA FIXAÇÃO PINTADOS NA MESMA COR, PARAFUSOS SEM PINTURA.4,805 - 5,286m2 | G44: M2 | H44: 21.62 | I44: 1203.76 | J44: 350 | K44: =+(I44+J44)*H44 -> 33592.291 | P44: =SUM(Q44:S44) -> 0 | Q44: =IF(M44>0,1,0) -> 0 | R44: =IF(N44>0,1,0) -> 0 | S44: =IF(O44>0,1,0) -> 0
C45: M01.04.023 | D45: Proposta | E45: PSA | F45: CPM.03.B - PAINEL EM CHAPA METÁLICA PERFURADA REDONDA EM AÇO INOX 304 - PERFURAÇÃO R8,00 EC11,00. ACABAMENTO EM PINTURA ELETROSTÁTICA COR RAL 7042 BRILHANTE. SUBESTRUTURA EM PERFIS DE AÇO INOX 304 E ACESSÓRIOS PARA FIXAÇÃO PINTADOS NA MESMA COR, PARAFUSOS SEM PINTURA.0,928 - 5,286m2 | G45: M2 | H45: 3.38 | I45: 1203.76 | J45: 350 | K45: =+(I45+J45)*H45 -> 5251.7088 | P45: =SUM(Q45:S45) -> 0 | Q45: =IF(M45>0,1,0) -> 0 | R45: =IF(N45>0,1,0) -> 0 | S45: =IF(O45>0,1,0) -> 0
C46: M01.04.024 | D46: Proposta | E46: PSA | F46: CPM.04 - PAINEL EM CHAPA METÁLICA PERFURADA REDONDA EM AÇO INOX 304 - PERFURAÇÃO R8,00 EC11,00. ACABAMENTO EM PINTURA ELETROSTÁTICA COR RAL 7042 BRILHANTE. SUBESTRUTURA EM PERFIS DE AÇO INOX 304 E ACESSÓRIOS PARA FIXAÇÃO PINTADOS NA MESMA COR, PARAFUSOS SEM PINTURA.8,129 - 5,286m2 | G46: M2 | H46: 36.58 | I46: 1203.76 | J46: 350 | K46: =+(I46+J46)*H46 -> 56836.541 | P46: =SUM(Q46:S46) -> 0 | Q46: =IF(M46>0,1,0) -> 0 | R46: =IF(N46>0,1,0) -> 0 | S46: =IF(O46>0,1,0) -> 0
C47: M01.04.025 | D47: Proposta | E47: PSA | F47: CPM.05.A - PAINEL EM CHAPA METÁLICA PERFURADA REDONDA EM AÇO INOX 304 - PERFURAÇÃO R8,00 EC11,00. ACABAMENTO EM PINTURA ELETROSTÁTICA COR RAL 7042 BRILHANTE. SUBESTRUTURA EM PERFIS DE AÇO INOX 304 E ACESSÓRIOS PARA FIXAÇÃO PINTADOS NA MESMA COR, PARAFUSOS SEM PINTURA.22,926 - 5,286m2 | G47: M2 | H47: 61.16 | I47: 1203.76 | J47: 350 | K47: =+(I47+J47)*H47 -> 95027.962 | P47: =SUM(Q47:S47) -> 0 | Q47: =IF(M47>0,1,0) -> 0 | R47: =IF(N47>0,1,0) -> 0 | S47: =IF(O47>0,1,0) -> 0
... C49: M01.04.027 | D49: Proposta | E49: PSA | F49: CPM.06.A - PAINEL EM CHAPA METÁLICA PERFURADA REDONDA EM AÇO INOX 304 - PERFURAÇÃO R8,00 EC11,00. ACABAMENTO EM PINTURA ELETROSTÁTICA COR RAL 7042 BRILHANTE. SUBESTRUTURA EM PERFIS DE AÇO INOX 304 E ACESSÓRIOS PARA FIXAÇÃO PINTADOS NA MESMA COR, PARAFUSOS SEM PINTURA.0,598 - 5,286m2 | G49: M2 | H49: 1.67 | I49: 1203.76 | J49: 350 | K49: =+(I49+J49)*H49 -> 2594.7792 | P49: =SUM(Q49:S49) -> 0 | Q49: =IF(M49>0,1,0) -> 0 | R49: =IF(N49>0,1,0) -> 0 | S49: =IF(O49>0,1,0) -> 0
C50: M01.04.028 | D50: Proposta | E50: PSA | F50: CPM.06.B - PAINEL EM CHAPA METÁLICA PERFURADA REDONDA EM AÇO INOX 304 - PERFURAÇÃO R8,00 EC11,00. ACABAMENTO EM PINTURA ELETROSTÁTICA COR RAL 7042 BRILHANTE. SUBESTRUTURA EM PERFIS DE AÇO INOX 304 E ACESSÓRIOS PARA FIXAÇÃO PINTADOS NA MESMA COR, PARAFUSOS SEM PINTURA.0,132 - 5,286m2 | G50: M2 | H50: 0.33 | I50: 1203.76 | J50: 350 | K50: =+(I50+J50)*H50 -> 512.7408 | O50: =+N50*M50 -> 0 | P50: =SUM(Q50:S50) -> 0 | Q50: =IF(M50>0,1,0) -> 0 | R50: =IF(N50>0,1,0) -> 0 | S50: =IF(O50>0,1,0) -> 0
C51: M01.04.029 | D51: Proposta | E51: PSA | F51: CPM.06.C - PAINEL EM CHAPA METÁLICA PERFURADA REDONDA EM AÇO INOX 304 - PERFURAÇÃO R8,00 EC11,00. ACABAMENTO EM PINTURA ELETROSTÁTICA COR RAL 7042 BRILHANTE. SUBESTRUTURA EM PERFIS DE AÇO INOX 304 E ACESSÓRIOS PARA FIXAÇÃO PINTADOS NA MESMA COR, PARAFUSOS SEM PINTURA.0,132 - 5,286m2 | G51: M2 | H51: 0.23 | I51: 1203.76 | J51: 350 | K51: =+(I51+J51)*H51 -> 357.3648 | O51: =+N51*M51 -> 0 | P51: =SUM(Q51:S51) -> 0 | Q51: =IF(M51>0,1,0) -> 0 | R51: =IF(N51>0,1,0) -> 0 | S51: =IF(O51>0,1,0) -> 0
C52: M01.04.030 | D52: Proposta | E52: PSA | F52: CPM.06.D - PAINEL EM CHAPA METÁLICA PERFURADA REDONDA EM AÇO INOX 304 - PERFURAÇÃO R8,00 EC11,00. ACABAMENTO EM PINTURA ELETROSTÁTICA COR RAL 7042 BRILHANTE. SUBESTRUTURA EM PERFIS DE AÇO INOX 304 E ACESSÓRIOS PARA FIXAÇÃO PINTADOS NA MESMA COR, PARAFUSOS SEM PINTURA.0,598 - 5,286m2 | G52: M2 | H52: 1.14 | I52: 1203.76 | J52: 350 | K52: =+(I52+J52)*H52 -> 1771.2864 | O52: =+N52*M52 -> 0 | P52: =SUM(Q52:S52) -> 0 | Q52: =IF(M52>0,1,0) -> 0 | R52: =IF(N52>0,1,0) -> 0 | S52: =IF(O52>0,1,0) -> 0
C53: M01.04.031 | D53: Proposta | E53: PSA | F53: CPM.06.E - PAINEL EM CHAPA METÁLICA PERFURADA REDONDA EM AÇO INOX 304 - PERFURAÇÃO R8,00 EC11,00. ACABAMENTO EM PINTURA ELETROSTÁTICA COR RAL 7042 BRILHANTE. SUBESTRUTURA EM PERFIS DE AÇO INOX 304 E ACESSÓRIOS PARA FIXAÇÃO PINTADOS NA MESMA COR, PARAFUSOS SEM PINTURA.0,132 - 5,286m2 | G53: M2 | H53: 0.25 | I53: 1203.76 | J53: 350 | K53: =+(I53+J53)*H53 -> 388.44 | O53: =+N53*M53 -> 0 | P53: =SUM(Q53:S53) -> 0 | Q53: =IF(M53>0,1,0) -> 0 | R53: =IF(N53>0,1,0) -> 0 | S53: =IF(O53>0,1,0) -> 0
C54: M01.04.032 | D54: Proposta | E54: PSA | F54: CPM.06.F - PAINEL EM CHAPA METÁLICA PERFURADA REDONDA EM AÇO INOX 304 - PERFURAÇÃO R8,00 EC11,00. ACABAMENTO EM PINTURA ELETROSTÁTICA COR RAL 7042 BRILHANTE. SUBESTRUTURA EM PERFIS DE AÇO INOX 304 E ACESSÓRIOS PARA FIXAÇÃO PINTADOS NA MESMA COR, PARAFUSOS SEM PINTURA.0,132 - 5,286m2 | G54: M2 | H54: 0.23 | I54: 1203.76 | J54: 350 | K54: =+(I54+J54)*H54 -> 357.3648 | O54: =+N54*M54 -> 0 | P54: =SUM(Q54:S54) -> 0 | Q54: =IF(M54>0,1,0) -> 0 | R54: =IF(N54>0,1,0) -> 0 | S54: =IF(O54>0,1,0) -> 0
C55: M01.04.033 | D55: Proposta | E55: PSA | F55: CPM.06.G - PAINEL EM CHAPA METÁLICA PERFURADA REDONDA EM AÇO INOX 304 - PERFURAÇÃO R8,00 EC11,00. ACABAMENTO EM PINTURA ELETROSTÁTICA COR RAL 7042 BRILHANTE. SUBESTRUTURA EM PERFIS DE AÇO INOX 304 E ACESSÓRIOS PARA FIXAÇÃO PINTADOS NA MESMA COR, PARAFUSOS SEM PINTURA.0,582 - 5,286m2 | G55: M2 | H55: 1.11 | I55: 1203.76 | J55: 350 | K55: =+(I55+J55)*H55 -> 1724.6736 | O55: =+N55*M55 -> 0 | P55: =SUM(Q55:S55) -> 0 | Q55: =IF(M55>0,1,0) -> 0 | R55: =IF(N55>0,1,0) -> 0 | S55: =IF(O55>0,1,0) -> 0
C56: M01.04.034 | D56: Proposta | E56: PSA | F56: CPM.06.H - PAINEL EM CHAPA METÁLICA PERFURADA REDONDA EM AÇO INOX 304 - PERFURAÇÃO R8,00 EC11,00. ACABAMENTO EM PINTURA ELETROSTÁTICA COR RAL 7042 BRILHANTE. SUBESTRUTURA EM PERFIS DE AÇO INOX 304 E ACESSÓRIOS PARA FIXAÇÃO PINTADOS NA MESMA COR, PARAFUSOS SEM PINTURA.0,132 - 5,286m2 | G56: M2 | H56: 0.22 | I56: 1203.76 | J56: 350 | K56: =+(I56+J56)*H56 -> 341.8272 | O56: =+N56*M56 -> 0 | P56: =SUM(Q56:S56) -> 0 | Q56: =IF(M56>0,1,0) -> 0 | R56: =IF(N56>0,1,0) -> 0 | S56: =IF(O56>0,1,0) -> 0
C57: M01.04.035 | D57: Proposta | E57: PSA | F57: CPM.06.I - PAINEL EM CHAPA METÁLICA PERFURADA REDONDA EM AÇO INOX 304 - PERFURAÇÃO R8,00 EC11,00. ACABAMENTO EM PINTURA ELETROSTÁTICA COR RAL 7042 BRILHANTE. SUBESTRUTURA EM PERFIS DE AÇO INOX 304 E ACESSÓRIOS PARA FIXAÇÃO PINTADOS NA MESMA COR, PARAFUSOS SEM PINTURA.0,293 - 5,286m2 | G57: M2 | H57: 0.78 | I57: 1203.76 | J57: 350 | K57: =+(I57+J57)*H57 -> 1211.9328 | O57: =+N57*M57 -> 0 | P57: =SUM(Q57:S57) -> 0 | Q57: =IF(M57>0,1,0) -> 0 | R57: =IF(N57>0,1,0) -> 0 | S57: =IF(O57>0,1,0) -> 0
C58: M01.04.036 | D58: Proposta | E58: PSA | F58: CPM.06.J - PAINEL EM CHAPA METÁLICA PERFURADA REDONDA EM AÇO INOX 304 - PERFURAÇÃO R8,00 EC11,00. ACABAMENTO EM PINTURA ELETROSTÁTICA COR RAL 7042 BRILHANTE. SUBESTRUTURA EM PERFIS DE AÇO INOX 304 E ACESSÓRIOS PARA FIXAÇÃO PINTADOS NA MESMA COR, PARAFUSOS SEM PINTURA.0,599 - 5,286m2 | G58: M2 | H58: 1.67 | I58: 1203.76 | J58: 350 | K58: =+(I58+J58)*H58 -> 2594.7792 | O58: =+N58*M58 -> 0 | P58: =SUM(Q58:S58) -> 0 | Q58: =IF(M58>0,1,0) -> 0 | R58: =IF(N58>0,1,0) -> 0 | S58: =IF(O58>0,1,0) -> 0
C59: M01.04.037 | D59: Proposta | E59: PSA | F59: CPM.06.K - PAINEL EM CHAPA METÁLICA PERFURADA REDONDA EM AÇO INOX 304 - PERFURAÇÃO R8,00 EC11,00. ACABAMENTO EM PINTURA ELETROSTÁTICA COR RAL 7042 BRILHANTE. SUBESTRUTURA EM PERFIS DE AÇO INOX 304 E ACESSÓRIOS PARA FIXAÇÃO PINTADOS NA MESMA COR, PARAFUSOS SEM PINTURA.0,598 - 5,286m2 | G59: M2 | H59: 1.67 | I59: 1203.76 | J59: 350 | K59: =+(I59+J59)*H59 -> 2594.7792 | O59: =+N59*M59 -> 0 | P59: =SUM(Q59:S59) -> 0 | Q59: =IF(M59>0,1,0) -> 0 | R59: =IF(N59>0,1,0) -> 0 | S59: =IF(O59>0,1,0) -> 0
C60: M01.04.038 | D60: Proposta | E60: PSA | F60: CPM.06.L - PAINEL EM CHAPA METÁLICA PERFURADA REDONDA EM AÇO INOX 304 - PERFURAÇÃO R8,00 EC11,00. ACABAMENTO EM PINTURA ELETROSTÁTICA COR RAL 7042 BRILHANTE. SUBESTRUTURA EM PERFIS DE AÇO INOX 304 E ACESSÓRIOS PARA FIXAÇÃO PINTADOS NA MESMA COR, PARAFUSOS SEM PINTURA.0,132 - 5,286m2 | G60: M2 | H60: 0.33 | I60: 1203.76 | J60: 350 | K60: =+(I60+J60)*H60 -> 512.7408 | O60: =+N60*M60 -> 0 | P60: =SUM(Q60:S60) -> 0 | Q60: =IF(M60>0,1,0) -> 0 | R60: =IF(N60>0,1,0) -> 0 | S60: =IF(O60>0,1,0) -> 0
C61: M01.04.039 | D61: Proposta | E61: PSA | F61: CPM.06.M - PAINEL EM CHAPA METÁLICA PERFURADA REDONDA EM AÇO INOX 304 - PERFURAÇÃO R8,00 EC11,00. ACABAMENTO EM PINTURA ELETROSTÁTICA COR RAL 7042 BRILHANTE. SUBESTRUTURA EM PERFIS DE AÇO INOX 304 E ACESSÓRIOS PARA FIXAÇÃO PINTADOS NA MESMA COR, PARAFUSOS SEM PINTURA.0,132 - 5,286m2 | G61: M2 | H61: 0.34 | I61: 1203.76 | J61: 350 | K61: =+(I61+J61)*H61 -> 528.2784 | O61: =+N61*M61 -> 0 | P61: =SUM(Q61:S61) -> 0 | Q61: =IF(M61>0,1,0) -> 0 | R61: =IF(N61>0,1,0) -> 0 | S61: =IF(O61>0,1,0) -> 0
... C69: M01.04.047 | D69: Proposta | E69: PSA | F69: CPM.06.U - PAINEL EM CHAPA METÁLICA PERFURADA REDONDA EM AÇO INOX 304 - PERFURAÇÃO R8,00 EC11,00. ACABAMENTO EM PINTURA ELETROSTÁTICA COR RAL 7042 BRILHANTE. SUBESTRUTURA EM PERFIS DE AÇO INOX 304 E ACESSÓRIOS PARA FIXAÇÃO PINTADOS NA MESMA COR, PARAFUSOS SEM PINTURA.0,132 - 5,286m2 | G69: M2 | H69: 0.34 | I69: 1203.76 | J69: 350 | K69: =+(I69+J69)*H69 -> 528.2784 | O69: =+N69*M69 -> 0 | P69: =SUM(Q69:S69) -> 0 | Q69: =IF(M69>0,1,0) -> 0 | R69: =IF(N69>0,1,0) -> 0 | S69: =IF(O69>0,1,0) -> 0
O70: =+N70*M70 -> 0 | P70: =SUM(Q70:S70) -> 0 | Q70: =IF(M70>0,1,0) -> 0 | R70: =IF(N70>0,1,0) -> 0 | S70: =IF(O70>0,1,0) -> 0
F71: PAINEÍS REFAX | K71: =+H71*I71 -> 0 | P71: =SUM(Q71:S71) -> 0 | Q71: =IF(M71>0,1,0) -> 0 | R71: =IF(N71>0,1,0) -> 0 | S71: =IF(O71>0,1,0) -> 0
C72: M01.07.001 | D72: Proposta | E72: Refax | F72: BRISE AL RB60 LISO PASSO 100MM ENTRE EIXOS | G72: M2 | H72: 44 | I72: 250 | K72: =+H72*I72 -> 11000 | P72: =SUM(Q72:S72) -> 0 | Q72: =IF(M72>0,1,0) -> 0 | R72: =IF(N72>0,1,0) -> 0 | S72: =IF(O72>0,1,0) -> 0
C73: M01.07.002 | D73: Proposta | E73: Refax | F73: BRISE AL RB60 LISO PASSO 100MM ENTRE EIXOS | G73: M2 | H73: 15 | I73: 240 | K73: =+H73*I73 -> 3600 | P73: =SUM(Q73:S73) -> 0 | Q73: =IF(M73>0,1,0) -> 0 | R73: =IF(N73>0,1,0) -> 0 | S73: =IF(O73>0,1,0) -> 0
C74: M01.07.003 | D74: Proposta | E74: Refax | F74: BRISE AL RB100 LISO PASSO 120MM ENTRE EIXOS | G74: M2 | H74: 26 | I74: 230 | K74: =+H74*I74 -> 5980 | P74: =SUM(Q74:S74) -> 0 | Q74: =IF(M74>0,1,0) -> 0 | R74: =IF(N74>0,1,0) -> 0 | S74: =IF(O74>0,1,0) -> 0
C75: M01.07.004 | D75: Proposta | E75: Refax | F75: BRISE AL RB200 LISO PASSO 220MM ENTRE EIXOS | G75: M2 | H75: 43 | I75: 220 | K75: =+H75*I75 -> 9460
C76: M01.07.005 | D76: Proposta | E76: Loft | F76: FORNECIMENTO DE ESTRUTURA AUXILIAR E MÃO DE OBRA PARA INSTALAÇÃO DA ESTRUTURA E BRISES REFAX RB | G76: M2 | H76: 128 | I76: 360 | K76: =+H76*I76 -> 46080 | P76: =SUM(Q76:S76) -> 0 | Q76: =IF(M76>0,1,0) -> 0 | R76: =IF(N76>0,1,0) -> 0 | S76: =IF(O76>0,1,0) -> 0
C77: M01.07.006 | D77: Proposta | E77: PSA | F77: PC02 - PORTA DE ABRIR EM CHAPA PERFURADA EM INOX 304 - FURAÇÃO REDONDA Ø22,2mm COM DISPOSIÇÃO ALTERNADA LONGITUDINAL - 0,86X 2,44M | G77: UN | H77: 1 | I77: 3197.479 | K77: =+H77*I77 -> 3197.479 | P77: =SUM(Q77:S77) -> 0 | Q77: =IF(M77>0,1,0) -> 0 | R77: =IF(N77>0,1,0) -> 0 | S77: =IF(O77>0,1,0) -> 0
F78: MOBILIÁRIO URCA | K78: =+H78*I78 -> 0 | P78: =SUM(Q78:S78) -> 0 | Q78: =IF(M78>0,1,0) -> 0 | R78: =IF(N78>0,1,0) -> 0 | S78: =IF(O78>0,1,0) -> 0 | U78: - COMPOSTO DE:
C79: M01.10.001 | D79: Proposta | E79: Lablinea | F79: SALA DE LAMINAÇÃO - BANCADA LATERAL MEDINDO 2400X900X900MM - Composto de: 2,40 LL4298BI3 Metro(s) linear(es) de tampo em granito natural polido com 30mm de espessura, medindo 900mm de profundidade, com respaldo de 60mm junto a parede e acabamento bizotado. - 1,00 LL2038-E Modulo inferior de cuba medindo 900x700x870mm provida de duas portas. - 1,00 LL2222-E Modulo inferior medindo 900x700x870mm provido de duas portas e uma prateleira. - 1,00 LL2212_ESQ-E Modulo inferior medindo 550x700x870mm provido de uma porta a esquerda e uma prateleira. - 0,05 LL2049 S ABS Metro(s) linear(es) de painel de acabamento para fechamento frontal. - Utilidades: - 1,00 LL9033 Cuba em aço inoxidável AISI 304 polido medindo 500x400x400mm. - 1,00 LN7158G ÁGUA FRIA Conjunto formado por nuca giratória com bico escalonado reto e registro de bloqueio 3/8" em latão com acabamento em epóxi com batoque verde para água fria. - 1,00 LL9012 Válvula americana sifonada em polipropileno medindo 3 1/2" de diâmetro com conexões também em polipropileno para bancada. - 1,00 LL9012 Válvula americana sifonada em polipropileno medindo 3 1/2" de diâmetro com conexões também em polipropileno para bancada. | G79: UN | H79: 1 | I79: 19548.04 | K79: =+H79*I79 -> 19548.04 | N79: =+I79-M79 -> 19548.04 | P79: =SUM(Q79:S79) -> 1 | Q79: =IF(M79>0,1,0) -> 0 | R79: =IF(N79>0,1,0) -> 1 | S79: =IF(O79>0,1,0) -> 0 | U79: =CONCATENATE(F79,$U$78,#REF!,$U$77,#REF!,$U$77,#REF!,$U$77,#REF!,$U$77,#REF!,$U$77,#REF!,$U$77,#REF!,$U$77,#REF!,$U$77,#REF!,$U$77,#REF!) -> #REF! | AD79: 9995.215
U80: - COMPOSTO DE:
C81: M01.10.002 | D81: Proposta | E81: Lablinea | F81: SALA DE MAMINAÇÃO - CAPELA MODELO LS-408 MEDINDO 1500X890X2600MM - COMPOSTO DE: RECOMENDADA PARA APLICAÇÕES GERAIS E TRABALHOS COM SOLUÇÕES DILUÍDAS EM TEMPERATURA MÉDIA. - 1,00 CORPO SUP EXT CAP150 CORPO SUPERIOR EXTERNO REVESTIDO EXTERNAMENTE E INTERNAMENTE EM LAMINADO MELAMÍNICO. ACESSO A LUMINÁRIA, ELÉTRICA E SAÍDA DA EXAUSTÃO, POR UMA PORTA NA PARTE FRONTAL SUPERIOR. PAINÉIS LATERAIS EM ALUMÍNIO PINTADO EM EPÓXI A PÓ POR PROCESSO DE ELETRODEPOSIÇÃO PARA FIXAÇÃO DE TOMADAS, VÁLVULAS DE COMANDO DAS UTILIDADES, INTERRUPTOR DA LUMINÁRIA E BOTOEIRA CASO NECESSÁRIOS. ALTURA EXTERNA FINAL 1780MM. - 1,00 LUMINARIA CAP RETANG KIT COMPLETO DE LUMINÁRIA COM DUAS LÂMPADAS TUBULARES 9W EQUIVALÊNCIA 20W FLUORESCENTE. - 1,00 EST.BASE.VAZ.CAP1500 ESTRUTURA DE BASE VAZADA PARA CAPELA E PAINEL DE FUNDO REMOVÍVEL. - 2,50 MANGUEIRA CZ 50MM MANGUEIRA CINZA CORRUGADA MED. 50MM. LAB. LINEA INDUSTRIA E COMERCIO DE MOVEIS PARA LABORATÓRIOS LTDA. - 1,00 GAB.BASE.500_ESQ GABINETE DE BASE MEDINDO 500X450X805MM PARA CAPELA, PROVIDO DE UMA PORTA A ESQUERDA E UMA PRATELEIRA. - 1,00 GAB.BASE.900 GABINETE DE BASE MEDINDO 900X450X805MM PARA CAPELA, PROVIDO DE DUAS PORTAS E UMA PRATELEIRA. - 1,00 BOXTS/LS1500 CORPO INTERNO (BOX), CONSTRUÍDO EM COMPENSADO NAVAL DE 15 MM DE ESPESSURA REVESTIDO EM LAMINADO A BASE DE RESINAS MELAMÍNICAS, COMPOSTO POR FOLHAS DE KRAFT IMPREGNADO COM RESINAS FENÓLICAS MODIFICADAS POR SAIS RETARDANTES DE CHAMA NÃO HALOGENADOS (HOLOGEN-FREE), CONSOLIDADOS SOB CONDIÇÕES DE ALTA PRESSÃO (80 – 100 KG/CM2) E TEMPERATURA (130 - 140 GRAUS C) PARA CAPELAS COM COMPRIMENTO DE 1500MM. - 1,00 TAMP.CAP.AA.1500 TAMPO CONSTRUÍDO EM MADEIRA DE LEI COMPENSADA DO TIPO NAVAL REVESTIDO EM CERÂMICAS ANTIÁCIDAS (DUAS CURAS) MARCA GAIL, ESTUCADA COM MASSA EPÓXI ESPECIAL E REJUNTADA COM RESINA FN, COM BORDA DE RETENÇÃO EM RESINA POLIÉSTER. - 1,00 TAMP.CAP.AA.1500 TAMPO CONSTRUÍDO EM MADEIRA DE LEI COMPENSADA DO TIPO NAVAL REVESTIDO EM CERÂMICAS ANTIÁCIDAS (DUAS CURAS) MARCA GAIL, ESTUCADA COM MASSA EPÓXI ESPECIAL E REJUNTADA COM RESINA FN, COM BORDA DE RETENÇÃO EM RESINA POLIÉSTER. - 1,00 GUILHOTI CAP1500 JANELA TIPO GUILHOTINA CONSTRUÍDA EM DOIS QUADROS DE ALUMÍNIO NA COR BRANCA, SENDO UM QUADRO SUPERIOR FIXO OUTRO COM DESLOCAMENTO VERTICAL COM SISTEMAS DE CONTRAPESO E COM PARADA EM QUALQUER PONTO, AMBOS COM VIDRO TEMPERADO INCOLOR NA ESPESSURA DE 6MM. SISTEMA SUPORTADO POR CABO DE AÇO GALVANIZADO, PLASTIFICADO DE 3/32". - 1,00 CJCHICTS/LS1500 CHICANA DEFLETORA PARA ORIENTAÇÃO DE FLUXO DE TIRAGEM, PLANA, CONSTRUÍDA EM LAMINADO A BASE DE RESINAS MELAMÍNICAS, COMPOSTO POR FOLHAS DE KRAFT IMPREGNADO COM RESINAS FENÓLICAS MODIFICADAS POR SAIS RETARDANTES DE CHAMA NÃO HALOGENADOS (HOLOGEN-FREE), CONSOLIDADOS SOB CONDIÇÕES DE ALTA PRESSÃO (80 - 100 KG/CM2) E TEMPERATURA (130 - 140 GRAUS C) PARA CAPELAS COM 1500MM DE COMPRIMENTO. - 1,00 E25 EXAUSTOR CENTRIFUGO TIPO "LIMIT LOAD" COM AS SEGUINTES CARACTERÍSTICAS: VAZÃO: 2140 M3/H , PRESSÃO: 45MM CA, ROTAÇÃO: 1720 RPM, MOTOR: 1,0 CV, TRANSMISSÃO: DIRETA, MAT. DE CONSTRUÇÃO: PRFV(PLÁSTICO REFORÇADO COM FIBRA DE VIDRO) E ROTOR EM PRFV. - 1,00 KITELETCAN1 KIT ELÉTRICA PARA EXAUSTÃO DE CAPELA, COM INVERSOR DE FREQUÊNCIA 1,0CV. - 1,00 SUPORTE PARA EXAUSTOR INSTALADO EM PAREDE EM AÇO CARBONO, PROTEGIDO POR PINTURA EPÓXI. - 8,00 DUTO250 METRO(S) LINEAR(ES) DE DUTO EM PVC RÍGIDO COM 250MM DE DIÂMETRO. - 2,00 CURVA90250 CURVA 90 GRAUS EM PVC COM DIÂMETRO DE 250MM. - 1,00 CURVA135250 CURVA 135 GRAUS EM PVC COM DIÂMETRO DE 250MM. - 2,00 FIX250 SISTEMA DE FIXAÇÃO PARA DUTO DE 250MM DE DIÂMETRO. - 0,16 LL2049 H2600 ABS METRO(S) LINEAR(ES) DE PAINEL PARA ACABAMENTO LATERAL APARENTE DE CAPELAS. - 0,16 LL2049 H2600 ABS METRO(S) LINEAR(ES) DE PAINEL PARA ACABAMENTO LATERAL APARENTE DE CAPELAS. - UTILIDADES: - 1,00 LL9052CAP KIT DE ELÉTRICA COMPOSTO DE UMA TOMADA 110 V, UMA TOMADA 220V, UM INTERRUPTOR PARA LUMINÁRIA E UM INTERRUPTOR PARA EXAUSTOR, MONTADAS EM ESPELHO DE ALUMÍNIO PINTADO EM EPÓXI BRANCO PARA CAPELAS. - 1,00 LB7162 NITROGENIO CONJUNTO COM COMANDO A DISTÂNCIA FORMADO POR BICO ANGULAR ESCALONADO E REGISTRO DE BLOQUEIO 3/8" NPT EM LATÃO COM ACABAMENTO EM EPÓXI COM BATOQUE ROSA PARA NITROGÊNIO. LAB. LINEA INDUSTRIA E COMERCIO DE MOVEIS PARA LABORATÓRIOS LTDA. - 1,00 LB7162 VACUO CONJUNTO COM COMANDO A DISTANCIA FORMADO POR BICO ANGULAR ESCALONADO E REGISTRO DE BLOQUEIO 3/8" NPT EM LATÃO COM ACABAMENTO EM EPÓXI COM BATOQUE CINZA PARA VÁCUO. | G81: UN | H81: 1 | I81: 92034.43 | K81: =+H81*I81 -> 92034.43 | P81: =SUM(Q81:S81) -> 0 | Q81: =IF(M81>0,1,0) -> 0 | R81: =IF(N81>0,1,0) -> 0 | S81: =IF(O81>0,1,0) -> 0 | U81: =CONCATENATE(F81,$U$80,#REF!,#REF!,#REF!,#REF!,#REF!,#REF!,#REF!,#REF!,#REF!,#REF!,#REF!,#REF!,#REF!,#REF!,#REF!,#REF!,#REF!,#REF!,#REF!,#REF!,#REF!,#REF!,#REF!,#REF!,#REF!,#REF!,#REF!,#REF!,#REF!,#REF!,#REF!,#REF!,#REF!,#REF!,#REF!,#REF!,#REF!,#REF!,#REF!,#REF!,#REF!,#REF!,#REF!,#REF!,#REF!,#REF!,#REF!,#REF!,#REF!) -> #REF! | AD81: 52536.523
C83: M01.10.003 | D83: Proposta | E83: Lablinea | F83: SALA DE LAMINAÇÃO - SISTEMA ACOPLADO DE SEGURANCA COM CHUVEIRO E LAVA OLHOS COM KIT EM ABS. 250MM DE DIÂMETRO, ACIONAMENTO ATRAVÉS DE HASTE EM AÇO INOXIDÁVEL. LAVA OLHOS TAMBÉM COM PIA EM ABS, DOIS CRIVOS COM ACIONAMENTO MANUAL ATRAVÉS DE ALAVANCA "EMPURRE". FIXAÇÃO DIRETA NO PISO. TUBULAÇÕES E CONEXÕES EM TUBO DE GALVANIZADO, PINTADO NA COR VERDE. | G83: UN | H83: 1 | I83: 3669.11 | K83: =+H83*I83 -> 3669.11 | P83: =SUM(Q83:S83) -> 0 | Q83: =IF(M83>0,1,0) -> 0 | R83: =IF(N83>0,1,0) -> 0 | S83: =IF(O83>0,1,0) -> 0 | U83: - | AD83: 5402.4891
U84: - COMPOSTO DE:
C85: M01.10.004 | D85: Proposta | E85: Lablinea | F85: SALA DE LAMINAÇÃO - BANCADA LATERAL MEDINDO 6300X1000X900MM - COMPOSTO DE: 6,30 LL4292-E METRO(S) LINEAR(ES) DE TAMPO EM LAMINADO MELAMÍNICO ESPESSURA DE 25MM "MACIÇO", MEDINDO 900MM DE PROFUNDIDADE E COM RESPALDO DE 60MM JUNTO A PAREDE. - 2,00 LL2222-E MODULO INFERIOR MEDINDO 900X700X870MM PROVIDO DE DUAS PORTAS E UMA PRATELEIRA. - 1,00 LL2222-E MODULO INFERIOR MEDINDO 785X700X870MM PROVIDO DE DUAS PORTAS E UMA PRATELEIRA. - 2,00 LL2214-E MODULO INFERIOR MEDINDO 450X700X870MM PROVIDO DE QUATRO GAVETAS. - 1,00 LL2051-E PAINEL DE SUSTENTAÇÃO PARA BANCADA MEDINDO 25X650X870MM. - 0,90 LL2050 METRO(S) LINEAR(ES) DE MODULO VAZADO COMPOSTO POR PAINEL DE FUNDO. - 0,90 LL2050 METRO(S) LINEAR(ES) DE MODULO VAZADO COMPOSTO POR PAINEL DE FUNDO. - 0,90 LL2050 METRO(S) LINEAR(ES) DE MODULO VAZADO COMPOSTO POR PAINEL DE FUNDO. - 0,05 LL2049 S ABS METRO(S) LINEAR(ES) DE PAINEL DE ACABAMENTO PARA FECHAMENTO FRONTAL. - 0,26 LL2049 ABS METRO(S) LINEAR(ES) DE PAINEL PARA ACABAMENTO LATERAL APARENTE. | G85: UN | H85: 1 | I85: 19530.11 | K85: =+H85*I85 -> 19530.11 | P85: =SUM(Q85:S85) -> 0 | Q85: =IF(M85>0,1,0) -> 0 | R85: =IF(N85>0,1,0) -> 0 | S85: =IF(O85>0,1,0) -> 0 | U85: =CONCATENATE(F85,$U$84,#REF!,$U$83,#REF!,$U$83,#REF!,$U$83,#REF!,$U$83,#REF!,$U$83,#REF!,$U$83,#REF!,$U$83,#REF!,$U$83,#REF!,$U$83,#REF!) -> #REF! | AD85: 17016.291
C87: M01.10.005 | D87: Proposta | E87: Lablinea | F87: SALA DE LAMINAÇÃO - ARMARIO MEDINDO 900X520X2000MM PROVIDA DE DUAS PORTAS E SEIS NIVEIS DE APOIO. | G87: UN | H87: 2 | I87: 3520.5 | K87: =+H87*I87 -> 7041 | P87: =SUM(Q87:S87) -> 0 | Q87: =IF(M87>0,1,0) -> 0 | R87: =IF(N87>0,1,0) -> 0 | S87: =IF(O87>0,1,0) -> 0 | U87: - | AD87: 2938.2507
U88: - COMPOSTO DE:
C89: M01.10.006 | D89: Proposta | E89: Lablinea | F89: SALA DE CORTES - BANCADA LATERAL MEDINDO 4500X1000X900MM - COMPOSTO DE: 4,50 LL4298BI3-E METRO(S) LINEAR(ES) DE TAMPO EM GRANITO NATURAL POLIDO COM 30MM DE ESPESSURA, MEDINDO 1100MM DE PROFUNDIDADE, COM RESPALDO DE 60MM JUNTO A PAREDE E ACABAMENTO BICOTADO. - 1,00 LL2038-E MODULO INFERIOR DE CUBA MEDINDO 900X800X870MM PROVIDA DE DUAS PORTAS. - 3,00 LL2222-E MODULO INFERIOR MEDINDO 900X800X870MM PROVIDO DE DUAS PORTAS E UMA PRATELEIRA. - 1,00 LL2222-E MODULO INFERIOR MEDINDO 810X800X870MM PROVIDO DE DUAS PORTAS E UMA PRATELEIRA. - LAB. LINEA INDUSTRIA E COMERCIO DE MOVEIS PARA LABORATÓRIOS LTDA. - 0,26 LL2049 ABS METRO(S) LINEAR(ES) DE PAINEL PARA ACABAMENTO LATERAL APARENTE. - 0,05 LL2049 S ABS METRO(S) LINEAR(ES) DE PAINEL DE ACABAMENTO PARA FECHAMENTO FRONTAL. - UTILIDADES: - 1,00 LL9033 CUBA EM AÇO INOXIDÁVEL AISI 304 POLIDO MEDINDO 500X400X400MM. - 1,00 LN7158G AGUA FRIA CONJUNTO FORMADO POR NUCA GIRATÓRIA COM BICO ESCALONADO RETO E REGISTRO DE BLOQUEIO 3/8" EM LATÃO COM ACABAMENTO EM EPÓXI COM BATOQUE VERDE PARA AGUA FRIA. - 1,00 LL9012 VÁLVULA AMERICANA SIFONADA EM POLIPROPILENO MEDINDO 3 1/2" DE DIÂMETRO COM CONEXÕES TAMBÉM EM POLIPROPILENO PARA BANCADA. | G89: UN | H89: 1 | I89: 32585.55 | K89: =+H89*I89 -> 32585.55 | P89: =SUM(Q89:S89) -> 0 | Q89: =IF(M89>0,1,0) -> 0 | R89: =IF(N89>0,1,0) -> 0 | S89: =IF(O89>0,1,0) -> 0 | U89: =CONCATENATE(F89,$U$88,#REF!,$U$87,#REF!,$U$87,#REF!,$U$87,#REF!,$U$87,#REF!,$U$87,#REF!,$U$87,#REF!,$U$87,#REF!,$U$87,#REF!,$U$87,#REF!,$U$87,#REF!) -> #REF! | AD89: 12947.708
U90: - COMPOSTO DE:
C91: M01.10.007 | D91: Proposta | E91: Lablinea | F91: SALA DE CORTES - BANCADA LATERAL MEDINDO 4500X1000X900MM - COMPOSTO DE: 4,95 LL4298BI3-E METRO(S) LINEAR(ES) DE TAMPO EM GRANITO NATURAL POLIDO COM 30MM DE ESPESSURA, MEDINDO 1100MM DE PROFUNDIDADE, COM RESPALDO DE 60MM JUNTO A PAREDE E ACABAMENTO BICOTADO. - 4,00 LL2222-E MODULO INFERIOR MEDINDO 900X800X870MM PROVIDO DE DUAS PORTAS E UMA PRATELEIRA. - 1,00 LL2222-E MODULO INFERIOR MEDINDO 1260X800X870MM PROVIDO DE TRÊS PORTAS E UMA PRATELEIRA. - 0,26 LL2049 ABS METRO(S) LINEAR(ES) DE PAINEL PARA ACABAMENTO LATERAL APARENTE. - 0,05 LL2049 S ABS METRO(S) LINEAR(ES) DE PAINEL DE ACABAMENTO PARA FECHAMENTO FRONTAL. | G91: UN | H91: 1 | I91: 27714.51 | K91: =+H91*I91 -> 27714.51 | P91: =SUM(Q91:S91) -> 0 | Q91: =IF(M91>0,1,0) -> 0 | R91: =IF(N91>0,1,0) -> 0 | S91: =IF(O91>0,1,0) -> 0 | U91: =CONCATENATE(F91,$U$90,#REF!,#REF!,#REF!,#REF!,#REF!,#REF!,#REF!,#REF!,#REF!) -> #REF! | AD91: 7968.9601
U92: - COMPOSTO DE:
C93: M01.10.008 | D93: Proposta | E93: Lablinea | F93: SALA DE CORTES - BANCADA LATERAL MEDINDO 2000X800X900MM - COMPOSTO DE: 2,00 LL4192-E METRO(S) LINEAR(ES) DE TAMPO EM LAMINADO MELAMÍNICO ESPESSURA DE 25MM "MACIÇO", MEDINDO 800MM DE PROFUNDIDADE E COM RESPALDO DE 60MM JUNTO A PAREDE. - 1,00 LL2214-E MODULO INFERIOR MEDINDO 450X520X870MM PROVIDO DE QUATRO GAVETAS. - 0,86 LL2250U METRO(S) LINEAR(ES) DE MODULO VAZADO COMPOSTO POR PAINEL DE FUNDO. - 1,00 LL2211-E MODULO INFERIOR ABERTO MEDINDO 600X350X870MM PROVIDO DE DUAS PRATELEIRAS. - 0,08 LL2049 ABS METRO(S) LINEAR(ES) DE PAINEL PARA ACABAMENTO LATERAL APARENTE. - 0,08 LL2049 ABS METRO(S) LINEAR(ES) DE PAINEL PARA ACABAMENTO LATERAL APARENTE. - 0,26 LL2049 ABS METRO(S) LINEAR(ES) DE PAINEL PARA ACABAMENTO LATERAL APARENTE. | G93: UN | H93: 1 | I93: 4670.7 | K93: =+H93*I93 -> 4670.7 | P93: =SUM(Q93:S93) -> 0 | Q93: =IF(M93>0,1,0) -> 0 | R93: =IF(N93>0,1,0) -> 0 | S93: =IF(O93>0,1,0) -> 0 | U93: =CONCATENATE(F93,$U$92,#REF!,#REF!,#REF!,#REF!,#REF!,#REF!,#REF!,#REF!,#REF!,#REF!,#REF!,#REF!,#REF!) -> #REF! | AD93: 3865.3925
U94: - COMPOSTO DE:
C95: M01.10.009 | D95: Proposta | E95: Lablinea | F95: PRATELEIRAS - METRO(S) LINEAR(ES) DE PRATELEIRA REVESTIDA EM LAMINADO MELAMINICO COM 300MM DE PROFUNDIDADE. - COMPOSTO DE: 2,00 MÃO FRANCESA BRANCA MED. 200X250MM - LAB. LINEA INDUSTRIA E COMERCIO DE MOVEIS PARA LABORATÓRIOS LTDA. - RUA ANGELO PERISSINOTTO ,166/186 BELA VISTA - CEP: 13.145-006 - PAULINIA - SP - BRASIL - FONE/FAX: (19) 3874-9898SITE: WWW.LABLINEA.COM.BR E-MAIL: LABLINEA@LABLINEA.COM.BR | G95: UN | H95: 1.35 | I95: =617.36/1.35 -> 457.3037 | K95: =+H95*I95 -> 617.36 | P95: =SUM(Q95:S95) -> 0 | Q95: =IF(M95>0,1,0) -> 0 | R95: =IF(N95>0,1,0) -> 0 | S95: =IF(O95>0,1,0) -> 0 | U95: =CONCATENATE(F95,$U$94,#REF!,#REF!,#REF!,#REF!,#REF!,#REF!,#REF!,$U$1487,#REF!) -> #REF! | AD95: 293.91184
U96: - COMPOSTO DE:
C97: M01.10.010 | D97: Proposta | E97: Lablinea | F97: PRATELEIRAS - METRO(S) LINEAR(ES) DE PRATELEIRA REVESTIDA EM LAMINADO MELAMINICO COM 300MM DE PROFUNDIDADE. - COMPOSTO DE: 2,00 MÃO FRANCESA BRANCA MED. 200X250MM - | G97: UN | H97: 1.35 | I97: =617.36/1.35 -> 457.3037 | K97: =+H97*I97 -> 617.36 | P97: =SUM(Q97:S97) -> 0 | Q97: =IF(M97>0,1,0) -> 0 | R97: =IF(N97>0,1,0) -> 0 | S97: =IF(O97>0,1,0) -> 0 | U97: =CONCATENATE(F97,$U$96,#REF!,#REF!) -> #REF! | AD97: 293.91184
U98: - COMPOSTO DE:
C99: M01.10.011 | D99: Proposta | E99: Lablinea | F99: SALA DE CORTES - Armário medindo 900x520x2000mm provida de duas portas e seis níveis de apoio. - COMPOSTO DE: 2,00 MÃOS FRANCESA BRANCA MED. 200X250MM - | G99: UN | H99: 1 | I99: 3520.52 | K99: =+H99*I99 -> 3520.52 | P99: =SUM(Q99:S99) -> 0 | Q99: =IF(M99>0,1,0) -> 0 | R99: =IF(N99>0,1,0) -> 0 | S99: =IF(O99>0,1,0) -> 0 | U99: =CONCATENATE(F99,$U$98,#REF!,#REF!) -> #REF! | AD99: 2938.2582
U100: - COMPOSTO DE:
C101: M01.10.012 | D101: Proposta | E101: Lablinea | F101: SALA DE FOTOGRAFIA - BANCADA LATERAL MEDINDO 2790X700X900MM - COMPOSTO DE: 2,79 LL4098BI3 METRO(S) LINEAR(ES) DE TAMPO EM GRANITO NATURAL POLIDO COM 30MM DE ESPESSURA, MEDINDO 700MM DE PROFUNDIDADE, COM RESPALDO DE 60MM JUNTO A PAREDE E ACABAMENTO BIZOTADO. - 3,00 LL2222-E MODULO INFERIOR MEDINDO 900X520X870MM PROVIDO DE DUAS PORTAS E UMA PRATELEIRA. - 0,05 LL2049 S ABS METRO(S) LINEAR(ES) DE PAINEL DE ACABAMENTO PARA FECHAMENTO FRONTAL. - 0,16 LL2049 ABS METRO(S) LINEAR(ES) DE PAINEL PARA ACABAMENTO LATERAL APARENTE. | G101: UN | H101: 1 | I101: 9813.78 | K101: =+H101*I101 -> 9813.78 | P101: =SUM(Q101:S101) -> 0 | Q101: =IF(M101>0,1,0) -> 0 | R101: =IF(N101>0,1,0) -> 0 | S101: =IF(O101>0,1,0) -> 0 | U101: =CONCATENATE(F101,$U$100,#REF!,#REF!,#REF!,#REF!,#REF!,#REF!,#REF!) -> #REF! | AD101: 7521.9612
U102: =UPPER(F102)
C103: M01.10.013 | D103: Proposta | E103: Lablinea | F103: SALA FOTOGRAFIA - ARMARIO SUPERIOR MEDINDO 900X300X900MM PROVIDO DE DUAS PORTAS E TRES NIVEIS DE APOIO. | G103: UN | H103: 3 | I103: =4222.62/3 -> 1407.54 | K103: =+H103*I103 -> 4222.62 | P103: =SUM(Q103:S103) -> 0 | Q103: =IF(M103>0,1,0) -> 0 | R103: =IF(N103>0,1,0) -> 0 | S103: =IF(O103>0,1,0) -> 0 | U103: - | AD103: 1158.4188
U104: - COMPOSTO DE:
C105: M01.10.014 | D105: Proposta | E105: Lablinea | F105: SALA FOTOGRAFIA - BANCADA LATERAL MEDINDO 5500X1000X900MM - COMPOSTO DE: 5,50 LL4292-E METRO(S) LINEAR(ES) DE TAMPO EM LAMINADO MELAMÍNICO ESPESSURA DE 25MM "MACIÇO", MEDINDO 900MM DE PROFUNDIDADE E COM RESPALDO DE 60MM JUNTO A PAREDE.4,00 LL2222-E MODULO INFERIOR MEDINDO 900X800X870MM PROVIDO DE DUAS PORTAS E UMA PRATELEIRA.1,00 LL2051-E PAINEL DE SUSTENTAÇÃO PARA BANCADA MEDINDO 25X750X870MM.1,00 LL2051-E PAINEL DE SUSTENTAÇÃO PARA BANCADA MEDINDO 25X750X870MM.0,85 LL2050 METRO(S) LINEAR(ES) DE MODULO VAZADO COMPOSTO POR PAINEL DE FUNDO.0,85 LL2050 METRO(S) LINEAR(ES) DE MODULO VAZADO COMPOSTO POR PAINEL DE FUNDO.0,08 LL2049 S ABS METRO(S) LINEAR(ES) DE PAINEL DE ACABAMENTO PARA FECHAMENTO FRONTAL.0,08 LL2049 S ABS METRO(S) LINEAR(ES) DE PAINEL DE ACABAMENTO PARA FECHAMENTO FRONTAL. | G105: UN | H105: 1 | I105: 16670.89 | K105: =+H105*I105 -> 16670.89 | P105: =SUM(Q105:S105) -> 0 | Q105: =IF(M105>0,1,0) -> 0 | R105: =IF(N105>0,1,0) -> 0 | S105: =IF(O105>0,1,0) -> 0 | U105: =CONCATENATE(F105,$U$104,#REF!,#REF!,#REF!,#REF!,#REF!,#REF!,#REF!,#REF!,#REF!,#REF!,#REF!,#REF!,#REF!,#REF!,#REF!) -> #REF! | AD105: 14261.263
C107: M01.10.015 | D107: Proposta | E107: Lablinea | F107: SALA FOTOGRAFIA - ARMARIO MEDINDO 900X520X2000MM PROVIDA DE DUAS PORTAS E SEIS NIVEIS DE APOIO. | G107: UN | H107: 3 | I107: =10561.51/3 -> 3520.5033 | K107: =+H107*I107 -> 10561.51 | P107: =SUM(Q107:S107) -> 0 | Q107: =IF(M107>0,1,0) -> 0 | R107: =IF(N107>0,1,0) -> 0 | S107: =IF(O107>0,1,0) -> 0 | U107: - | AD107: 2938.2507
U108: - COMPOSTO DE:
C109: M01.10.016 | D109: Proposta | E109: Lablinea | F109: SALA SCANNER - BANCADA LATERAL MEDINDO 4150X700X700MM - COMPOSTO DE: 4,15 LL4092 METRO(S) LINEAR(ES) DE TAMPO EM LAMINADO MELAMÍNICO ESPESSURA DE 25MM "MACIÇO", MEDINDO 700MM DE PROFUNDIDADE E COM RESPALDO DE 60MM JUNTO A PAREDE. - 3,00 LL2322-E MODULO INFERIOR MEDINDO 1000X520X680MM PROVIDO DE DUAS PORTAS E UMA PRATELEIRA. - 1,00 LL2151-E PAINEL DE SUSTENTAÇÃO PARA BANCADA MEDINDO 25X450X680MM. - 1,03 LL2150-E METRO(S)LINEAR(ES)DE MODULO VAZADO COMPOSTO POR PAINEL DE FUNDO. - 0,05 LL2149 S ABS-E METRO(S) LINEAR(ES) DE PAINEL DE ACABAMENTO PARA FECHAMENTO FRONTAL. - 0,05 LL2149 S ABS-E METRO(S) LINEAR(ES) DE PAINEL DE ACABAMENTO PARA FECHAMENTO FRONTAL. | G109: UN | H109: 1 | I109: 8908.82 | K109: =+H109*I109 -> 8908.82 | P109: =SUM(Q109:S109) -> 0 | Q109: =IF(M109>0,1,0) -> 0 | R109: =IF(N109>0,1,0) -> 0 | S109: =IF(O109>0,1,0) -> 0 | U109: =CONCATENATE(F109,$U$108,#REF!,$U$107,#REF!,$U$107,#REF!,$U$107,#REF!,$U$107,#REF!,$U$107,#REF!) -> #REF! | AD109: 8609.832
C111: M01.10.017 | D111: Proposta | E111: Lablinea | F111: SALA SCANNER - ARMARIO MEDINDO 900X520X2000MM PROVIDA DE DUAS PORTAS E SEIS NIVEIS DE APOIO. | G111: UN | H111: 3 | I111: =10561.51/3 -> 3520.5033 | K111: =+H111*I111 -> 10561.51 | P111: =SUM(Q111:S111) -> 0 | Q111: =IF(M111>0,1,0) -> 0 | R111: =IF(N111>0,1,0) -> 0 | S111: =IF(O111>0,1,0) -> 0 | U111: - | AD111: 2938.2482
U112: - COMPOSTO DE:
C113: M01.10.018 | D113: Proposta | E113: Lablinea | F113: SALA FRANTZ - BANCADA LATERAL MEDINDO 1540X800X900MM - COMPOSTO DE: 1,54 LL4198BI3 85-E METRO(S) LINEAR(ES) DE TAMPO EM GRANITO NATURAL POLIDO COM 30MM DE ESPESSURA, MEDINDO 800MM DE PROFUNDIDADE, COM RESPALDO DE 60MM JUNTO A PAREDE E ACABAMENTO BIZOTADO. - 1,00 LL2222-E MODULO INFERIOR MEDINDO 900X520X870MM PROVIDO DE DUAS PORTAS E UMA PRATELEIRA. - 1,00 LL2212_ESQ-E MODULO INFERIOR MEDINDO 450X520X870MM PROVIDO DE UMA PORTA A ESQUERDA E UMA PRATELEIRA. - 0,10 LL2049 S ABS METRO(S) LINEAR(ES) DE PAINEL DE ACABAMENTO PARA FECHAMENTO FRONTAL. - 0,10 LL2049 S ABS METRO(S) LINEAR(ES) DE PAINEL DE ACABAMENTO PARA FECHAMENTO FRONTAL. | G113: UN | H113: 1 | I113: 5728.42 | K113: =+H113*I113 -> 5728.42 | P113: =SUM(Q113:S113) -> 0 | Q113: =IF(M113>0,1,0) -> 0 | R113: =IF(N113>0,1,0) -> 0 | S113: =IF(O113>0,1,0) -> 0 | U113: =CONCATENATE(F113,$U$112,#REF!,$U$111,#REF!,$U$111,#REF!,$U$111,#REF!,$U$111,#REF!) -> #REF! | AD113: 4085.2807
C115: M01.10.019 | D115: Proposta | E115: Lablinea | F115: SALA FRANTZ - ARMARIO SUPERIOR MEDINDO 900X300X900MM PROVIDO DE DUAS PORTAS E TRES NIVEIS DE APOIO. | G115: UN | H115: 3 | I115: =2815.07/2 -> 1407.535 | K115: =+H115*I115 -> 4222.605 | P115: =SUM(Q115:S115) -> 0 | Q115: =IF(M115>0,1,0) -> 0 | R115: =IF(N115>0,1,0) -> 0 | S115: =IF(O115>0,1,0) -> 0 | AD115: 1158.4188
...

Sheet Insumos
C1: Obra | D1: Bancos | E1: B.D.I. | H1: Encargos Sociais
C2: 098 - Litoteka Urca - RJ - R-03 - 2026 | D2: SINAPI - 05/2026 - Rio de Janeiro SBC - 06/2026 - Rio de Janeiro ORSE - 04/2026 - Sergipe SEDOP - 03/2026 - Pará SETOP - 04/2026 - Minas Gerais IOPES - 04/2026 - Espírito Santo SIURB - 01/2026 - São Paulo SUDECAP - 04/2026 - Minas Gerais CPOS/CDHU - 04/2026 - São Paulo FDE - 04/2026 - São Paulo AGETOP CIVIL - 04/2026 - Goiás EMBASA - 06/2025 - Bahia EMOP - 05/2026 - Rio de Janeiro SCO - 06/2026 - Rio de Janeiro | E2: 0,0% | H2: Não Desonerado: 0,00%
A3: Curva ABC de Insumos
A4: Código | B4: Banco | C4: Descrição | D4: Tipo | E4: Und | F4: Quantidade | H4: Valor Unitário | J4: Total | M4: Peso | N4: Valor Acumulado | O4: Peso Acumulado
F5: Operativa | G5: Improdutiva | H5: Operativa | I5: Improdutiva | J5: Operativa | K5: Improdutiva | L5: Geral
A6: A.08.000.020137 | B6: CPOS/CDHU | C6: Taxa de mobilização e desmobilização de equipamentos para execução de estaca tipo hélice contínua em solo | D6: Material | E6: TX | F6: 1,0000000 | H6: 43.853,17 | J6: 43.853,17 | L6: 43853.17 | M6: 7,54% | N6: 43853.17 | O6: 7,54%
A7: 20018 | B7: EMOP | C7: MAO DE OBRA DE ARQUITETO OU ENGENHEIRO P LENO-PROJETO E CONSULTORIA, INCLUSIVE EN CARGOS SOCIAIS DESONERADOS | D7: Mão de Obra | E7: H | F7: 176,0000000 | H7: 212,67 | J7: 37.429,92 | L7: 37429.92 | M7: 6,44% | N7: 81283.09 | O7: 13,98%
A8: 036707 | B8: SBC | C8: MODULO DE CONTROLE CENTRAL CS-NET WEB (CSNET WEB) HITACHI | D8: Material | E8: UN | F8: 1,0000000 | H8: 31.250,00 | J8: 31.250,00 | L8: 31250 | M8: 5,37% | N8: 112533.09 | O8: 19,35%
A9: 00040813 | B9: SINAPI | C9: ENGENHEIRO CIVIL DE OBRA PLENO (MENSALISTA) | D9: Mão de Obra | E9: MES | F9: 1,0000000 | H9: 27.549,86 | J9: 27.549,86 | L9: 27549.86 | M9: 4,74% | N9: 140082.95 | O9: 24,09%
A10: MOED-21737 | B10: SETOP | C10: ENGENHEIRO ELETRICISTA/MECÂNICO (MODALIDADE: MENSALISTA|ENCARGOS SOCIAIS: INCLUSO) | D10: Mão de Obra | E10: H | F10: 1,0000000 | H10: 23.951,34 | J10: 23.951,34 | L10: 23951.34 | M10: 4,12% | N10: 164034.29 | O10: 28,21%
A11: TWBH48 | B11: Próprio | C11: COMPRESSOR SCHULZ BRAVO CSLV 60BR/350 15CV TRIFASICO 220V | D11: Equipamento para Aquisição Permanente | E11: UN | F11: 1,0000000 | H11: 21.576,40 | J11: 21.576,40 | L11: 21576.4 | M11: 3,71% | N11: 185610.69 | O11: 31,92%
A12: TWBH19 | B12: Próprio | C12: DISPOSITIVO SUPRESSOR DE SURTO DPS CLASSE 2 40 KA, 350V, 1,4 KV | D12: Material | E12: UN | F12: 9,0000000 | H12: 1.403,99 | J12: 12.635,91 | L12: 12635.91 | M12: 2,17% | N12: 198246.6 | O12: 34,09%
A13: 00040819 | B13: SINAPI | C13: MESTRE DE OBRAS (MENSALISTA) | D13: Mão de Obra | E13: MES | F13: 1,0000000 | H13: 12.031,26 | J13: 12.031,26 | L13: 12031.26 | M13: 2,07% | N13: 210277.86 | O13: 36,16%
A14: TWBG57 | B14: Próprio | C14: NOBREAK APC SMC3000XLI-BR SMART-UPS 3,0 KVA (3000VA) 220V - T.E.-127V-1F+T - T.S.-127V-1F+T | D14: Material | E14: UN | F14: 1,0000000 | H14: 9.040,70 | J14: 9.040,70 | L14: 9040.7 | M14: 1,55% | N14: 219318.56 | O14: 37,72%
A15: 00040818 | B15: SINAPI | C15: ENCARREGADO GERAL DE OBRAS (MENSALISTA) | D15: Mão de Obra | E15: MES | F15: 1,0000000 | H15: 8.756,49 | J15: 8.756,49 | L15: 8756.49 | M15: 1,51% | N15: 228075.05 | O15: 39,22%
A16: 00040862 | B16: SINAPI | C16: ALIMENTACAO - MENSALISTA (COLETADO CAIXA - ENCARGOS COMPLEMENTARES) | D16: Encargos Complementares | E16: MES | F16: 10,0000000 | H16: 806,06 | J16: 8.060,60 | L16: 8060.6 | M16: 1,39% | N16: 236135.65 | O16: 40,61%
A17: 00040946 | B17: SINAPI | C17: TECNICO DE EDIFICACOES (MENSALISTA) | D17: Mão de Obra | E17: MES | F17: 2,0000000 | H17: 3.984,31 | J17: 7.968,62 | L17: 7968.62 | M17: 1,37% | N17: 244104.27 | O17: 41,98%
... A1251: EVE000050 | B1251: SCO | C1251: 3% incidente sobre mao de obra direta com Encargos Sociais para cobrir despesas relativa a equipamentos de protecao individual, uniformes e ferramentas | D1251: Outros | E1251: % | F1251: 1,0000000 | H1251: 0,03 | J1251: 0,03 | L1251: 0.03 | M1251: 0,00% | N1251: 581174.78 | O1251: 99,95%
A1252: EQED-8483 | B1252: SETOP | C1252: BETONEIRA (TIPO: ELÉTRICA|CAPACIDADE NOMINAL: 400L| CAPACIDADE DE MISTURA : 310L|MOTOR ELÉTRICO: TRIFÁSICO|POTÊNCIA: 2CV|CONSUMO: 1,5KWH| CARREGADOR MECÂNICO: NÃO INCLUSO) | D1252: Equipamento | E1252: H | F1252: 0,0110000 | G1252: 0,0000000 | H1252: 2,57 | J1252: 0,03 | L1252: 0.02827 | M1252: 0,00% | N1252: 581174.81 | O1252: 99,95%
A1253: 10593 | B1253: ORSE | C1253: Praio simples 30cm | D1253: Material | E1253: un | F1253: 0,0011600 | H1253: 19,57 | J1253: 0,02 | L1253: 0.0227012 | M1253: 0,00% | N1253: 581174.83 | O1253: 99,95%
A1254: 00020247 | B1254: SINAPI | C1254: PREGO DE ACO POLIDO COM CABECA 15 X 15 (1 1/4 X 13) | D1254: Material | E1254: KG | F1254: 0,0009908 | H1254: 20,27 | J1254: 0,02 | L1254: 0.020083516 | M1254: 0,00% | N1254: 581174.85 | O1254: 99,95%
A1255: 10578 | B1255: ORSE | C1255: Formão grande | D1255: Material | E1255: un | F1255: 0,0007932 | H1255: 23,90 | J1255: 0,02 | L1255: 0.01895748 | M1255: 0,00% | N1255: 581174.87 | O1255: 99,95%
A1256: 00010742 | B1256: SINAPI | C1256: TALHA MANUAL DE CORRENTE, CAPACIDADE DE 2 T COM ELEVACAO DE 3 M | D1256: Equipamento para Aquisição Permanente | E1256: UN | F1256: 0,0000154 | H1256: 1.157,69 | J1256: 0,02 | L1256: 0.017828426 | M1256: 0,00% | N1256: 581174.89 | O1256: 99,95%
A1257: 10577 | B1257: ORSE | C1257: Serrote 40cm | D1257: Material | E1257: un | F1257: 0,0003966 | H1257: 36,00 | J1257: 0,01 | L1257: 0.0142776 | M1257: 0,00% | N1257: 581174.9 | O1257: 99,95%
A1258: 00038415 | B1258: SINAPI | C1258: TERMOFUSORA PARA TUBOS E CONEXOES EM PPR COM DIAMETROS DE 20 A 63 MM, POTENCIA DE 800 W, TENSAO 220 V | D1258: Equipamento para Aquisição Permanente | E1258: UN | F1258: 0,0000234 | H1258: 608,07 | J1258: 0,01 | L1258: 0.014228838 | M1258: 0,00% | N1258: 581174.92 | O1258: 99,95%
A1259: MATED-14619 | B1259: SETOP | C1259: FERRAMENTAS PARA FAMÍLIA CARPINTEIRO DE FORMAS - HORISTA (ENCARGOS COMPLEMENTARES) | D1259: Material | E1259: hora | F1259: 0,0333334 | H1259: 0,34 | J1259: 0,01 | L1259: 0.011333356 | M1259: 0,00% | N1259: 581174.93 | O1259: 99,95%
A1260: 4725 | B1260: ORSE | C1260: Espátula | D1260: Material | E1260: un | F1260: 0,0006400 | H1260: 16,82 | J1260: 0,01 | L1260: 0.0107648 | M1260: 0,00% | N1260: 581174.94 | O1260: 99,95%
A1261: 10586 | B1261: ORSE | C1261: Torquesa | D1261: Material | E1261: un | F1261: 0,0002450 | H1261: 39,00 | J1261: 0,01 | L1261: 0.009555 | M1261: 0,00% | N1261: 581174.95 | O1261: 99,95%
A1262: 00043617 | B1262: SINAPI | C1262: ADITIVO PLASTIFICANTE E ESTABILIZADOR PARA ARGAMASSAS DE ASSENTAMENTO E REBOCO, LIQUIDO E ISENTO DE CLORETOS | D1262: Material | E1262: L | F1262: 0,0007560 | H1262: 7,49 | J1262: 0,01 | L1262: 0.00566244 | M1262: 0,00% | N1262: 581174.95 | O1262: 99,95%
A1263: 10585 | B1263: ORSE | C1263: Arco de serra | D1263: Material | E1263: un | F1263: 0,0002450 | H1263: 19,95 | J1263: 0,00 | L1263: 0.00488775 | M1263: 0,00% | N1263: 581174.96 | O1263: 99,95%
A1264: 00013887 | B1264: SINAPI | C1264: DISCO DE CORTE DIAMANTADO SEGMENTADO PARA CONCRETO, DIAMETRO DE 350 MM, FURO DE 1 " (14 X 1 ") | D1264: Equipamento | E1264: UN | F1264: 0,0000158 | H1264: 304,38 | J1264: 0,00 | L1264: 0.004809204 | M1264: 0,00% | N1264: 581174.96 | O1264: 99,95%
... A1269: 00043462 | B1269: SINAPI | C1269: FERRAMENTAS - FAMILIA ENGENHEIRO CIVIL - HORISTA (ENCARGOS COMPLEMENTARES - COLETADO CAIXA) | D1269: Equipamento | E1269: H | F1269: 0,0002000 | H1269: 0,02 | J1269: 0,00 | L1269: 4e-06 | M1269: 0,00% | N1269: 581174.97 | O1269: 99,95%
A1270: TWBE69 | B1270: Próprio | C1270: BORRACHA ELASTOMÉRICA - ESP: 9MM 1.1/4" (9X42) | D1270: Equipamento | E1270: pç | F1270: 1,0000000 | G1270: 0,0000000 | H1270: 0,00 | I1270: 0,00 | J1270: 0,00 | K1270: 0,00 | L1270: 0 | M1270: 0,00% | N1270: 581174.97 | O1270: 99,95%
A1271: 017172 | B1271: SBC | C1271: VIDRO CRISTAL PLANO INCOLOR 6mm | D1271: Material | E1271: m² | F1271: 0,0000000 | H1271: 231,31 | J1271: 0,00 | L1271: 0 | M1271: 0,00% | N1271: 581174.97 | O1271: 99,95%
A1272: 00041702 | B1272: SINAPI | C1272: BOMBA HIDRAULICA MANUAL PARA MACACO HIDRAULICO DE PROTENSAO DE CORDOALHAS, DUPLA ACAO, PRESSAO MAXIMA 700 KG/CM2, CAPACIDADE DO RESERVATORIO DE 8000 CM3(INCLUI MANOMETRO E MANGUEIRA) | D1272: Material | E1272: UN | F1272: 0,0000463 | H1272: 0,00 | J1272: 0,00 | L1272: 0 | M1272: 0,00% | N1272: 581174.97 | O1272: 99,95%
A1273: 00044332 | B1273: SINAPI | C1273: MACACO PARA PROTENSAO DE CORDOALHAS, MP 5-7-B, ESFORCO MAXIMO DE 115 TONELADAS | D1273: Material | E1273: UN | F1273: 0,0000463 | H1273: 0,00 | J1273: 0,00 | L1273: 0 | M1273: 0,00% | N1273: 581174.97 | O1273: 99,95%
A1274: 00044842 | B1274: SINAPI | C1274: CUNHA DE ACO BIPARTIDA PARA FIXACAO DE CORDOALHA ENGRAXADA E PLASTIFICADA DE DIAMETRO NOMINAL 12,7 MM | D1274: Material | E1274: UN | F1274: 4,0000000 | H1274: 0,00 | J1274: 0,00 | L1274: 0 | M1274: 0,00% | N1274: 581174.97 | O1274: 99,95%
A1275: 00044854 | B1275: SINAPI | C1275: PLACA DE ANCORAGEM ATIVA PARA CABOS COM ATE 4 CORDOALHAS DE DIAMETRO NOMINAL 12,7 MM | D1275: Material | E1275: UN | F1275: 1,0000000 | H1275: 0,00 | J1275: 0,00 | L1275: 0 | M1275: 0,00% | N1275: 581174.97 | O1275: 99,95%
A1276: 00044864 | B1276: SINAPI | C1276: BLOCO DE ANCORAGEM ATIVA PARA CABOS COM ATE 4 CORDOALHAS DE DIAMETRO NOMINAL 12,7 MM | D1276: Material | E1276: UN | F1276: 1,0000000 | H1276: 0,00 | J1276: 0,00 | L1276: 0 | M1276: 0,00% | N1276: 581174.97 | O1276: 99,95%
A1277: 00044874 | B1277: SINAPI | C1277: TROMBETA OU FUNIL, DE ANCORAGEM ATIVA PARA CABOS COM ATE 4 CORDOALHAS DE DIAMETRO NOMINAL 12,7 MM | D1277: Material | E1277: UN | F1277: 1,0000000 | H1277: 0,00 | J1277: 0,00 | L1277: 0 | M1277: 0,00% | N1277: 581174.97 | O1277: 99,95%
A1278: 00042490 | B1278: SINAPI | C1278: FELTRO EM LA DE ROCHA, 1 FACE REVESTIDA COM PAPEL ALUMINIZADO, EM ROLO, DENSIDADE = 32 KG/M3, E=*50* MM | D1278: Material | E1278: m² | F1278: 1,0000000 | H1278: 0,00 | J1278: 0,00 | L1278: 0 | M1278: 0,00% | N1278: 581174.97 | O1278: 99,95%
A1279: 00043875 | B1279: SINAPI | C1279: CHAPIM OU CAPA DE MURO PRE-MOLDADO EM CONCRETO TIPO "CAPELINHA", COM PINGADEIRA L= 19 CM, E= 4 CM | D1279: Material | E1279: M | F1279: 2,1600000 | H1279: 0,00 | J1279: 0,00 | L1279: 0 | M1279: 0,00% | N1279: 581174.97 | O1279: 99,95%

Sheet CPU
C1: Composições Analíticas com Preço Unitário | E1: Bancos | G1: B.D.I. | I1: Encargos Sociais
C2: 098 - Litoteka Urca - RJ - R-03 - 2026 | E2: SINAPI - 05/2026 - Rio de Janeiro SBC - 06/2026 - Rio de Janeiro ORSE - 04/2026 - Sergipe SEDOP - 03/2026 - Pará SETOP - 04/2026 - Minas Gerais IOPES - 04/2026 - Espírito Santo SIURB - 01/2026 - São Paulo SUDECAP - 04/2026 - Minas Gerais CPOS/CDHU - 04/2026 - São Paulo FDE - 04/2026 - São Paulo AGETOP CIVIL - 04/2026 - Goiás EMBASA - 06/2025 - Bahia EMOP - 05/2026 - Rio de Janeiro SCO - 06/2026 - Rio de Janeiro | G2: 0,0% | I2: Não Desonerado: 0,00%
A3: Composições Analíticas com Preço Unitário
A4: Composições Principais
A5: 1 | B5: Código | C5: Banco | D5: Descrição | E5: Tipo | G5: Und | H5: Quant. | I5: Porcent. | J5: Valor Unit | K5: Total
A6: Composição | B6: 93567 | C6: SINAPI | D6: ENGENHEIRO CIVIL DE OBRA PLENO COM ENCARGOS COMPLEMENTARES | E6: Livro SINAPI: Cálculos e Parâmetros | G6: MES | H6: 1 | J6: 28769.19 | K6: 28769.19
A7: Insumo | B7: 00040813 | C7: SINAPI | D7: ENGENHEIRO CIVIL DE OBRA PLENO (MENSALISTA) | E7: Mão de Obra | G7: MES | H7: 1 | I7: 0 | J7: 27549.86 | K7: 27549.86
A8: Insumo | B8: 00040862 | C8: SINAPI | D8: ALIMENTACAO - MENSALISTA (COLETADO CAIXA - ENCARGOS COMPLEMENTARES) | E8: Encargos Complementares | G8: MES | H8: 1 | I8: 0 | J8: 806.06 | K8: 806.06
A9: Insumo | B9: 00040863 | C9: SINAPI | D9: EXAMES - MENSALISTA (COLETADO CAIXA) | E9: Material | G9: MES | H9: 1 | I9: 0 | J9: 210.14 | K9: 210.14
A10: Insumo | B10: 00040864 | C10: SINAPI | D10: SEGURO - MENSALISTA (COLETADO CAIXA) | E10: Material | G10: MES | H10: 1 | I10: 0 | J10: 18.28 | K10: 18.28
A11: Insumo | B11: 00043474 | C11: SINAPI | D11: FERRAMENTAS - FAMILIA ENGENHEIRO CIVIL - MENSALISTA (ENCARGOS COMPLEMENTARES - COLETADO CAIXA) | E11: Equipamento | G11: MES | H11: 1 | I11: 0 | J11: 4.33 | K11: 4.33
A12: Insumo | B12: 00043498 | C12: SINAPI | D12: EPI - FAMILIA ENGENHEIRO CIVIL - MENSALISTA (ENCARGOS COMPLEMENTARES - COLETADO CAIXA) | E12: Equipamento | G12: MES | H12: 1 | I12: 0 | J12: 180.52 | K12: 180.52
E13: MO sem LS => | F13: 27549.86 | G13: LS => | H13: 0 | I13: MO com LS => | J13: 27549.86
E14: Valor do BDI => | F14: 0 | I14: Valor com BDI => | J14: 28769.19
A16: 2 | B16: Código | C16: Banco | D16: Descrição | E16: Tipo | G16: Und | H16: Quant. | I16: Porcent. | J16: Valor Unit | K16: Total
A17: Composição | B17: ED-21772 | C17: SETOP | D17: ENGENHEIRO ELETRICISTA/MECÂNICO COM ENCARGOS COMPLEMENTARES | E17: ED- | G17: mês | H17: 1 | J17: 24788.99 | K17: 24788.99
A18: A | B18: Código | C18: Banco | D18: Equipamentos | E18: Utilização | G18: Custo Operacional | I18: Consumo | J18: Custo Horário
E19: Operativa | F19: Improdutiva | G19: Operativa | H19: Improdutiva
F20: (A) Total: | J20: 0
A21: B | B21: Código | C21: Banco | D21: Mão de Obra | G21: Unidade | H21: Custo Unitário | I21: Consumo | J21: Custo Horário
A22: Insumo | B22: MOED-21737 | C22: SETOP | D22: ENGENHEIRO ELETRICISTA/MECÂNICO (MODALIDADE: MENSALISTA|ENCARGOS SOCIAIS: INCLUSO) | G22: H | H22: 23951.34 | I22: 1 | J22: 23951.34
F23: (B) Total: | J23: 23951.34
F24: Custo Horário de Execução (A) + (B): | J24: 23951.34
F25: (D) Produção da Equipe: | J25: 1
F26: Custo Unitário de Execução [(A) + (B)] / (D): | J26: 23951.34
A27: F | B27: Banco | C27: Código | D27: Material | G27: Unidade | H27: Custo Unitário | I27: Quantidade | J27: Custo Horário
A28: Insumo | B28: SETOP | C28: MATED-14623 | D28: EXAMES - MENSALISTA (ENCARGOS COMPLEMENTARES) | F28: X1:0.0 X2: 0.0 X3: 0.0 | G28: mês | H28: 262.29 | I28: 1 | J28: 262.29
A29: Insumo | B29: SETOP | C29: MATED-21748 | D29: SEGURO - MENSALISTA (ENCARGOS COMPLEMENTARES) | F29: X1:0.0 X2: 0.0 X3: 0.0 | G29: mês | H29: 18.28 | I29: 1 | J29: 18.28
A30: Insumo | B30: SETOP | C30: MATED-29745 | D30: CESTA BÁSICA/ALIMENTAÇÃO - MENSALISTA (ENCARGOS COMPLEMENTARES) | F30: X1:0.0 X2: 0.0 X3: 0.0 | G30: mês | H30: 402.54 | I30: 1 | J30: 402.54
F31: (F)Total: | J31: 683.11
A32: G | B32: Banco | C32: Código | D32: Serviços | G32: Unidade | H32: Custo Unitário | I32: Quantidade | J32: Custo Horário
A33: Atividade Auxiliar | B33: SETOP | C33: ED-21782 | D33: EPI PARA ENGENHEIRO CIVIL MENSALISTA (ENCARGOS COMPLEMENTARES) | F33: X1:0.0 X2: 0.0 X3: 0.0 | G33: mês | H33: 149.43 | I33: 1 | J33: 149.43
A34: Atividade Auxiliar | B34: SETOP | C34: ED-21783 | D34: FERRAMENTAS PARA ENGENHEIRO CIVIL MENSALISTA (ENCARGOS COMPLEMENTARES) | F34: X1:0.0 X2: 0.0 X3: 0.0 | G34: mês | H34: 5.11 | I34: 1 | J34: 5.11
F35: (G) Total: | J35: 154.54
A36: H | B36: Banco | C36: Código | D36: Momento Transporte | E36: Formula | F36: X1, X2, X3 | G36: Unidade | H36: Custo Unitário | I36: Quantidade | J36: Custo Horário
F37: (H) Total: | J37: 0
E38: MO sem LS => | F38: 23951.34 | G38: LS => | H38: 0 | I38: MO com LS => | J38: 23951.34
E39: Valor do BDI => | F39: 0 | I39: Valor com BDI => | J39: 24788.99
A41: 3 | B41: Código | C41: Banco | D41: Descrição | E41: Tipo | G41: Und | H41: Quant. | I41: Porcent. | J41: Valor Unit | K41: Total
A42: Composição | B42: 101390 | C42: SINAPI | D42: AUXILIAR TÉCNICO / ASSISTENTE DE ENGENHARIA COM ENCARGOS COMPLEMENTARES | E42: Livro SINAPI: Cálculos e Parâmetros | G42: MES | H42: 1 | J42: 8554.41 | K42: 8554.41
A43: Insumo | B43: 00040861 | C43: SINAPI | D43: TRANSPORTE - MENSALISTA (COLETADO CAIXA - ENCARGOS COMPLEMENTARES) | E43: Encargos Complementares | G43: MES | H43: 1 | I43: 0 | J43: 289.5 | K43: 289.5
A44: Insumo | B44: 00040862 | C44: SINAPI | D44: ALIMENTACAO - MENSALISTA (COLETADO CAIXA - ENCARGOS COMPLEMENTARES) | E44: Encargos Complementares | G44: MES | H44: 1 | I44: 0 | J44: 806.06 | K44: 806.06
A45: Insumo | B45: 00040863 | C45: SINAPI | D45: EXAMES - MENSALISTA (COLETADO CAIXA) | E45: Material | G45: MES | H45: 1 | I45: 0 | J45: 210.14 | K45: 210.14
A46: Insumo | B46: 00040864 | C46: SINAPI | D46: SEGURO - MENSALISTA (COLETADO CAIXA) | E46: Material | G46: MES | H46: 1 | I46: 0 | J46: 18.28 | K46: 18.28
A47: Insumo | B47: 00040931 | C47: SINAPI | D47: AUXILIAR TECNICO / ASSISTENTE DE ENGENHARIA (MENSALISTA) | E47: Mão de Obra | G47: MES | H47: 1 | I47: 0 | J47: 7045.58 | K47: 7045.58
A48: Insumo | B48: 00043474 | C48: SINAPI | D48: FERRAMENTAS - FAMILIA ENGENHEIRO CIVIL - MENSALISTA (ENCARGOS COMPLEMENTARES - COLETADO CAIXA) | E48: Equipamento | G48: MES | H48: 1 | I48: 0 | J48: 4.33 | K48: 4.33
A49: Insumo | B49: 00043498 | C49: SINAPI | D49: EPI - FAMILIA ENGENHEIRO CIVIL - MENSALISTA (ENCARGOS COMPLEMENTARES - COLETADO CAIXA) | E49: Equipamento | G49: MES | H49: 1 | I49: 0 | J49: 180.52 | K49: 180.52
E50: MO sem LS => | F50: 7045.58 | G50: LS => | H50: 0 | I50: MO com LS => | J50: 7045.58
E51: Valor do BDI => | F51: 0 | I51: Valor com BDI => | J51: 8554.41
A53: 4 | B53: Código | C53: Banco | D53: Descrição | E53: Tipo | G53: Und | H53: Quant. | I53: Porcent. | J53: Valor Unit | K53: Total
A54: Composição | B54: 100534 | C54: SINAPI | D54: TECNICO DE EDIFICACOES COM ENCARGOS COMPLEMENTARES | E54: Livro SINAPI: Cálculos e Parâmetros | G54: MES | H54: 1 | J54: 5464.76 | K54: 5464.76
A55: Insumo | B55: 00040861 | C55: SINAPI | D55: TRANSPORTE - MENSALISTA (COLETADO CAIXA - ENCARGOS COMPLEMENTARES) | E55: Encargos Complementares | G55: MES | H55: 1 | I55: 0 | J55: 289.5 | K55: 289.5
A56: Insumo | B56: 00040862 | C56: SINAPI | D56: ALIMENTACAO - MENSALISTA (COLETADO CAIXA - ENCARGOS COMPLEMENTARES) | E56: Encargos Complementares | G56: MES | H56: 1 | I56: 0 | J56: 806.06 | K56: 806.06
A57: Insumo | B57: 00040863 | C57: SINAPI | D57: EXAMES - MENSALISTA (COLETADO CAIXA) | E57: Material | G57: MES | H57: 1 | I57: 0 | J57: 210.14 | K57: 210.14
A58: Insumo | B58: 00040864 | C58: SINAPI | D58: SEGURO - MENSALISTA (COLETADO CAIXA) | E58: Material | G58: MES | H58: 1 | I58: 0 | J58: 18.28 | K58: 18.28
A59: Insumo | B59: 00040946 | C59: SINAPI | D59: TECNICO DE EDIFICACOES (MENSALISTA) | E59: Mão de Obra | G59: MES | H59: 1 | I59: 0 | J59: 3984.31 | K59: 3984.31
A60: Insumo | B60: 00043470 | C60: SINAPI | D60: FERRAMENTAS - FAMILIA ALMOXARIFE - MENSALISTA (ENCARGOS COMPLEMENTARES - COLETADO CAIXA) | E60: Equipamento | G60: MES | H60: 1 | I60: 0 | J60: 9.52 | K60: 9.52
A61: Insumo | B61: 00043494 | C61: SINAPI | D61: EPI - FAMILIA ALMOXARIFE - MENSALISTA (ENCARGOS COMPLEMENTARES - COLETADO CAIXA) | E61: Equipamento | G61: MES | H61: 1 | I61: 0 | J61: 146.95 | K61: 146.95
E62: MO sem LS => | F62: 3984.31 | G62: LS => | H62: 0 | I62: MO com LS => | J62: 3984.31
E63: Valor do BDI => | F63: 0 | I63: Valor com BDI => | J63: 5464.76
A65: 5 | B65: Código | C65: Banco | D65: Descrição | E65: Tipo | G65: Und | H65: Quant. | I65: Porcent. | J65: Valor Unit | K65: Total
A66: Composição | B66: 94295 | C66: SINAPI | D66: MESTRE DE OBRAS COM ENCARGOS COMPLEMENTARES | E66: Livro SINAPI: Cálculos e Parâmetros | G66: MES | H66: 1 | J66: 13625.29 | K66: 13625.29
A67: Insumo | B67: 00040819 | C67: SINAPI | D67: MESTRE DE OBRAS (MENSALISTA) | E67: Mão de Obra | G67: MES | H67: 1 | I67: 0 | J67: 12031.26 | K67: 12031.26
A68: Insumo | B68: 00040861 | C68: SINAPI | D68: TRANSPORTE - MENSALISTA (COLETADO CAIXA - ENCARGOS COMPLEMENTARES) | E68: Encargos Complementares | G68: MES | H68: 1 | I68: 0 | J68: 289.5 | K68: 289.5
A69: Insumo | B69: 00040862 | C69: SINAPI | D69: ALIMENTACAO - MENSALISTA (COLETADO CAIXA - ENCARGOS COMPLEMENTARES) | E69: Encargos Complementares | G69: MES | H69: 1 | I69: 0 | J69: 806.06 | K69: 806.06
A70: Insumo | B70: 00040863 | C70: SINAPI | D70: EXAMES - MENSALISTA (COLETADO CAIXA) | E70: Material | G70: MES | H70: 1 | I70: 0 | J70: 210.14 | K70: 210.14
A71: Insumo | B71: 00040864 | C71: SINAPI | D71: SEGURO - MENSALISTA (COLETADO CAIXA) | E71: Material | G71: MES | H71: 1 | I71: 0 | J71: 18.28 | K71: 18.28
A72: Insumo | B72: 00043475 | C72: SINAPI | D72: FERRAMENTAS - FAMILIA ENCARREGADO GERAL - MENSALISTA (ENCARGOS COMPLEMENTARES - COLETADO CAIXA) | E72: Equipamento | G72: MES | H72: 1 | I72: 0 | J72: 19.29 | K72: 19.29
A73: Insumo | B73: 00043499 | C73: SINAPI | D73: EPI - FAMILIA ENCARREGADO GERAL - MENSALISTA (ENCARGOS COMPLEMENTARES - COLETADO CAIXA) | E73: Equipamento | G73: MES | H73: 1 | I73: 0 | J73: 250.76 | K73: 250.76
E74: MO sem LS => | F74: 12031.26 | G74: LS => | H74: 0 | I74: MO com LS => | J74: 12031.26
E75: Valor do BDI => | F75: 0 | I75: Valor com BDI => | J75: 13625.29
A77: 6 | B77: Código | C77: Banco | D77: Descrição | E77: Tipo | G77: Und | H77: Quant. | I77: Porcent. | J77: Valor Unit | K77: Total
A78: Composição | B78: 93572 | C78: SINAPI | D78: ENCARREGADO GERAL DE OBRAS COM ENCARGOS COMPLEMENTARES | E78: Livro SINAPI: Cálculos e Parâmetros | G78: MES | H78: 1 | J78: 10350.52 | K78: 10350.52
A79: Insumo | B79: 00040818 | C79: SINAPI | D79: ENCARREGADO GERAL DE OBRAS (MENSALISTA) | E79: Mão de Obra | G79: MES | H79: 1 | I79: 0 | J79: 8756.49 | K79: 8756.49
A80: Insumo | B80: 00040861 | C80: SINAPI | D80: TRANSPORTE - MENSALISTA (COLETADO CAIXA - ENCARGOS COMPLEMENTARES) | E80: Encargos Complementares | G80: MES | H80: 1 | I80: 0 | J80: 289.5 | K80: 289.5
A81: Insumo | B81: 00040862 | C81: SINAPI | D81: ALIMENTACAO - MENSALISTA (COLETADO CAIXA - ENCARGOS COMPLEMENTARES) | E81: Encargos Complementares | G81: MES | H81: 1 | I81: 0 | J81: 806.06 | K81: 806.06
A82: Insumo | B82: 00040863 | C82: SINAPI | D82: EXAMES - MENSALISTA (COLETADO CAIXA) | E82: Material | G82: MES | H82: 1 | I82: 0 | J82: 210.14 | K82: 210.14
A83: Insumo | B83: 00040864 | C83: SINAPI | D83: SEGURO - MENSALISTA (COLETADO CAIXA) | E83: Material | G83: MES | H83: 1 | I83: 0 | J83: 18.28 | K83: 18.28
A84: Insumo | B84: 00043475 | C84: SINAPI | D84: FERRAMENTAS - FAMILIA ENCARREGADO GERAL - MENSALISTA (ENCARGOS COMPLEMENTARES - COLETADO CAIXA) | E84: Equipamento | G84: MES | H84: 1 | I84: 0 | J84: 19.29 | K84: 19.29
A85: Insumo | B85: 00043499 | C85: SINAPI | D85: EPI - FAMILIA ENCARREGADO GERAL - MENSALISTA (ENCARGOS COMPLEMENTARES - COLETADO CAIXA) | E85: Equipamento | G85: MES | H85: 1 | I85: 0 | J85: 250.76 | K85: 250.76
E86: MO sem LS => | F86: 8756.49 | G86: LS => | H86: 0 | I86: MO com LS => | J86: 8756.49
E87: Valor do BDI => | F87: 0 | I87: Valor com BDI => | J87: 10350.52
A89: 7 | B89: Código | C89: Banco | D89: Descrição | E89: Tipo | G89: Und | H89: Quant. | I89: Porcent. | J89: Valor Unit | K89: Total
A90: Composição | B90: 100309 | C90: SINAPI | D90: TÉCNICO EM SEGURANÇA DO TRABALHO COM ENCARGOS COMPLEMENTARES | E90: Livro SINAPI: Cálculos e Parâmetros | G90: H | H90: 1 | J90: 57.42 | K90: 57.42
A91: Composição Auxiliar | B91: 100299 | C91: SINAPI | D91: CURSO DE CAPACITAÇÃO PARA TÉCNICO EM SEGURANÇA DO TRABALHO (ENCARGOS COMPLEMENTARES) - HORISTA | E91: Livro SINAPI: Cálculos e Parâmetros | G91: H | H91: 1 | I91: 0 | J91: 0.86 | K91: 0.86
A92: Insumo | B92: 00037370 | C92: SINAPI | D92: ALIMENTACAO - HORISTA (COLETADO CAIXA) | E92: Outros | G92: H | H92: 1 | I92: 0 | J92: 4.78 | K92: 4.78
A93: Insumo | B93: 00037371 | C93: SINAPI | D93: TRANSPORTE - HORISTA (COLETADO CAIXA) | E93: Serviços | G93: H | H93: 1 | I93: 0 | J93: 1.72 | K93: 1.72
A94: Insumo | B94: 00037372 | C94: SINAPI | D94: EXAMES - HORISTA (COLETADO CAIXA) | E94: Outros | G94: H | H94: 1 | I94: 0 | J94: 1.25 | K94: 1.25
A95: Insumo | B95: 00037373 | C95: SINAPI | D95: SEGURO - HORISTA (COLETADO CAIXA) | E95: Taxas | G95: H | H95: 1 | I95: 0 | J95: 0.11 | K95: 0.11
A96: Insumo | B96: 00040943 | C96: SINAPI | D96: TECNICO EM SEGURANCA DO TRABALHO (HORISTA) | E96: Mão de Obra | G96: H | H96: 1 | I96: 0 | J96: 47.78 | K96: 47.78
A97: Insumo | B97: 00043458 | C97: SINAPI | D97: FERRAMENTAS - FAMILIA ALMOXARIFE - HORISTA (ENCARGOS COMPLEMENTARES - COLETADO CAIXA) | E97: Equipamento | G97: H | H97: 1 | I97: 0 | J97: 0.05 | K97: 0.05
A98: Insumo | B98: 00043482 | C98: SINAPI | D98: EPI - FAMILIA ALMOXARIFE - HORISTA (ENCARGOS COMPLEMENTARES - COLETADO CAIXA) | E98: Equipamento | G98: H | H98: 1 | I98: 0 | J98: 0.87 | K98: 0.87
E99: MO sem LS => | F99: 48.64 | G99: LS => | H99: 0 | I99: MO com LS => | J99: 48.64
E100: Valor do BDI => | F100: 0 | I100: Valor com BDI => | J100: 57.42
A102: 9 | B102: Código | C102: Banco | D102: Descrição | E102: Tipo | G102: Und | H102: Quant. | I102: Porcent. | J102: Valor Unit | K102: Total
A103: Composição | B103: 05.105.0187-0 | C103: EMOP | D103: MAO-DE-OBRA DE COMPRADOR,INCLUSIVE ENCARGOS SOCIAIS | E103: 5 | G103: MES | H103: 1 | J103: 5836.16 | K103: 5836.16
A104: Insumo | B104: 13901 | C104: EMOP | D104: MAO DE OBRA DE COMPRADOR, INCLUSIVE ENCA RGOS SOCIAIS | E104: Mão de Obra | G104: H | H104: 176 | I104: 0 | J104: 33.16 | K104: 5836.16
E105: MO sem LS => | F105: 5836.16 | G105: LS => | H105: 0 | I105: MO com LS => | J105: 5836.16
E106: Valor do BDI => | F106: 0 | I106: Valor com BDI => | J106: 5836.16
A108: 10 | B108: Código | C108: Banco | D108: Descrição | E108: Tipo | G108: Und | H108: Quant. | I108: Porcent. | J108: Valor Unit | K108: Total
...

Sheet ABC
A2: FJ ARQUITETURA URCA-MG CURA ABC
B4: =Resumo!C4 -> LITOTECA URCA/RJ
B5: CURVA ABC - NÍVEL DE SERVIÇO
B6: REFERÊNCIA SINAPI
B7: OBRA: URCA - RJ
A9: 1 | B9: =_xlfn.XLOOKUP($D9,Planilha!$O:$O,Planilha!C:C) -> 02.01.07.01.01 | C9: =_xlfn.XLOOKUP($D9,Planilha!$O:$O,Planilha!F:F) -> PILARES PRÉ-MOLDADOS - FORNECIMETNOE COLOCAÇÃO | D9: =LARGE(Planilha!$O:$O,$A9) -> 1222720.4 | E9: =D9/$D$933 -> 0.08784789 | F9: =E9 -> 0.08784789 | I9: {=_xlfn.UNIQUE(C9:C931)} -> PILARES PRÉ-MOLDADOS - FORNECIMETNOE COLOCAÇÃO
A10: =+A9+1 -> 2 | B10: =_xlfn.XLOOKUP(D10,Planilha!O:O,Planilha!C:C) -> 02.01.08.01 | C10: =_xlfn.XLOOKUP($D10,Planilha!$O:$O,Planilha!F:F) -> FORNECIMENTO E MONTAGEM DE ESTRUTURA TUBULAR EM AÇO ASTM-A572 GRAU 50, SEM PINTURA | D10: =LARGE(Planilha!$O:$O,$A10) -> 1051697 | E10: =D10/$D$933 -> 0.075560497 | F10: =+E10+F9 -> 0.16340839 | I10: FORNECIMENTO E MONTAGEM DE ESTRUTURA TUBULAR EM AÇO ASTM-A572 GRAU 50, SEM PINTURA
A11: =+A10+1 -> 3 | B11: =_xlfn.XLOOKUP(D11,Planilha!O:O,Planilha!C:C) -> 02.02.11.01.08 | C11: =_xlfn.XLOOKUP($D11,Planilha!$O:$O,Planilha!F:F) -> FORNECIMENTO DO FECHAMENTO LATERAL EM PAINÉIS TERMILOR WALL,CONFORME PROJETO b-027, + 10% ACESSÓRIOS E ACABAMENTO | D11: =LARGE(Planilha!$O:$O,$A11) -> 377312.1 | E11: =D11/$D$933 -> 0.027108463 | F11: =+E11+F10 -> 0.19051685 | I11: FORNECIMENTO DO FECHAMENTO LATERAL EM PAINÉIS TERMILOR WALL,CONFORME PROJETO b-027, + 10% ACESSÓRIOS E ACABAMENTO
A12: =+A11+1 -> 4 | B12: =_xlfn.XLOOKUP(D12,Planilha!O:O,Planilha!C:C) -> 02.02.11.02.10 | C12: =_xlfn.XLOOKUP($D12,Planilha!$O:$O,Planilha!F:F) -> ROLL-ON RO 150 KS | D12: =LARGE(Planilha!$O:$O,$A12) -> 375370.63 | E12: =D12/$D$933 -> 0.026968976 | F12: =+E12+F11 -> 0.21748583 | I12: ROLL-ON RO 150 KS
A13: =+A12+1 -> 5 | B13: =_xlfn.XLOOKUP(D13,Planilha!O:O,Planilha!C:C) -> 02.02.11.01.07 | C13: =_xlfn.XLOOKUP($D13,Planilha!$O:$O,Planilha!F:F) -> MONTAGEM DE FECHAMENTO LATERAL COM TELHAS TERMOACÚSTICAS E ACESSÓRIOS DE FIXAÇÃO, INLCUIDO MUNK, SEM FORNECIMETNO DE MATERIAL | D13: =LARGE(Planilha!$O:$O,$A13) -> 327122.5 | E13: =D13/$D$933 -> 0.023502528 | F13: =+E13+F12 -> 0.24098835 | I13: MONTAGEM DE FECHAMENTO LATERAL COM TELHAS TERMOACÚSTICAS E ACESSÓRIOS DE FIXAÇÃO, INLCUIDO MUNK, SEM FORNECIMETNO DE MATERIAL
A14: =+A13+1 -> 6 | B14: =_xlfn.XLOOKUP(D14,Planilha!O:O,Planilha!C:C) -> 02.01.02.02 | C14: =_xlfn.XLOOKUP($D14,Planilha!$O:$O,Planilha!F:F) -> ESCAVAÇÃO MANUAL PARA BLOCO DE COROAMENTO OU SAPATA (INCLUINDO ESCAVAÇÃO PARA COLOCAÇÃO DE FÔRMAS). AF_06/2017 | D14: =LARGE(Planilha!$O:$O,$A14) -> 276468.28 | E14: =D14/$D$933 -> 0.019863212 | F14: =+E14+F13 -> 0.26085157 | I14: ESCAVAÇÃO MANUAL PARA BLOCO DE COROAMENTO OU SAPATA (INCLUINDO ESCAVAÇÃO PARA COLOCAÇÃO DE FÔRMAS). AF_06/2017
A15: =+A14+1 -> 7 | B15: =_xlfn.XLOOKUP(D15,Planilha!O:O,Planilha!C:C) -> 02.01.02.05 | C15: =_xlfn.XLOOKUP($D15,Planilha!$O:$O,Planilha!F:F) -> TRANSPORTE COM CAMINHÃO BASCULANTE DE 10 M³, EM VIA URBANA PAVIMENTADA, DMT ATÉ 30 KM (UNIDADE: M3XKM). AF_07/2020 | D15: =LARGE(Planilha!$O:$O,$A15) -> 232555.54 | E15: =D15/$D$933 -> 0.016708246 | F15: =+E15+F14 -> 0.27755981 | I15: TRANSPORTE COM CAMINHÃO BASCULANTE DE 10 M³, EM VIA URBANA PAVIMENTADA, DMT ATÉ 30 KM (UNIDADE: M3XKM). AF_07/2020
A16: =+A15+1 -> 8 | B16: =_xlfn.XLOOKUP(D16,Planilha!O:O,Planilha!C:C) -> 02.01.04.09 | C16: =_xlfn.XLOOKUP($D16,Planilha!$O:$O,Planilha!F:F) -> CONCRETO USINADO, FCK = 30 MPA - PARA BOMBEAMENTO | D16: =LARGE(Planilha!$O:$O,$A16) -> 232510.11 | E16: =D16/$D$933 -> 0.016704982 | F16: =+E16+F15 -> 0.29426479 | I16: CONCRETO USINADO, FCK = 30 MPA - PARA BOMBEAMENTO
A17: =+A16+1 -> 9 | B17: =_xlfn.XLOOKUP(D17,Planilha!O:O,Planilha!C:C) -> 01.01.01 | C17: =_xlfn.XLOOKUP($D17,Planilha!$O:$O,Planilha!F:F) -> ENGENHEIRO CIVIL DE OBRA PLENO COM ENCARGOS COMPLEMENTARES | D17: =LARGE(Planilha!$O:$O,$A17) -> 230153.52 | E17: =D17/$D$933 -> 0.01653567 | F17: =+E17+F16 -> 0.31080046 | I17: ENGENHEIRO CIVIL DE OBRA PLENO COM ENCARGOS COMPLEMENTARES
A18: =+A17+1 -> 10 | B18: =_xlfn.XLOOKUP(D18,Planilha!O:O,Planilha!C:C) -> 01.05.11 | C18: =_xlfn.XLOOKUP($D18,Planilha!$O:$O,Planilha!F:F) -> TRANSPORTE COM CAMINHÃO BASCULANTE DE 10 M³, EM VIA URBANA PAVIMENTADA, DMT ATÉ 30 KM (UNIDADE: M3XKM). AF_07/2020 | D18: =LARGE(Planilha!$O:$O,$A18) -> 227730.24 | E18: =D18/$D$933 -> 0.016361566 | F18: =+E18+F17 -> 0.32716203 | I18: CABO DE COBRE FLEXÍVEL DE 185 MM², ISOLAMENTO 0,6/1 KV - ISOLAÇÃO HEPR 90°C - BAIXA EMISSÃO DE FUMAÇA E GASES
A19: =+A18+1 -> 11 | B19: =_xlfn.XLOOKUP(D19,Planilha!O:O,Planilha!C:C) -> 02.03.11.15.10 | C19: =_xlfn.XLOOKUP($D19,Planilha!$O:$O,Planilha!F:F) -> CABO DE COBRE FLEXÍVEL DE 185 MM², ISOLAMENTO 0,6/1 KV - ISOLAÇÃO HEPR 90°C - BAIXA EMISSÃO DE FUMAÇA E GASES | D19: =LARGE(Planilha!$O:$O,$A19) -> 212160 | E19: =D19/$D$933 -> 0.015242903 | F19: =+E19+F18 -> 0.34240493 | I19: DEMOLIÇÃO DE PILARES E VIGAS EM CONCRETO ARMADO, DE FORMA MECANIZADA COM MARTELETE, SEM REAPROVEITAMENTO. AF_12/2017
A20: =+A19+1 -> 12 | B20: =_xlfn.XLOOKUP(D20,Planilha!O:O,Planilha!C:C) -> 01.05.02 | C20: =_xlfn.XLOOKUP($D20,Planilha!$O:$O,Planilha!F:F) -> DEMOLIÇÃO DE PILARES E VIGAS EM CONCRETO ARMADO, DE FORMA MECANIZADA COM MARTELETE, SEM REAPROVEITAMENTO. AF_12/2017 | D20: =LARGE(Planilha!$O:$O,$A20) -> 210984.41 | E20: =D20/$D$933 -> 0.015158441 | F20: =+E20+F19 -> 0.35756337 | I20: MODULO DE CONTROLE CENTRAL CS-NET WEB HITACHI
A21: =+A20+1 -> 13 | B21: =_xlfn.XLOOKUP(D21,Planilha!O:O,Planilha!C:C) -> 02.03.09.20 | C21: =_xlfn.XLOOKUP($D21,Planilha!$O:$O,Planilha!F:F) -> MODULO DE CONTROLE CENTRAL CS-NET WEB HITACHI | D21: =LARGE(Planilha!$O:$O,$A21) -> 210275.1 | E21: =D21/$D$933 -> 0.01510748 | F21: =+E21+F20 -> 0.37267085 | I21: ESTRUTURA AUXILIAR DE FECH.
... A722: =+A721+1 -> 714 | B722: =_xlfn.XLOOKUP(D722,Planilha!O:O,Planilha!C:C) -> 02.04.03.01.14 | C722: =_xlfn.XLOOKUP($D722,Planilha!$O:$O,Planilha!F:F) -> JOELHO 45 GRAUS, PVC, SERIE NORMAL, ESGOTO PREDIAL, DN 50 MM, JUNTA ELÁSTICA, FORNECIDO E INSTALADO EM RAMAL DE DESCARGA OU RAMAL DE ESGOTO SANITÁRIO. AF_12/2014 | D722: =LARGE(Planilha!$O:$O,$A722) -> 249.86 | E722: =D722/$D$933 -> 1.7951507e-05 | F722: =+E722+F721 -> 0.99812043 | I722: CURVA VERTICAL 150 X 100 MM PARA ELETROCALHA METÁLICA, COM ÂNGULO 90° (REF.: MOPA OU SIMILAR)
A723: =+A722+1 -> 715 | B723: =_xlfn.XLOOKUP(D723,Planilha!O:O,Planilha!C:C) -> 02.03.09.24 | C723: =_xlfn.XLOOKUP($D723,Planilha!$O:$O,Planilha!F:F) -> CONECTOR RETO DE ALUMINIO PARA ELETRODUTO DE 3/4", PARA ADAPTAR ENTRADA DE ELETRODUTO METALICO FLEXIVEL EM QUADROS - FORNECIMENTO E INSTALAÇÃO | D723: =LARGE(Planilha!$O:$O,$A723) -> 249.15 | E723: =D723/$D$933 -> 1.7900496e-05 | F723: =+E723+F722 -> 0.99813833
A724: =+A723+1 -> 716 | B724: =_xlfn.XLOOKUP(D724,Planilha!O:O,Planilha!C:C) -> 02.04.03.07.12 | C724: =_xlfn.XLOOKUP($D724,Planilha!$O:$O,Planilha!F:F) -> LANÇAMENTO E ADENSAMENTO DE CONCRETO OU MASSA EM FUNDAÇÃO | D724: =LARGE(Planilha!$O:$O,$A724) -> 249 | E724: =D724/$D$933 -> 1.7889719e-05 | F724: =+E724+F723 -> 0.99815622
A725: =+A724+1 -> 717 | B725: =_xlfn.XLOOKUP(D725,Planilha!O:O,Planilha!C:C) -> 02.05.01.10 | C725: =_xlfn.XLOOKUP($D725,Planilha!$O:$O,Planilha!F:F) -> COTOVELO EM COBRE, DN 22 MM, 90 GRAUS, SEM ANEL DE SOLDA, INSTALADO EM RAMAL DE DISTRIBUIÇÃO DE HIDRÁULICA PREDIAL - FORNECIMENTO E INSTALAÇÃO. AF_04/2022 | D725: =LARGE(Planilha!$O:$O,$A725) -> 240.84 | E725: =D725/$D$933 -> 1.7303453e-05 | F725: =+E725+F724 -> 0.99817352
A726: =+A725+1 -> 718 | B726: =_xlfn.XLOOKUP(D726,Planilha!O:O,Planilha!C:C) -> 02.03.02.01.24 | C726: =_xlfn.XLOOKUP($D726,Planilha!$O:$O,Planilha!F:F) -> CONJUNTO PARA JUNTA INTERNA "L" | D726: =LARGE(Planilha!$O:$O,$A726) -> 239.88 | E726: =D726/$D$933 -> 1.7234481e-05 | F726: =+E726+F725 -> 0.99819076
A727: =+A726+1 -> 719 | B727: =_xlfn.XLOOKUP(D727,Planilha!O:O,Planilha!C:C) -> 02.04.01.01.23 | C727: =_xlfn.XLOOKUP($D727,Planilha!$O:$O,Planilha!F:F) -> REDUÇÃO EXCÊNTRICA, PVC, SERIE R, ÁGUA PLUVIAL, DN 100 X 75 MM, JUNTA ELÁSTICA, FORNECIDO E INSTALADO EM CONDUTORES VERTICAIS DE ÁGUAS PLUVIAIS. AF_12/2014 | D727: =LARGE(Planilha!$O:$O,$A727) -> 239.58 | E727: =D727/$D$933 -> 1.7212927e-05 | F727: =+E727+F726 -> 0.99820797
A728: =+A727+1 -> 720 | B728: =_xlfn.XLOOKUP(D728,Planilha!O:O,Planilha!C:C) -> 02.03.03.03.39 | C728: =_xlfn.XLOOKUP($D728,Planilha!$O:$O,Planilha!F:F) -> CAIXA DE PASSAGEM Nº 3 PADRÃO TELEBRÁS DIM. (40 X 40 X 12) CM EM CHAPA DE AÇO GALVANIZADO | D728: =LARGE(Planilha!$O:$O,$A728) -> 236.9 | E728: =D728/$D$933 -> 1.7020379e-05 | F728: =+E728+F727 -> 0.99822499
A729: =+A728+1 -> 721 | B729: =_xlfn.XLOOKUP(D729,Planilha!O:O,Planilha!C:C) -> 02.03.05.01 | C729: =_xlfn.XLOOKUP($D729,Planilha!$O:$O,Planilha!F:F) -> ELETRODUTO DE AÇO GALVANIZADO, CLASSE LEVE, DN 20 MM (3/4), APARENTE, INSTALADO EM PAREDE - FORNECIMENTO E INSTALAÇÃO. AF_11/2016_P | D729: =LARGE(Planilha!$O:$O,$A729) -> 236.16 | E729: =D729/$D$933 -> 1.6967213e-05 | F729: =+E729+F728 -> 0.99824196
A730: =+A729+1 -> 722 | B730: =_xlfn.XLOOKUP(D730,Planilha!O:O,Planilha!C:C) -> 02.02.14.22 | C730: =_xlfn.XLOOKUP($D730,Planilha!$O:$O,Planilha!F:F) -> TORNEIRA CROMADA 1/2 OU 3/4 PARA TANQUE, PADRÃO MÉDIO - FORNECIMENTO E INSTALAÇÃO. AF_01/2020 | D730: =LARGE(Planilha!$O:$O,$A730) -> 236.08 | E730: =D730/$D$933 -> 1.6961465e-05 | F730: =+E730+F729 -> 0.99825892
A731: =+A730+1 -> 723 | B731: =_xlfn.XLOOKUP(D731,Planilha!O:O,Planilha!C:C) -> 02.02.08.02 | C731: =_xlfn.XLOOKUP($D731,Planilha!$O:$O,Planilha!F:F) -> GRM.01 - PLANTIO DE GRAMA SÃO CARLOS EM PLACAS | D731: =LARGE(Planilha!$O:$O,$A731) -> 233.22 | E731: =D731/$D$933 -> 1.6755985e-05 | F731: =+E731+F730 -> 0.99827568
A732: =+A731+1 -> 724 | B732: =_xlfn.XLOOKUP(D732,Planilha!O:O,Planilha!C:C) -> 02.01.07.05.08 | C732: =_xlfn.XLOOKUP($D732,Planilha!$O:$O,Planilha!F:F) -> FORMA PLANA PARA SAPATAS, EM MADEIRA MACIÇA, 02 USOS, INCLUSIVE ESCORAMENTO | D732: =LARGE(Planilha!$O:$O,$A732) -> 233.06 | E732: =D732/$D$933 -> 1.6744489e-05 | F732: =+E732+F731 -> 0.99829242
A733: =+A732+1 -> 725 | B733: =_xlfn.XLOOKUP(D733,Planilha!O:O,Planilha!C:C) -> 02.03.11.04.07 | C733: =_xlfn.XLOOKUP($D733,Planilha!$O:$O,Planilha!F:F) -> DISJUNTOR BIPOLAR DR 40 A - DISPOSITIVO RESIDUAL DIFERENCIAL, TIPO AC, 30MA, REF.5SM1 314-OMB, SIEMENS OU SIMILAR | D733: =LARGE(Planilha!$O:$O,$A733) -> 231.6 | E733: =D733/$D$933 -> 1.6639594e-05 | F733: =+E733+F732 -> 0.99830906
A734: =+A733+1 -> 726 | B734: =_xlfn.XLOOKUP(D734,Planilha!O:O,Planilha!C:C) -> 02.04.03.01.12 | C734: =_xlfn.XLOOKUP($D734,Planilha!$O:$O,Planilha!F:F) -> JOELHO 90 GRAUS, PVC, SERIE NORMAL, ESGOTO PREDIAL, DN 100 MM, JUNTA ELÁSTICA, FORNECIDO E INSTALADO EM RAMAL DE DESCARGA OU RAMAL DE ESGOTO SANITÁRIO. AF_12/2014 | D734: =LARGE(Planilha!$O:$O,$A734) -> 229.6 | E734: =D734/$D$933 -> 1.6495901e-05 | F734: =+E734+F733 -> 0.99832556
... A931: =+A930+1 -> 923 | B931: =_xlfn.XLOOKUP(D931,Planilha!O:O,Planilha!C:C) -> 02.03.02.01.17 | C931: =_xlfn.XLOOKUP($D931,Planilha!$O:$O,Planilha!F:F) -> CURVA VERTICAL 150 X 100 MM PARA ELETROCALHA METÁLICA, COM ÂNGULO 90° (REF.: MOPA OU SIMILAR) | D931: =LARGE(Planilha!$O:$O,$A931) -> 26.76 | E931: =D931/$D$933 -> 1.9226059e-06 | F931: =+E931+F930 -> 0.9999617
A933: TOTAL DA OBRA | D933: =Planilha!M1196 -> 13918609 | E933: =D933/D933 -> 1

Sheet Cronograma
B2: FJ ARQUITETURA / URCA-RJ / PLANILHA ORÇAMENTÁRIA
C4: =+Resumo!C4 -> LITOTECA URCA/RJ
C5: CRONOGRAMA FÍSICO-FINANCEIRO
C6: =+Resumo!C6 -> REFERÊNCIA: BANCOS DE DADOS INFORMADOS NO RESUMO
C7: =+Planilha!D9 -> URCA - RIO DE JANEIRO - RJ
B9: CRONOGRAMA FÍSICO-FINANCEIRO
B10: ITEM | C10: DESCRIÇÃO | D10: % REL. | E10: MÊS | F10: MÊS | N10: TOTAIS
D11: AO VALOR | F11: 1 | G11: 2 | H11: 3 | I11: 4 | J11: 5 | K11: 6 | L11: 7 | M11: 8
D12: GLOBAL
B14: 01 | C14: =_xlfn.XLOOKUP($B14,Planilha!$C:$C,Planilha!$F:$F) -> ADMINISTRAÇÃO, CANTEIRO DE OBRAS E LOGÍSTICA | D14: =_xlfn.XLOOKUP($B14,Planilha!$C:$C,Planilha!$M:$M) -> 1701213.4 | E14: % | F14: =+F16/$D$14 -> 0.52189649 | G14: =+G16/$D$14 -> 0.068300502 | H14: =+H16/$D$14 -> 0.068300502 | I14: =+I16/$D$14 -> 0.068300502 | J14: =+J16/$D$14 -> 0.068300502 | K14: =+K16/$D$14 -> 0.068300502 | L14: =+L16/$D$14 -> 0.068300502 | M14: =+M16/$D$14 -> 0.068300502 | N14: =SUM(F14:M14) -> 1 | P14: =+N14-D12 -> #VALUE! | S14: =SUM(F14:M14) -> 1
E15: BARRA | F15: =IF(F14<>0,1,0) -> 1 | G15: =IF(G14<>0,1,0) -> 1 | H15: =IF(H14<>0,1,0) -> 1 | I15: =IF(I14<>0,1,0) -> 1 | J15: =IF(J14<>0,1,0) -> 1 | K15: =IF(K14<>0,1,0) -> 1 | L15: =IF(L14<>0,1,0) -> 1 | M15: =IF(M14<>0,1,0) -> 1
E16: R$ | F16: =+F19+F22+F25+F28+F31 -> 887857.32 | G16: =+G19+G22+G25+G28+G31 -> 116193.73 | H16: =+H19+H22+H25+H28+H31 -> 116193.73 | I16: =+I19+I22+I25+I28+I31 -> 116193.73 | J16: =+J19+J22+J25+J28+J31 -> 116193.73 | K16: =+K19+K22+K25+K28+K31 -> 116193.73 | L16: =+L19+L22+L25+L28+L31 -> 116193.73 | M16: =+M19+M22+M25+M28+M31 -> 116193.73 | N16: =SUM(F16:M16) -> 1701213.4
B17: 01.01 | C17: =_xlfn.XLOOKUP($B17,Planilha!$C:$C,Planilha!$F:$F) -> ADMINISTRAÇÃO LOCAL DA OBRA | D17: =_xlfn.XLOOKUP($B17,Planilha!$C:$C,Planilha!$M:$M) -> 684453 | E17: % | F17: 0.125 | G17: 0.125 | H17: 0.125 | I17: 0.125 | J17: 0.125 | K17: 0.125 | L17: 0.125 | M17: 0.125 | N17: =SUM(F17:M17) -> 1
E18: BARRA | F18: =IF(F17<>0,1,0) -> 1 | G18: =IF(G17<>0,1,0) -> 1 | H18: =IF(H17<>0,1,0) -> 1 | I18: =IF(I17<>0,1,0) -> 1 | J18: =IF(J17<>0,1,0) -> 1 | K18: =IF(K17<>0,1,0) -> 1 | L18: =IF(L17<>0,1,0) -> 1 | M18: =IF(M17<>0,1,0) -> 1
E19: R$ | F19: =IF(F17<>0,$D17*F17,0) -> 85556.625 | G19: =IF(G17<>0,$D17*G17,0) -> 85556.625 | H19: =IF(H17<>0,$D17*H17,0) -> 85556.625 | I19: =IF(I17<>0,$D17*I17,0) -> 85556.625 | J19: =IF(J17<>0,$D17*J17,0) -> 85556.625 | K19: =IF(K17<>0,$D17*K17,0) -> 85556.625 | L19: =IF(L17<>0,$D17*L17,0) -> 85556.625 | M19: =IF(M17<>0,$D17*M17,0) -> 85556.625
B20: 01.02 | C20: =_xlfn.XLOOKUP($B20,Planilha!$C:$C,Planilha!$F:$F) -> IMPLANTAÇÃO E MANUTENÇÃO DO CANTEIRO DE OBRAS | D20: =_xlfn.XLOOKUP($B20,Planilha!$C:$C,Planilha!$M:$M) -> 149661.6 | E20: % | F20: 0.13 | G20: =87/7/100 -> 0.12428571 | H20: =87/7/100 -> 0.12428571 | I20: =87/7/100 -> 0.12428571 | J20: =87/7/100 -> 0.12428571 | K20: =87/7/100 -> 0.12428571 | L20: =87/7/100 -> 0.12428571 | M20: =87/7/100 -> 0.12428571 | N20: =SUM(F20:M20) -> 1
E21: BARRA | F21: =IF(F20<>0,1,0) -> 1 | G21: =IF(G20<>0,1,0) -> 1 | H21: =IF(H20<>0,1,0) -> 1 | I21: =IF(I20<>0,1,0) -> 1 | J21: =IF(J20<>0,1,0) -> 1 | K21: =IF(K20<>0,1,0) -> 1 | L21: =IF(L20<>0,1,0) -> 1 | M21: =IF(M20<>0,1,0) -> 1
E22: R$ | F22: =IF(F20<>0,$D20*F20,0) -> 19456.008 | G22: =IF(G20<>0,$D20*G20,0) -> 18600.799 | H22: =IF(H20<>0,$D20*H20,0) -> 18600.799 | I22: =IF(I20<>0,$D20*I20,0) -> 18600.799 | J22: =IF(J20<>0,$D20*J20,0) -> 18600.799 | K22: =IF(K20<>0,$D20*K20,0) -> 18600.799 | L22: =IF(L20<>0,$D20*L20,0) -> 18600.799 | M22: =IF(M20<>0,$D20*M20,0) -> 18600.799
B23: 01.03 | C23: =_xlfn.XLOOKUP($B23,Planilha!$C:$C,Planilha!$F:$F) -> MÁQUINAS, EQUIPAMENTOS E VEÍCULOS | D23: =_xlfn.XLOOKUP($B23,Planilha!$C:$C,Planilha!$M:$M) -> 67217.27 | E23: % | F23: 0.125 | G23: 0.125 | H23: 0.125 | I23: 0.125 | J23: 0.125 | K23: 0.125 | L23: 0.125 | M23: 0.125 | N23: =SUM(F23:M23) -> 1
E24: BARRA | F24: =IF(F23<>0,1,0) -> 1 | G24: =IF(G23<>0,1,0) -> 1 | H24: =IF(H23<>0,1,0) -> 1 | I24: =IF(I23<>0,1,0) -> 1 | J24: =IF(J23<>0,1,0) -> 1 | K24: =IF(K23<>0,1,0) -> 1 | L24: =IF(L23<>0,1,0) -> 1 | M24: =IF(M23<>0,1,0) -> 1
E25: R$ | F25: =IF(F23<>0,$D23*F23,0) -> 8402.1588 | G25: =IF(G23<>0,$D23*G23,0) -> 8402.1588 | H25: =IF(H23<>0,$D23*H23,0) -> 8402.1588 | I25: =IF(I23<>0,$D23*I23,0) -> 8402.1588 | J25: =IF(J23<>0,$D23*J23,0) -> 8402.1588 | K25: =IF(K23<>0,$D23*K23,0) -> 8402.1588 | L25: =IF(L23<>0,$D23*L23,0) -> 8402.1588 | M25: =IF(M23<>0,$D23*M23,0) -> 8402.1588
B26: 01.04 | C26: =_xlfn.XLOOKUP($B26,Planilha!$C:$C,Planilha!$F:$F) -> DESPESAS GERAIS E DE CONSUMO | D26: =_xlfn.XLOOKUP($B26,Planilha!$C:$C,Planilha!$M:$M) -> 31798.8 | E26: % | F26: 0.2 | G26: 0.11428571 | H26: 0.11428571 | I26: 0.11428571 | J26: 0.11428571 | K26: 0.11428571 | L26: 0.11428571 | M26: 0.11428571 | N26: =SUM(F26:M26) -> 1
E27: BARRA | F27: =IF(F26<>0,1,0) -> 1 | G27: =IF(G26<>0,1,0) -> 1 | H27: =IF(H26<>0,1,0) -> 1 | I27: =IF(I26<>0,1,0) -> 1 | J27: =IF(J26<>0,1,0) -> 1 | K27: =IF(K26<>0,1,0) -> 1 | L27: =IF(L26<>0,1,0) -> 1 | M27: =IF(M26<>0,1,0) -> 1
E28: R$ | F28: =IF(F26<>0,$D26*F26,0) -> 6359.76 | G28: =IF(G26<>0,$D26*G26,0) -> 3634.1486 | H28: =IF(H26<>0,$D26*H26,0) -> 3634.1486 | I28: =IF(I26<>0,$D26*I26,0) -> 3634.1486 | J28: =IF(J26<>0,$D26*J26,0) -> 3634.1486 | K28: =IF(K26<>0,$D26*K26,0) -> 3634.1486 | L28: =IF(L26<>0,$D26*L26,0) -> 3634.1486 | M28: =IF(M26<>0,$D26*M26,0) -> 3634.1486
B29: 01.05 | C29: =_xlfn.XLOOKUP($B29,Planilha!$C:$C,Planilha!$F:$F) -> DEMOLIÇÃO | D29: =_xlfn.XLOOKUP($B29,Planilha!$C:$C,Planilha!$M:$M) -> 768082.77 | E29: % | F29: 1 | N29: =SUM(F29:M29) -> 1
E30: BARRA | F30: =IF(F29<>0,1,0) -> 1 | G30: =IF(G29<>0,1,0) -> 0 | H30: =IF(H29<>0,1,0) -> 0 | I30: =IF(I29<>0,1,0) -> 0 | J30: =IF(J29<>0,1,0) -> 0 | K30: =IF(K29<>0,1,0) -> 0 | L30: =IF(L29<>0,1,0) -> 0 | M30: =IF(M29<>0,1,0) -> 0
E31: R$ | F31: =IF(F29<>0,$D29*F29,0) -> 768082.77 | G31: =IF(G29<>0,$D29*G29,0) -> 0 | H31: =IF(H29<>0,$D29*H29,0) -> 0 | I31: =IF(I29<>0,$D29*I29,0) -> 0 | J31: =IF(J29<>0,$D29*J29,0) -> 0 | K31: =IF(K29<>0,$D29*K29,0) -> 0 | L31: =IF(L29<>0,$D29*L29,0) -> 0 | M31: =IF(M29<>0,$D29*M29,0) -> 0 | N31: =SUM(F31:M31) -> 768082.77
B32: 02 | C32: =_xlfn.XLOOKUP($B32,Planilha!$C:$C,Planilha!$F:$F) -> OBRAS EM GERAL | D32: =_xlfn.XLOOKUP($B32,Planilha!$C:$C,Planilha!$M:$M) -> 12217396 | E32: % | F32: =IFERROR(F34/$D32,0) -> 0.022155185 | G32: =IFERROR(G34/$D32,0) -> 0.077252577 | H32: =IFERROR(H34/$D32,0) -> 0.11957321 | I32: =IFERROR(I34/$D32,0) -> 0.115484 | J32: =IFERROR(J34/$D32,0) -> 0.2555409 | K32: =IFERROR(K34/$D32,0) -> 0.24661083 | L32: =IFERROR(L34/$D32,0) -> 0.087082195 | M32: =IFERROR(M34/$D32,0) -> 0.076301106 | N32: =SUM(F32:M32) -> 1
E33: BARRA | F33: =IF(F32<>0,1,0) -> 1 | G33: =IF(G32<>0,1,0) -> 1 | H33: =IF(H32<>0,1,0) -> 1 | I33: =IF(I32<>0,1,0) -> 1 | J33: =IF(J32<>0,1,0) -> 1 | K33: =IF(K32<>0,1,0) -> 1 | L33: =IF(L32<>0,1,0) -> 1 | M33: =IF(M32<>0,1,0) -> 1
E34: R$ | F34: =+F37+F64+F118+F154+F169+F187+F193 -> 270678.65 | G34: =+G37+G64+G118+G154+G169+G187+G193 -> 943825.29 | H34: =+H37+H64+H118+H154+H169+H187+H193 -> 1460873.2 | I34: =+I37+I64+I118+I154+I169+I187+I193 -> 1410913.7 | J34: =+J37+J64+J118+J154+J169+J187+J193 -> 3122044.2 | K34: =+K37+K64+K118+K154+K169+K187+K193 -> 3012942 | L34: =+L37+L64+L118+L154+L169+L187+L193 -> 1063917.6 | M34: =+M37+M64+M118+M154+M169+M187+M193 -> 932200.79 | N34: =SUM(F34:M34) -> 12217396
B35: 02.01 | C35: =_xlfn.XLOOKUP($B35,Planilha!$C:$C,Planilha!$F:$F) -> FUNDAÇÕES E ESTRUTURA | D35: =_xlfn.XLOOKUP($B35,Planilha!$C:$C,Planilha!$M:$M) -> 5112970.3 | E35: % | F35: =IFERROR(F37/$D35,0) -> 0.05293961 | G35: =IFERROR(G37/$D35,0) -> 0.18459432 | H35: =IFERROR(H37/$D35,0) -> 0.24242657 | I35: =IFERROR(I37/$D35,0) -> 0.15233589 | J35: =IFERROR(J37/$D35,0) -> 0.18449098 | K35: =IFERROR(K37/$D35,0) -> 0.18321262 | L35: =IFERROR(L37/$D35,0) -> 0 | M35: =IFERROR(M37/$D35,0) -> 0 | N35: =SUM(F35:M35) -> 1
E36: BARRA | F36: =IF(F35<>0,1,0) -> 1 | G36: =IF(G35<>0,1,0) -> 1 | H36: =IF(H35<>0,1,0) -> 1 | I36: =IF(I35<>0,1,0) -> 1 | J36: =IF(J35<>0,1,0) -> 1 | K36: =IF(K35<>0,1,0) -> 1 | L36: =IF(L35<>0,1,0) -> 0 | M36: =IF(M35<>0,1,0) -> 0
E37: R$ | F37: =+F40+F43+F46+F49+F52+F55+F58+F61 -> 270678.65 | G37: =+G40+G43+G46+G49+G52+G55+G58+G61 -> 943825.29 | H37: =+H40+H43+H46+H49+H52+H55+H58+H61 -> 1239519.9 | I37: =+I40+I43+I46+I49+I52+I55+I58+I61 -> 778888.9 | J37: =+J40+J43+J46+J49+J52+J55+J58+J61 -> 943296.89 | K37: =+K40+K43+K46+K49+K52+K55+K58+K61 -> 936760.71 | L37: =+L40+L43+L46+L49+L52+L55+L58+L61 -> 0 | M37: =+M40+M43+M46+M49+M52+M55+M58+M61 -> 0 | N37: =SUM(F37:M37) -> 5112970.3
B38: 02.01.01 | C38: =_xlfn.XLOOKUP($B38,Planilha!$C:$C,Planilha!$F:$F) -> SERVIÇOS PRELIMINARES | D38: =_xlfn.XLOOKUP($B38,Planilha!$C:$C,Planilha!$M:$M) -> 17074 | E38: % | F38: 0.8 | G38: 0.2 | N38: =SUM(F38:M38) -> 1
E39: BARRA | F39: =IF(F38<>0,1,0) -> 1 | G39: =IF(G38<>0,1,0) -> 1 | H39: =IF(H38<>0,1,0) -> 0 | I39: =IF(I38<>0,1,0) -> 0 | J39: =IF(J38<>0,1,0) -> 0 | K39: =IF(K38<>0,1,0) -> 0 | L39: =IF(L38<>0,1,0) -> 0 | M39: =IF(M38<>0,1,0) -> 0
E40: R$ | F40: =IF(F38<>0,$D38*F38,0) -> 13659.2 | G40: =IF(G38<>0,$D38*G38,0) -> 3414.8 | H40: =IF(H38<>0,$D38*H38,0) -> 0 | I40: =IF(I38<>0,$D38*I38,0) -> 0 | J40: =IF(J38<>0,$D38*J38,0) -> 0 | K40: =IF(K38<>0,$D38*K38,0) -> 0 | L40: =IF(L38<>0,$D38*L38,0) -> 0 | M40: =IF(M38<>0,$D38*M38,0) -> 0 | N40: =SUM(F40:M40) -> 17074
B41: 02.01.02 | C41: =_xlfn.XLOOKUP($B41,Planilha!$C:$C,Planilha!$F:$F) -> MOVIMENTO DE TERRA E BOTA-FORA | D41: =_xlfn.XLOOKUP($B41,Planilha!$C:$C,Planilha!$M:$M) -> 642548.63 | E41: % | F41: 0.4 | G41: 0.6 | N41: =SUM(F41:M41) -> 1
E42: BARRA | F42: =IF(F41<>0,1,0) -> 1 | G42: =IF(G41<>0,1,0) -> 1 | H42: =IF(H41<>0,1,0) -> 0 | I42: =IF(I41<>0,1,0) -> 0 | J42: =IF(J41<>0,1,0) -> 0 | K42: =IF(K41<>0,1,0) -> 0 | L42: =IF(L41<>0,1,0) -> 0 | M42: =IF(M41<>0,1,0) -> 0
E43: R$ | F43: =IF(F41<>0,$D41*F41,0) -> 257019.45 | G43: =IF(G41<>0,$D41*G41,0) -> 385529.18 | H43: =IF(H41<>0,$D41*H41,0) -> 0 | I43: =IF(I41<>0,$D41*I41,0) -> 0 | J43: =IF(J41<>0,$D41*J41,0) -> 0 | K43: =IF(K41<>0,$D41*K41,0) -> 0 | L43: =IF(L41<>0,$D41*L41,0) -> 0 | M43: =IF(M41<>0,$D41*M41,0) -> 0 | N43: =SUM(F43:M43) -> 642548.63
B44: 02.01.03 | C44: =_xlfn.XLOOKUP($B44,Planilha!$C:$C,Planilha!$F:$F) -> EXECUÇÃO DE ESTACAS (GALPÃO) | D44: =_xlfn.XLOOKUP($B44,Planilha!$C:$C,Planilha!$M:$M) -> 147839.3 | E44: % | G44: 1 | N44: =SUM(F44:M44) -> 1
E45: BARRA | F45: =IF(F44<>0,1,0) -> 0 | G45: =IF(G44<>0,1,0) -> 1 | H45: =IF(H44<>0,1,0) -> 0 | I45: =IF(I44<>0,1,0) -> 0 | J45: =IF(J44<>0,1,0) -> 0 | K45: =IF(K44<>0,1,0) -> 0 | L45: =IF(L44<>0,1,0) -> 0 | M45: =IF(M44<>0,1,0) -> 0
E46: R$ | F46: =IF(F44<>0,$D44*F44,0) -> 0 | G46: =IF(G44<>0,$D44*G44,0) -> 147839.3 | H46: =IF(H44<>0,$D44*H44,0) -> 0 | I46: =IF(I44<>0,$D44*I44,0) -> 0 | J46: =IF(J44<>0,$D44*J44,0) -> 0 | K46: =IF(K44<>0,$D44*K44,0) -> 0 | L46: =IF(L44<>0,$D44*L44,0) -> 0 | M46: =IF(M44<>0,$D44*M44,0) -> 0 | N46: =SUM(F46:M46) -> 147839.3
B47: 02.01.04 | C47: =_xlfn.XLOOKUP($B47,Planilha!$C:$C,Planilha!$F:$F) -> BLOCOS, SAPATAS E BALDRAMES | D47: =_xlfn.XLOOKUP($B47,Planilha!$C:$C,Planilha!$M:$M) -> 801011.67 | E47: % | G47: 0.5 | H47: 0.5 | N47: =SUM(F47:M47) -> 1
E48: BARRA | F48: =IF(F47<>0,1,0) -> 0 | G48: =IF(G47<>0,1,0) -> 1 | H48: =IF(H47<>0,1,0) -> 1 | I48: =IF(I47<>0,1,0) -> 0 | J48: =IF(J47<>0,1,0) -> 0 | K48: =IF(K47<>0,1,0) -> 0 | L48: =IF(L47<>0,1,0) -> 0 | M48: =IF(M47<>0,1,0) -> 0
E49: R$ | F49: =IF(F47<>0,$D47*F47,0) -> 0 | G49: =IF(G47<>0,$D47*G47,0) -> 400505.84 | H49: =IF(H47<>0,$D47*H47,0) -> 400505.84 | I49: =IF(I47<>0,$D47*I47,0) -> 0 | J49: =IF(J47<>0,$D47*J47,0) -> 0 | K49: =IF(K47<>0,$D47*K47,0) -> 0 | L49: =IF(L47<>0,$D47*L47,0) -> 0 | M49: =IF(M47<>0,$D47*M47,0) -> 0 | N49: =SUM(F49:M49) -> 801011.67
B50: 02.01.05 | C50: =_xlfn.XLOOKUP($B50,Planilha!$C:$C,Planilha!$F:$F) -> PAREDES DE CONTENÇÃO | D50: =_xlfn.XLOOKUP($B50,Planilha!$C:$C,Planilha!$M:$M) -> 469761.38 | E50: % | H50: 1 | N50: =SUM(F50:M50) -> 1
E51: BARRA | F51: =IF(F50<>0,1,0) -> 0 | G51: =IF(G50<>0,1,0) -> 0 | H51: =IF(H50<>0,1,0) -> 1 | I51: =IF(I50<>0,1,0) -> 0 | J51: =IF(J50<>0,1,0) -> 0 | K51: =IF(K50<>0,1,0) -> 0 | L51: =IF(L50<>0,1,0) -> 0 | M51: =IF(M50<>0,1,0) -> 0
E52: R$ | F52: =IF(F50<>0,$D50*F50,0) -> 0 | G52: =IF(G50<>0,$D50*G50,0) -> 0 | H52: =IF(H50<>0,$D50*H50,0) -> 469761.38 | I52: =IF(I50<>0,$D50*I50,0) -> 0 | J52: =IF(J50<>0,$D50*J50,0) -> 0 | K52: =IF(K50<>0,$D50*K50,0) -> 0 | L52: =IF(L50<>0,$D50*L50,0) -> 0 | M52: =IF(M50<>0,$D50*M50,0) -> 0 | N52: =SUM(F52:M52) -> 469761.38
B53: 02.01.06 | C53: =_xlfn.XLOOKUP($B53,Planilha!$C:$C,Planilha!$F:$F) -> TIRANTES | D53: =_xlfn.XLOOKUP($B53,Planilha!$C:$C,Planilha!$M:$M) -> 32680.88 | E53: % | G53: 0.2 | H53: 0.3 | I53: 0.3 | J53: 0.2 | N53: =SUM(F53:M53) -> 1
E54: BARRA | F54: =IF(F53<>0,1,0) -> 0 | G54: =IF(G53<>0,1,0) -> 1 | H54: =IF(H53<>0,1,0) -> 1 | I54: =IF(I53<>0,1,0) -> 1 | J54: =IF(J53<>0,1,0) -> 1 | K54: =IF(K53<>0,1,0) -> 0 | L54: =IF(L53<>0,1,0) -> 0 | M54: =IF(M53<>0,1,0) -> 0
E55: R$ | F55: =IF(F53<>0,$D53*F53,0) -> 0 | G55: =IF(G53<>0,$D53*G53,0) -> 6536.176 | H55: =IF(H53<>0,$D53*H53,0) -> 9804.264 | I55: =IF(I53<>0,$D53*I53,0) -> 9804.264 | J55: =IF(J53<>0,$D53*J53,0) -> 6536.176 | K55: =IF(K53<>0,$D53*K53,0) -> 0 | L55: =IF(L53<>0,$D53*L53,0) -> 0 | M55: =IF(M53<>0,$D53*M53,0) -> 0 | N55: =SUM(F55:M55) -> 32680.88
B56: 02.01.07 | C56: =_xlfn.XLOOKUP($B56,Planilha!$C:$C,Planilha!$F:$F) -> CONCRETO ARMADO | D56: =_xlfn.XLOOKUP($B56,Planilha!$C:$C,Planilha!$M:$M) -> 1797242 | E56: % | H56: 0.2 | I56: 0.2 | J56: 0.3 | K56: 0.3 | N56: =SUM(F56:M56) -> 1
E57: BARRA | F57: =IF(F56<>0,1,0) -> 0 | G57: =IF(G56<>0,1,0) -> 0 | H57: =IF(H56<>0,1,0) -> 1 | I57: =IF(I56<>0,1,0) -> 1 | J57: =IF(J56<>0,1,0) -> 1 | K57: =IF(K56<>0,1,0) -> 1 | L57: =IF(L56<>0,1,0) -> 0 | M57: =IF(M56<>0,1,0) -> 0
E58: R$ | F58: =IF(F56<>0,$D56*F56,0) -> 0 | G58: =IF(G56<>0,$D56*G56,0) -> 0 | H58: =IF(H56<>0,$D56*H56,0) -> 359448.39 | I58: =IF(I56<>0,$D56*I56,0) -> 359448.39 | J58: =IF(J56<>0,$D56*J56,0) -> 539172.59 | K58: =IF(K56<>0,$D56*K56,0) -> 539172.59 | L58: =IF(L56<>0,$D56*L56,0) -> 0 | M58: =IF(M56<>0,$D56*M56,0) -> 0 | N58: =SUM(F58:M58) -> 1797242
B59: 02.01.08 | C59: =_xlfn.XLOOKUP($B59,Planilha!$C:$C,Planilha!$F:$F) -> ESTRUTURA METÁLICA | D59: =_xlfn.XLOOKUP($B59,Planilha!$C:$C,Planilha!$M:$M) -> 1204812.5 | E59: % | I59: 0.34 | J59: 0.33 | K59: 0.33 | N59: =SUM(F59:M59) -> 1
E60: BARRA | F60: =IF(F59<>0,1,0) -> 0 | G60: =IF(G59<>0,1,0) -> 0 | H60: =IF(H59<>0,1,0) -> 0 | I60: =IF(I59<>0,1,0) -> 1 | J60: =IF(J59<>0,1,0) -> 1 | K60: =IF(K59<>0,1,0) -> 1 | L60: =IF(L59<>0,1,0) -> 0 | M60: =IF(M59<>0,1,0) -> 0
